Workbook
Name \0: #REF!
Name \0: #REF!
Name \0: #REF!
Name \0: #REF!
Name \0: #REF!
Name \0: #REF!
Name \0: #REF!
Name \0: #REF!
Name \0: #REF!
Name \0: #REF!
Name \0: #REF!
Name \0: #REF!
Name \0: #REF!
Name \0: #REF!
Name \0: #REF!
Name \0: #REF!
Name \0: #REF!
Name \0: #REF!
Name \0: 'Tabla 53'!#REF!
Name \0: 'Tabla 54'!#REF!
Name \0: 'Tabla 55'!#REF!
Name \0: 'Tabla 56'!#REF!
Name \0: 'Tabla 57'!#REF!
Name \0: 'Tabla 58'!#REF!
Name \0: #REF!
Name \0: #REF!
Name \0: #REF!
Name \0: #REF!
Name \0: #REF!
Name \0: #REF!
Name \0: #REF!
Name \0: #REF!
Name \A: #REF!
Name \A: #REF!
Name \A: #REF!
Name \A: #REF!
Name \A: #REF!
Name \A: #REF!
Name \A: #REF!
Name \A: #REF!
Name \A: #REF!
Name \A: #REF!
Name \A: #REF!
Name \A: #REF!
Name \A: #REF!
Name \A: #REF!
Name \A: #REF!
Name \A: #REF!
Name \A: #REF!
Name \A: #REF!
Name \A: 'Tabla 53'!#REF!
Name \A: 'Tabla 54'!#REF!
Name \A: 'Tabla 55'!#REF!
Name \A: 'Tabla 56'!#REF!
Name \A: 'Tabla 57'!#REF!
Name \A: 'Tabla 58'!#REF!
Name \A: #REF!
Name \A: #REF!
Name \A: #REF!
Name \A: #REF!

Sheet Índice
B2: MINISTERIO DE HACIENDA Y ECONOMÍA
B3: DIRECCIÓN GENERAL DE PRESUPUESTO
B4: DIRECCIÓN DE ESTUDIOS ECONÓMICOS Y SEGUIMIENTO FINANCIERO
B9: Índice
B11: Tablas | K11: Gráficos
B13: Tabla Resumen de las principales variables presupuestarias del Presupuesto General del Estado 2025-2030 | K13: Gráfico 1. Crecimiento de la Economía Mundial
B14: Tabla 1. Proyecciones fiscales de la Economía Mundial: balance global y deuda pública | K14: Gráfico 2. Crecimiento de Estados Unidos
B15: Tabla 2. Tasas de Crecimiento por Actividad Económica | K15: Gráfico 3. Crecimiento de la zona del euro
B16: Tabla 3. Recaudación de Ingresos por Clasificación Económica | K16: Gráfico 4. Crecimiento de China
B17: Tabla 4. Gastos del Gobierno Central por Clasificación Económica | K17: Gráfico 5. Crecimiento de América Latina y el Caribe
B18: Tabla 5. Fideicomisos del Gobierno Central e Instituciones Públicas | K18: Gráfico 6. América Latina y el Caribe: tasa de crecimiento del PIB 2025-2027
B19: Tabla 6. Gastos del Gobierno Central por Clasificación Institucional | K19: Gráfico 7. América Latina y el Caribe: pronóstico de tasa de crecimiento del PIB, 2026
B20: Tabla 7. Ejecución en Programas Prioritarios | K20: Gráfico 8. América Latina (16 países) *: indicadores fiscales del gobierno central, 2019-2026
B21: Tabla 8. Ejecución en Programas Orientados a Resultados | K21: Gráfico 9. El Caribe (12 países)*: indicadores fiscales del gobierno central, 2020-2026
B22: Tabla 9. Gastos del Gobierno Central por Clasificación Funcional | K22: Gráfico 10. Evolución Mensual de los Precios del Petróleo
B23: Tabla 10. Incidencia del gasto del Gobierno Central en el Cambio Climático | K23: Gráfico 11. Crecimiento Interanual del Producto Interno Bruto (PIB)
... B28: Tabla 15. Composición de la Deuda del SPNF | K28: Gráfico 16. Distribución del Gasto por Clasificación Económica
B29: Tabla 16. Evolución y estimación del Stock de la Deuda Pública al cierre del período | I29: Hasta aquí a espera de información de Crédito Público | K29: Gráfico 17. Servicio de Deuda Mensual 2027
B30: Tabla 17. Amortización de la Deuda Pública | K30: Gráfico 18. Evolución Deuda SPNF (%PIB)
B31: Tabla 18. Comparativo Cuenta Ahorro Inversión Financiamiento | K31: Gráfico 19. Servicio de Deuda Trimestral 2028 – 2030
B32: Tabla 19. Panorama Macroeconómico 2025-2030 | K32: Gráfico 20. Evolución Deuda SPNF (%PIB)
B33: Tabla 20. Comparativo de proyecciones Macroeconómicas 2026
B34: Tabla 21. Proyecciones de la tasa de interés a corto plazo y largo plazo 2025-2030
A38: Pendiente de Hacienda | B38: Cuadros de politica de ingresos
B42: Tabla a. Principales magnitudes del PGE 2027 consolidado | E42: Hasta aquí ya que el vínculo depende del nombre de la pestaña
B43: Tabla 2. Niveles e instrumentos de articulación entre planificación y Política de Gasto 2027
B44: Tabla 3. Objetivos centrales de Meta RD 2036: metas de mediano y largo plazo
B45: Tabla 4. Agregación causal de las diez metas priorizadas y sus principales canales presupuestarios
B46: Tabla 5. Vinculación agregada de las diez metas priorizadas con la clasificación funcional del gasto, PGE 2027
B47: Tabla 22. Programas Prioritarios con financiamiento protegido 2027 Valores en millones de RD$
B48: Tabla 23. Programas Prioritarios desagregados por productos.
B49: Tabla 24. Programas Presupuestarios Orientados a Resultados 2027 Valores en millones
B50: Tabla 25. Gastos del Gobierno Central por Clasificación Económica
B51: Tabla 26. Gastos del Gobierno Central por Clasificación Institucional para 2027
B52: Tabla 27. Gastos del Gobierno Central por Clasificación Funcional 2025-2027
B53: Tabla 28. Iniciativas con Fondos Provenientes de Cooperación Internacional 2027-2030
B54: Tabla 29. Cuenta Ahorro-Inversión-Financiamiento del Gobierno Central
... B73: Tabla 48. Gobierno General Nacional

Sheet Tabla 1
C2: MINISTERIO DE HACIENDA Y ECONOMÍA
C3: DIRECCIÓN GENERAL DE PRESUPUESTO
C4: DIRECCIÓN DE ESTUDIOS ECONÓMICOS Y SEGUIMIENTO FINANCIERO
B6: Tabla 1. Resumen de las principales variables presupuestarias del Presupuesto General del Estado 2025-2030 Valores en porcentaje (%) y en millones RD$
B8: Detalle | C8: Devengado 2025 | D8: 2026 | F8: Proyecto Ley PGE 2027 | G8: Proyecciones
D9: Presupuesto Inicial | E9: Presupuesto Reformulado | G9: 2028 | H9: 2029 | I9: 2030
D10: (Ley núm. 99-25) | E10: (Ley núm. 43-26)
B11: 1) Ingresos | C11: 1.2481863e+12 | D11: 1342258153546 | E11: 1383236453546 | F11: 1510574484171 | G11: 1.650176e+12 | H11: 1.8134334e+12 | I11: 1.9927631e+12
B12: % PIB | C12: =+C11/C38 -> 0.15804726 | D12: =+D11/D38 -> 0.155 | E12: =+E11/E38 -> 0.15941159 | F12: =+F11/F38 -> 0.15744 | G12: =+G11/G38 -> 0.1575 | H12: =+H11/H38 -> 0.1585 | I12: =+I11/I38 -> 0.1595
B13: 2) Gastos | C13: =+C15+C19 -> 1.521579e+12 | D13: =+D15+D19 -> 1622833406287 | E13: =+E15+E19 -> 1663811706287 | F13: =+F15+F19 -> 1837856001419 | G13: =+G15+G19 -> 1.9896407e+12 | H13: =+H15+H19 -> 2.1601032e+12 | I13: =+I15+I19 -> 2.3264679e+12
B14: % PIB | C14: =+C13/C38 -> 0.19266466 | D14: =+D13/D38 -> 0.1874 | E14: =+E13/E38 -> 0.19174659 | F14: =+F13/F38 -> 0.191551 | G14: =+G13/G38 -> 0.1899 | H14: =+H13/H38 -> 0.18880007 | I14: =+I13/I38 -> 0.1862096
B15: 2.1) Gastos Corrientes | C15: 1.3138273e+12 | D15: 1407548685832 | E15: 1431835753927 | F15: 1580092250634 | G15: 1.6972747e+12 | H15: 1.8294372e+12 | I15: 1.9529293e+12
B16: % PIB | C16: =+C15/C38 -> 0.16635881 | D16: =+D15/D38 -> 0.16253956 | E16: =+E15/E38 -> 0.16501244 | F16: =F15/F$38 -> 0.16468551 | G16: =G15/G$38 -> 0.16199531 | H16: =H15/H$38 -> 0.15989878 | I16: =I15/I$38 -> 0.15631172
B17: 2.1.1) de los cuales: Intereses | C17: 2.7558993e+11 | D17: 324257115564 | E17: 311657115564 | F17: 351327056267 | G17: 3.9624895e+11 | H17: 4.3973519e+11 | I17: 4.8567409e+11
B18: % PIB | C18: =+C17/C38 -> 0.034895617 | D18: =+D17/D38 -> 0.037444252 | E18: =+E17/E38 -> 0.035917039 | F18: =+F17/F38 -> 0.03661715 | G18: =+G17/G38 -> 0.03781973 | H18: =+H17/H38 -> 0.038434292 | I18: =+I17/I38 -> 0.03887317
B19: 2.2) Gastos de capital | C19: 2.0775173e+11 | D19: 215284720455 | E19: 231975952360 | F19: 257763750785 | G19: 2.9236606e+11 | H19: 3.3066602e+11 | I19: 3.7353858e+11
B20: % PIB | C20: =+C19/C38 -> 0.026305841 | D20: =+D19/D38 -> 0.024860443 | E20: =+E19/E38 -> 0.026734154 | F20: =+F19/F38 -> 0.026865491 | G20: =+G19/G38 -> 0.027904694 | H20: =+H19/H38 -> 0.02890129 | I20: =+I19/I38 -> 0.029897886
B21: Resultado Primario [1 - (2 - 2.1.1)] | C21: =+C23+C17 -> 2.1972461e+09 | D21: =+D23+D17 -> 43681862823 | E21: =+E23+E17 -> 31081862823 | F21: =+F23+F17 -> 24045539019 | G21: =G11-G13+G17 -> 5.6784177e+10 | H21: =H11-H13+H17 -> 9.3065388e+10 | I21: =I11-I13+I17 -> 1.5196931e+11
B22: % PIB | C22: =+C21/C38 -> 0.00027821865 | D22: =+D21/D38 -> 0.0050442523 | E22: =+E21/E38 -> 0.0035820407 | F22: =+F21/F38 -> 0.0025061523 | G22: =+G21/G38 -> 0.0054197298 | H22: =+H21/H38 -> 0.0081342189 | I22: =+I21/I38 -> 0.012163566
B23: Resultado Financiero (1 - 2) | C23: =+C11-C13 -> -2.7339268e+11 | D23: =+D11-D13 -> -280575252741 | E23: =+E11-E13 -> -280575252741 | F23: =F11-F13 -> -327281517248 | G23: =G11-G13 -> -3.3946477e+11 | H23: =H11-H13 -> -3.4666981e+11 | I23: =I11-I13 -> -3.3370478e+11
B24: % PIB | C24: =+C23/C38 -> -0.034617399 | D24: =+D23/D38 -> -0.0324 | E24: =+E23/E38 -> -0.032334998 | F24: =F23/F38 -> -0.034110997 | G24: =G23/G38 -> -0.0324 | H24: =H23/H38 -> -0.030300073 | I24: =I23/I38 -> -0.026709604
B25: 3) Fuente Financieras | C25: 3.678748e+11 | D25: 401767814730 | E25: 401767814730 | F25: 464126040736 | G25: 5.9005743e+11 | H25: 6.9797579e+11 | I25: 5.7844942e+11
B26: % PIB | C26: =+C25/C38 -> 0.046580869 | D26: =+D25/D38 -> 0.046394959 | E26: =+E25/E38 -> 0.04630188 | F26: =+F25/F38 -> 0.048373652 | G26: =+G25/G38 -> 0.056317657 | H26: =+H25/H38 -> 0.061005364 | I26: =+I25/I38 -> 0.046298872 | L26: 1000000
B27: 4) Aplicaciones Financieras | C27: 1.0084891e+11 | D27: 121192561989 | E27: 121192561989 | F27: 136844523488 | G27: 2.5059265e+11 | H27: 3.5130599e+11 | I27: 2.4474464e+11
B28: % PIB | C28: =+C27/C38 -> 0.012769643 | D28: =+D27/D38 -> 0.013994959 | E28: =+E27/E38 -> 0.013966881 | F28: =+F27/F38 -> 0.014262654 | G28: =+G27/G38 -> 0.023917657 | H28: =+H27/H38 -> 0.030705291 | I28: =+I27/I38 -> 0.019589268
B29: Necesidad Neta de Financiamiento (3 - 4) | C29: =+C25-C27 -> 2.6702589e+11 | D29: =+D25-D27 -> 280575252741 | E29: =+E25-E27 -> 280575252741 | F29: =F25-F27 -> 327281517248 | G29: =G25-G27 -> 3.3946477e+11 | H29: =H25-H27 -> 3.4666981e+11 | I29: =I25-I27 -> 3.3370478e+11
B30: % PIB | C30: =+C29/C38 -> 0.033811225 | D30: =+D29/D38 -> 0.0324 | E30: =+E29/E38 -> 0.032334998 | F30: =+F29/F38 -> 0.034110997 | G30: =+G29/G38 -> 0.0324 | H30: =+H29/H38 -> 0.030300073 | I30: =+I29/I38 -> 0.026709604
B32: *Cifras preliminares.
B33: Nota 1: PIB nominal de cierre 2025 y período 2027-2030 se ha tomado del Panorama Macroeconómico 2026-2030, revisado al 25 de agosto de 2026. En cambio, PIB nominal del presupuesto inicial 2026 se ha tomado del Marco Macroeconómico original del 26 de agosto 2025 y para el Reformulado (Ley núm. 43-26) se utilizó el Marco Macroeconómico revisado al 9 de junio de 2026.
B34: Nota 2: El presupuesto reformulado 2026 corresponde al presupuesto aprobado, referente a la Ley núm. 43-26 que modifica la Ley núm. 99-25 de Presupuesto General del Estado para el ejercicio presupuestario del año 2026. Adicionalmente, las modificaciones también cumplen con los criterios dispuestos en el artículo 48 de la Ley Orgánica de Presupuesto para el Sector Público (Ley núm. 423-06).
B35: Nota 3: Acorde al Artículo 6 de la Ley núm. 43-26, se autoriza al Poder Ejecutivo a utilizar como fuentes financieras el balance neto de disponibilidad de periodo fiscal 2025, por un monto de RD$21,147.5 millones. El presupuesto vigente 2026 registra este ajuste en las Fuentes Financieras.
B36: Fuente: Sistema de Información de la Gestión Financiera (SIGEF)
B38: PIB Nominal | C38: 7.8975513e+12 | D38: 8659730000000 | E38: 8.6771383e+12 | F38: 9.5946042e+12 | G38: 1.0477308e+13 | H38: 1.144122e+13 | I38: 1.2493812e+13
D42: 4.6412604e+11
D44: 1.3488816e+11
F45: 1000000
D49: 5.8691423e+11 | E49: 6.9225435e+11 | F49: 6.0206767e+11
D50: 397110000000 | E50: 4.94283e+11 | F50: 422460000000
F55: 5.9005743e+11 | G55: 6.9797579e+11 | H55: 5.7844942e+11

Sheet Gráfico 1
B2: MINISTERIO DE HACIENDA Y ECONOMÍA
B3: DIRECCIÓN GENERAL DE PRESUPUESTO
B4: DIRECCIÓN DE ESTUDIOS ECONÓMICOS Y SEGUIMIENTO FINANCIERO
B6: Gráfico 1. Crecimiento de la Economía Mundial
B7: 2025-2027
B8: Variación porcentual (%) anual del PIB real
B26: Fuente: FMI. Perspectivas de la Economía Mundial, julio 2026.
B27: Nota: e=estimada; p= proyectada
O28: Tasas de Crecimiento de la Economía Global 2025 -2027
O30: 2025e | P30: 2026p | Q30: 2027p
N31: Economía Mundial | O31: 3.5 | P31: 3 | Q31: 3.4
N32: Economías Avanzadas | O32: 1.9 | P32: 1.7 | Q32: 1.8
N33: Economías Emergentes y en Desarrollo | O33: 4.5 | P33: 3.8 | Q33: 4.5

Sheet Tabla 2
B2: MINISTERIO DE HACIENDA Y ECONOMÍA
B3: DIRECCIÓN GENERAL DE PRESUPUESTO
B4: DIRECCIÓN DE ESTUDIOS ECONÓMICOS Y SEGUIMIENTO FINANCIERO
B6: Tabla 2. Proyecciones fiscales de la Economía Mundial: balance global y deuda pública
B7: 2025-2027
B8: En porcentajes (%) del PIB
B9: Detalle | C9: Balance Global* | F9: Deuda Pública**
C10: 2025e | D10: 2026p | E10: 2027p | F10: 2025e | G10: 2026p | H10: 2027p
B11: Economía Mundial | C11: -4.9956779 | D11: -5.2018286 | E11: -5.119204 | F11: 93.92586 | G11: 95.317509 | H11: 97.216439
B12: Economías Avanzadas | C12: -4.3608198 | D12: -4.7616752 | E12: -4.6639243 | F12: 107.98955 | G12: 108.17656 | H12: 109.41122
B13: Estados Unidos | C13: -6.8241883 | D13: -7.5017793 | E13: -7.3735854 | F13: 123.88635 | G13: 125.78129 | H13: 128.57643
B14: Zona Euro | C14: -3.0061564 | D14: -3.3174377 | E14: -3.3512011 | F14: 87.053956 | G14: 87.813491 | H14: 88.395385
B15: Economías emergentes y en desarrollo | C15: -5.8988829 | D15: -5.8210273 | E15: -5.7547926 | F15: 73.890679 | G15: 77.202092 | H15: 80.169522
B16: China | C16: -7.8675171 | D16: -8.1530343 | E16: -8.3583476 | F16: 99.237751 | G16: 106.89513 | H16: 112.4755
B17: América Latina | C17: -5.1564549 | D17: -4.7203558 | E17: -4.087556 | F17: 74.17519 | G17: 73.179475 | H17: 74.131968
B18: Fuente: International Monetary Fund (IMF). 2025. Fiscal Monitor: Fiscal Policy under Pressure: High Debt, Rising Risks, April 2026.
B19: Notas:
B20: * Se refiere al balance global del Gobierno General.
B21: ** Se refiere a la deuda bruta del Gobierno General.
B22: e= estimada; p= proyectada

Sheet Gráfico 2
C2: MINISTERIO DE HACIENDA Y ECONOMÍA
C3: DIRECCIÓN GENERAL DE PRESUPUESTO
C4: DIRECCIÓN DE ESTUDIOS ECONÓMICOS Y SEGUIMIENTO FINANCIERO
C7: Gráfico 2. Crecimiento de Estados unidos
C8: 2025-2027
C9: Variación porcentual (%) anual del PIB real
C28: Fuente: FMI. Perspectivas de la Economía Mundial, julio 2026.
C29: Nota: e=estimada; p= proyectada
M32: Tasas de Crecimiento de Estados Unidos
M34: 2025e | N34: 2026p | O34: 2027p
L35: Estados Unidos | M35: 2.1 | N35: 2.3 | O35: 2.2

Sheet Gráfico 3
C2: MINISTERIO DE HACIENDA Y ECONOMÍA
C3: DIRECCIÓN GENERAL DE PRESUPUESTO
C4: DIRECCIÓN DE ESTUDIOS ECONÓMICOS Y SEGUIMIENTO FINANCIERO
C6: Gráfico 3. Crecimiento de la Zona del euro
C7: 2025-2027
C8: Variación porcentual (%) anual del PIB real
C28: Fuente: FMI. Perspectivas de la Economía Mundial, julio 2026.
C29: Nota: e=estimada; p= proyectada
M31: Tasas de Crecimiento de Estados Unidos
M33: 2025e | N33: 2026p | O33: 2027p
L34: Zona del euro | M34: 1.4 | N34: 0.9 | O34: 1.2
L35: Alemania | M35: 0.2 | N35: 0.7 | O35: 1
L36: Francia | M36: 0.9 | N36: 0.6 | O36: 0.9
L37: Italia | M37: 0.5 | N37: 0.5 | O37: 0.5
L38: España | M38: 2.8 | N38: 2.1 | O38: 1.8

Sheet Gráfico 4
C2: MINISTERIO DE HACIENDA Y ECONOMÍA
C3: DIRECCIÓN GENERAL DE PRESUPUESTO
C4: DIRECCIÓN DE ESTUDIOS ECONÓMICOS Y SEGUIMIENTO FINANCIERO
C6: Gráfico 4. Crecimiento de China
C7: 2025-2027
C8: Variación porcentual (%) anual del PIB real
M26: Tasas de Crecimiento de China
C27: Fuente: FMI. Perspectivas de la Economía Mundial, julio 2026.
C28: Nota: e=estimada; p= proyectada | M28: 2025e | N28: 2026p | O28: 2027p
L29: China | M29: 5 | N29: 4.6 | O29: 4.1

Sheet Gráfico 5
C2: MINISTERIO DE HACIENDA Y ECONOMÍA
C3: DIRECCIÓN GENERAL DE PRESUPUESTO
C4: DIRECCIÓN DE ESTUDIOS ECONÓMICOS Y SEGUIMIENTO FINANCIERO
C6: Gráfico 5. Crecimiento de América Latina y el Caribe
C7: 2025-2027
C8: Variación porcentual (%) anual del PIB real
C27: Fuente: FMI. Perspectivas de la Economía Mundial, julio 2026. | M27: Tasas de América Latina y el Caribe
C28: Nota: e=estimada; p= proyectada
M29: 2025e | N29: 2026p | O29: 2027p
L30: ALC | M30: 2.4 | N30: 2.4 | O30: 2.7

Sheet Gráfico 6
C2: MINISTERIO DE HACIENDA Y ECONOMÍA
C3: DIRECCIÓN GENERAL DE PRESUPUESTO
C4: DIRECCIÓN DE ESTUDIOS ECONÓMICOS Y SEGUIMIENTO FINANCIERO
C7: Gráfico 6. América Latina y el Caribe: tasa de crecimiento del PIB
C8: 2024-2026
C9: Valores en porcentajes (%)
C33: Fuente: CEPAL. Estudio Económico de América Latina y el Caribe, 2026. | K33: Tabla: América Latina y el Caribe y subregiones: estimación y proyecciones de tasas de crecimiento del PIB, 2023-2025
C34: Nota: e=Estimada; p=proyectada. | K34: (En porcentajes)
K36: País | L36: 2025e | M36: 2026p | N36: 2027p
K37: América Latina y el Caribe | L37: 2.4 | M37: 2.2 | N37: 2.5
K38: América del Sur | L38: 2.9 | M38: 2.5 | N38: 2.5
K39: Centroamérica | L39: 2.3 | M39: 1.6 | N39: 2.8
K40: Caribe (sin incluir Guyana) | L40: 1.4 | M40: 1.1 | N40: 2.2
K41: Fuente: CEPAL. Estudio Económico de América Latina y el Caribe, 2026.
K42: Nota: e=Estimada; p=proyectada.

Sheet Gráfico 7
C2: MINISTERIO DE HACIENDA Y ECONOMÍA
C3: DIRECCIÓN GENERAL DE PRESUPUESTO
C4: DIRECCIÓN DE ESTUDIOS ECONÓMICOS Y SEGUIMIENTO FINANCIERO
C7: Gráfico 7. América Latina y el Caribe: pronóstico de tasa de crecimiento del PIB, 2026
C8: Valores en porcentajes (%)
C32: Fuente: CEPAL. Estudio Económico de América Latina y el Caribe, 2026.
G43: País | H43: Proyectado
G44: Guyana | H44: 16.2
G45: Venezuela (Rep. Bol. de) | H45: 6.5
G46: Nicaragua | H46: 4.5
G47: Panamá | H47: 4.4
G48: Paraguay | H48: 4.3
G49: Guatemala | H49: 4
G50: República Dominicana | H50: 4
G51: El Salvador | H51: 3.9
G52: Costa Rica | H52: 3.7
G53: Antigua y Barbuda | H53: 3.5
G54: Honduras | H54: 3.5
G55: Suriname | H55: 3.5
... G77: Cuba | H77: -10.3
G78: Fuente: CEPAL. Estudio Económico de América Latina y el Caribe, 2026.

Sheet Gráfico 8
A1: MINISTERIO DE HACIENDA Y ECONOMÍA
A2: DIRECCIÓN GENERAL DE PRESUPUESTO
A3: DIRECCIÓN DE ESTUDIOS ECONÓMICOS Y SEGUIMIENTO FINANCIERO
C6: Gráfico 8. América Latina (16 países)*: indicadores fiscales del gobierno central, 2019-2026
C7: Valores en porcentajes (%) del PIB
C32: Nota: Promedios simples. Las cifras de 2026 corresponden a estimaciones oficiales de los países. En los casos de la Argentina, México y el Perú, las cifras corresponden a la administración pública nacional, al sector público federal y al gobierno general, respectivamente.
C33: * Argentina, Brasil, Chile, Colombia, Costa Rica, Ecuador, El Salvador, Guatemala, Honduras, México, Nicaragua, Panamá, Paraguay, Perú, República Dominicana y Uruguay.
C34: Fuente: CEPAL. Estudio Económico de América Latina y el Caribe, 2026.
P37: Gasto total | Q37: Ingreso Total | R37: Resultado primario (eje derecho) | S37: Resultado Global (eje derecho)
O38: 2019 | P38: 21.4 | Q38: 18.3 | R38: -0.6 | S38: -3.1
O39: 2020 | P39: 24.5 | Q39: 17.7 | R39: -4.2 | S39: -6.8
O40: 2021 | P40: 23.1 | Q40: 18.9 | R40: -1.7 | S40: -4.2
O41: 2022 | P41: 21.7 | Q41: 19.3 | R41: 0.2 | S41: -2.4
O42: 2023 | P42: 21.8 | Q42: 18.5 | R42: -0.5 | S42: -3.3
O43: 2024 | P43: 21.8 | Q43: 18.5 | R43: -0.3 | S43: -3.3
O44: 2025 | P44: 21.6 | Q44: 18.6 | R44: -0.1 | S44: -3
O45: 2026 | P45: 21.7 | Q45: 18.6 | R45: 0 | S45: -3.1

Sheet Gráfico 9
A1: MINISTERIO DE HACIENDA Y ECONOMÍA
A2: DIRECCIÓN GENERAL DE PRESUPUESTO
A3: DIRECCIÓN DE ESTUDIOS ECONÓMICOS Y SEGUIMIENTO FINANCIERO
C6: Gráfico 9. El Caribe (12 países)*: indicadores fiscales del gobierno central, 2019-2026
C31: Nota: Promedios simples. Las cifras de 2026 corresponden a estimaciones oficiales de los países. En los casos de Barbados y Saint Kitts y Nevis, las cifras corresponden al sector público no financiero y al gobierno federal, respectivamente.
C32: * Antigua y Barbuda, Bahamas (Las), Barbados, Belice, Granada, Guyana, Jamaica, Saint Kitts y Nevis, San Vicente y las Granadinas, Santa Lucía, Suriname y Trinidad y Tabago.
C33: Fuente: CEPAL. Estudio Económico de América Latina y el Caribe, 2026.
P36: Gasto total | Q36: Ingreso Total | R36: Resultado primario (eje derecho) | S36: Resultado Global (eje derecho)
O37: 2020 | P37: 31.7 | Q37: 24.6 | R37: -4.3 | S37: -7.1
O38: 2021 | P38: 29.4 | Q38: 26.2 | R38: -0.7 | S38: -3.2
O39: 2022 | P39: 28.6 | Q39: 26.3 | R39: 0.2 | S39: -2.3
O40: 2023 | P40: 28.6 | Q40: 26.9 | R40: 1.2 | S40: -1.7
O41: 2024 | P41: 30.1 | Q41: 27.2 | R41: 0.2 | S41: -2.9
O42: 2025 | P42: 30.8 | Q42: 26.6 | R42: -1.1 | S42: -4.2
O43: 2026 | P43: 30.4 | Q43: 26.8 | R43: -0.7 | S43: -3.6

Sheet Gráfico 10
C2: MINISTERIO DE HACIENDA Y ECONOMÍA
C3: DIRECCIÓN GENERAL DE PRESUPUESTO
C4: DIRECCIÓN DE ESTUDIOS ECONÓMICOS Y SEGUIMIENTO FINANCIERO
C6: Gráfico 10. Evolución Mensual de los Precios del Petróleo
C7: Agosto 2025 - Agosto 2026
C8: Valores en US$ por barril
C29: Fuente: U.S. Energy Information Administration (EIA).
M35: Producto | N35: 45870 | O35: 45901 | P35: 45931 | Q35: 45962 | R35: 45992 | S35: 46023 | T35: 46054 | U35: 46082 | V35: 46113 | W35: 46143 | X35: 46174 | Y35: 46204 | Z35: 46235
M36: WTI | N36: 64.86 | O36: 63.96 | P36: 60.89 | Q36: 60.06 | R36: 57.97 | S36: 60.04 | T36: 64.51 | U36: 91.38 | V36: 100.32 | W36: 102.13 | X36: 84.81 | Y36: 80.46 | Z36: 83.9
M37: BRENT | N37: 67.87 | O37: 67.99 | P37: 64.54 | Q37: 63.8 | R37: 62.54 | S37: 66.6 | T37: 70.89 | U37: 103.13 | V37: 117.29 | W37: 107.14 | X37: 85.4 | Y37: 83.76 | Z37: 91.08

Sheet Gráfico 11
C2: MINISTERIO DE HACIENDA Y ECONOMÍA
C3: DIRECCIÓN GENERAL DE PRESUPUESTO
C4: DIRECCIÓN DE ESTUDIOS ECONÓMICOS Y SEGUIMIENTO FINANCIERO
G9: Gráfico 11. Crecimiento Interranual del Producto Interno Bruto (PIB)
G10: 2019-2026
G11: Valores en Porcentaje (%)
J13: PIB Real T1 2019-2026
J14: T1- 2019 | K14: =570%/100 -> 0.057
J15: T1-2020 | K15: 0
J16: T1- 2021 | K16: =310%/100 -> 0.031
J17: T1- 2022 | K17: =610%/100 -> 0.061
J18: T1- 2023 | K18: =140%/100 -> 0.014
J19: T1- 2024 | K19: =450%/100 -> 0.045
J20: T1- 2025 | K20: =270%/100 -> 0.027
J21: T1- 2026* | K21: 0.041

Sheet Tabla 3
C2: MINISTERIO DE HACIENDA Y ECONOMÍA
C3: DIRECCIÓN GENERAL DE PRESUPUESTO
C4: DIRECCIÓN DE ESTUDIOS ECONÓMICOS Y SEGUIMIENTO FINANCIERO
A8: Tabla 3. Tasas de Crecimiento por Actividad Económica
A9: Enero-Junio 2025 y 2026*
A10: Valores en porcentaje (%)
B12: Actividad | C12: 2025 | D12: 2026
B13: Agropecuario | C13: 4.9 | D13: 2.4
B14: Explotación de minas y canteras | C14: 2.3 | D14: 11.3
B15: Manufactura local | C15: 1.6 | D15: 3.3
B16: Manufactura zonas francas | C16: 1.2 | D16: 2.6
B17: Construcción | C17: -2.3 | D17: 6.7
B18: Servicios | C18: 3.3 | D18: 4.7
B19: Energía y agua | C19: 2.5 | D19: 3.5
B20: Comercio | C20: 3.4 | D20: 2.2
B21: Hoteles, bares y restaurantes | C21: 2.8 | D21: 5.8
B22: Transporte y almacenamiento | C22: 4.7 | D22: 5.1
B23: Comunicaciones | C23: 0.4 | D23: 0.8
... B33: Producto Interno Bruto | C33: 2.4 | D33: 4.5
B35: Nota:
B36: * Cifras Preliminares
B37: Fuente: Banco Central de la República Dominicana

Sheet Gráfico 12
F2: MINISTERIO DE HACIENDA Y ECONOMÍA
F3: DIRECCIÓN GENERAL DE PRESUPUESTO
F4: DIRECCIÓN DE ESTUDIOS ECONÓMICOS Y SEGUIMIENTO FINANCIERO
A6: Banco Central de la República Dominicana
A7: Tasas de Política Monetaria y Facilidades Permanentes | G7: Gráfico 12. Corredor de Tasas de Interés
A8: 2020-2024 | G8: 2024-2026
A9: En % anual | G9: Valores en porcentaje (%)
A10: Año | B10: Mes | C10: Tasa de Política Monetaria | D10: Depósito | E10: Préstamo
A11: 2020 | B11: Ene | C11: 0.045 | D11: 0.03 | E11: 0.06
B12: Feb | C12: 0.045 | D12: 0.03 | E12: 0.06
B13: Mar | C13: 0.035 | D13: 0.025 | E13: 0.045
B14: Abr | C14: 0.035 | D14: 0.025 | E14: 0.045
B15: May1 | C15: 0.035 | D15: 0.025 | E15: 0.045
B16: Jun | C16: 0.035 | D16: 0.025 | E16: 0.045
B17: Jul | C17: 0.035 | D17: 0.025 | E17: 0.045
B18: Ago | C18: 0.035 | D18: 0.025 | E18: 0.045
B19: Sep | C19: 0.03 | D19: 0.025 | E19: 0.035
B20: Oct | C20: 0.03 | D20: 0.025 | E20: 0.035
B21: Nov | C21: 0.03 | D21: 0.025 | E21: 0.035
B22: Dic | C22: 0.03 | D22: 0.025 | E22: 0.035
A23: 2021 | B23: Ene | C23: 0.03 | D23: 0.025 | E23: 0.035
B24: Feb | C24: 0.03 | D24: 0.025 | E24: 0.035
B25: Mar | C25: 0.03 | D25: 0.025 | E25: 0.035
B26: Abr | C26: 0.03 | D26: 0.025 | E26: 0.035 | H26: Fuente: Banco Central de la República Dominicana
B27: May | C27: 0.03 | D27: 0.025 | E27: 0.035 | H27: 1/En una reunión extraordinaria de política monetaria el 16 de marzo de 2020, se redujo la TPM y se modificaron las tasas de las facilidades permanentes, siendo efectivas a partir del 19 de marzo de 2020.
B28: Jun | C28: 0.03 | D28: 0.025 | E28: 0.035
B29: Jul | C29: 0.03 | D29: 0.025 | E29: 0.035
B30: Ago | C30: 0.03 | D30: 0.025 | E30: 0.035
B31: Sep | C31: 0.03 | D31: 0.025 | E31: 0.035
B32: Oct | C32: 0.03 | D32: 0.025 | E32: 0.035
B33: Nov | C33: 0.03 | D33: 0.025 | E33: 0.035
B34: Dic | C34: 0.035 | D34: 0.03 | E34: 0.04
A35: 2022 | C35: 0.045 | D35: 0.04 | E35: 0.05
C36: 0.05 | D36: 0.045 | E36: 0.055
B37: Mar | C37: 0.05 | D37: 0.045 | E37: 0.055
C38: 0.055 | D38: 0.05 | E38: 0.06
C39: 0.055 | D39: 0.05 | E39: 0.06
B40: Jun | C40: 0.065 | D40: 0.06 | E40: 0.07
C41: 0.0725 | D41: 0.0675 | E41: 0.0775
C42: 0.0775 | D42: 0.0725 | E42: 0.0825
B43: Sep | C43: 0.08 | D43: 0.075 | E43: 0.085
C44: 0.0825 | D44: 0.0775 | E44: 0.0875
C45: 0.085 | D45: 0.08 | E45: 0.09
B46: Dic | C46: 0.085 | D46: 0.08 | E46: 0.09
A47: 2023 | C47: 0.085 | D47: 0.08 | E47: 0.09
C48: 0.085 | D48: 0.08 | E48: 0.09
B49: Mar | C49: 0.085 | D49: 0.08 | E49: 0.09
C50: 0.085 | D50: 0.08 | E50: 0.09
C51: 0.085 | D51: 0.08 | E51: 0.09
B52: Jun | C52: 0.08 | D52: 0.075 | E52: 0.085
C53: 0.0775 | D53: 0.0675 | E53: 0.0825
C54: 0.0775 | D54: 0.0675 | E54: 0.0825
B55: Sep | C55: 0.075 | D55: 0.0625 | E55: 0.08
C56: 0.075 | D56: 0.0625 | E56: 0.08
C57: 0.0725 | D57: 0.06 | E57: 0.0775
B58: Dic | C58: 0.07 | D58: 0.055 | E58: 0.075
A59: 2024 | C59: 0.07 | D59: 0.055 | E59: 0.075
C60: 0.07 | D60: 0.055 | E60: 0.075
B61: Mar | C61: 0.07 | D61: 0.055 | E61: 0.075
C62: 0.07 | D62: 0.055 | E62: 0.075
C63: 0.07 | D63: 0.055 | E63: 0.075
B64: Jun | C64: 0.07 | D64: 0.055 | E64: 0.075
C65: 0.07 | D65: 0.055 | E65: 0.075
C66: 0.07 | D66: 0.055 | E66: 0.075
B67: Sep | C67: 0.0675 | D67: 0.0525 | E67: 0.0725
C68: 0.065 | D68: 0.05 | E68: 0.07
C69: 0.0625 | D69: 0.0475 | E69: 0.0675
B70: Dic | C70: 0.06 | D70: 0.045 | E70: 0.065
A71: 2025 | C71: 0.0575 | D71: 0.045 | E71: 0.0625
C72: 0.0575 | D72: 0.045 | E72: 0.0625
B73: Mar | C73: 0.0575 | D73: 0.045 | E73: 0.0625
C74: 0.0575 | D74: 0.045 | E74: 0.0625
C75: 0.0575 | D75: 0.045 | E75: 0.0625
B76: Jun | C76: 0.0575 | D76: 0.045 | E76: 0.0625
C77: 0.0575 | D77: 0.045 | E77: 0.0625
C78: 0.0575 | D78: 0.045 | E78: 0.0625
B79: Sep | C79: 0.0575 | D79: 0.045 | E79: 0.0625
C80: 0.055 | D80: 0.045 | E80: 0.06
C81: 0.0525 | D81: 0.045 | E81: 0.0575
B82: Dic | C82: 0.0525 | D82: 0.045 | E82: 0.0575
A83: 2026 | C83: 0.0525 | D83: 0.045 | E83: 0.0575
C84: 0.0525 | D84: 0.045 | E84: 0.0575
B85: Mar | C85: 0.0525 | D85: 0.045 | E85: 0.0575
C86: 0.0525 | D86: 0.045 | E86: 0.0575
C87: 0.0525 | D87: 0.045 | E87: 0.0575
B88: Jun | C88: 0.0525 | D88: 0.045 | E88: 0.0575
C89: 0.0525 | D89: 0.045 | E89: 0.0575
C90: 0.0525 | D90: 0.045 | E90: 0.0575
B91: Sep | C91: 0.0525 | D91: 0.045 | E91: 0.0575
B94: Dic
A106: *A partir de febrero de 2013 se introdujo un nuevo mecanismo de operatividad de la política monetaria. La TPM pasa a ser una tasa indicativa, mientras que las tasas de las facilidades permanentes quedan definidas a partir de la TPM +/- un porcentaje.
A107: 1En una reunión extraordinaria de política monetaria el 16 de marzo de 2020, se redujo la TPM y se modificaron las tasas de las facilidades permanentes, siendo efectivas a partir del 19 de marzo de 2020.

Sheet Gráfico 13
A2: MINISTERIO DE HACIENDA Y ECONOMÍA
A3: DIRECCIÓN GENERAL DE PRESUPUESTO
A4: DIRECCIÓN DE ESTUDIOS ECONÓMICOS Y SEGUIMIENTO FINANCIERO
I7: Gráfico 13. Inflación Interanual y Subyacente
I8: 2022 - 2026
I9: Valores en porcentaje (%)
E29: Fuente: Banco Central de la República Dominicana.
A52: Año | B52: Mes | C52: Subyacente | D52: Variación porcentual (12 meses)
A53: 2021 | B53: Ene | C53: 4.9272552 | D53: 6.2270484
B54: Feb | C54: 5.3600492 | D54: 7.0877017
B55: Mar | C55: 5.5825302 | D55: 8.2965106
B56: Abr | C56: 5.7211549 | D56: 9.6452642
B57: May | C57: 5.8254264 | D57: 10.480821
B58: Jun | C58: 5.9953809 | D58: 9.3193677
B59: Jul | C59: 5.7889698 | D59: 7.8760412
B60: Ago | C60: 5.9130532 | D60: 7.8970977
B61: Sep | C61: 6.0960647 | D61: 7.7381184
B62: Oct | C62: 6.3107914 | D62: 7.7152485
B63: Nov | C63: 6.6269466 | D63: 8.2325084
B64: Dic | C64: 6.8716674 | D64: 8.495699
A65: 2022 | B65: Ene | C65: 7.0014588 | D65: 8.726424
B66: Feb | C66: 6.9731941 | D66: 8.9838302
B67: Mar | C67: 6.9934079 | D67: 9.0545502
B68: Abr | C68: 7.2489008 | D68: 9.643117
B69: May | C69: 7.293206 | D69: 9.4725721
B70: Jun | C70: 7.1123528 | D70: 9.4782889
B71: Jul | C71: 7.100719 | D71: 9.4349993
B72: Ago | C72: 7.1231246 | D72: 8.7959723
B73: Sep | C73: 7.0370439 | D73: 8.626227
B74: Oct | C74: 6.8574425 | D74: 8.2350509
B75: Nov | C75: 6.593688 | D75: 7.5769703
B76: Dic | C76: 6.562517 | D76: 7.8269161
A77: 2023 | B77: Ene | C77: 6.6 | D77: 7.24
B78: Feb | C78: 6.4 | D78: 6.38
B79: Mar | C79: 6.16 | D79: 5.9
B80: Abr | C80: 5.83 | D80: 5.15
B81: May | C81: 5.51 | D81: 4.43
B82: Jun | C82: 5.33 | D82: 4
B83: Jul | C83: 5.05 | D83: 3.95
B84: Ago | C84: 4.82 | D84: 4.27
B85: Sep | C85: 4.68 | D85: 4.41
B86: Oct | C86: 4.58 | D86: 4.35
B87: Nov | C87: 4.48 | D87: 4
B88: Dic | C88: 4.32 | D88: 3.57
A89: 2024 | B89: Ene | C89: 4.09 | D89: 3.32
B90: Feb | C90: 3.95 | D90: 3.3
B91: Mar | C91: 4.04 | D91: 3.38
B92: Abr | C92: 3.99 | D92: 3.03
B93: May | C93: 3.99 | D93: 3.2
B94: Jun | C94: 3.97532 | D94: 3.4627549
B95: Jul | C95: 3.9009903 | D95: 3.5387363
B96: Ago | C96: 4.0468921 | D96: 3.4238257
B97: Sep | C97: 4.0124952 | D97: 3.2863932
B98: Oct | C98: 3.9586113 | D98: 3.1582902
B99: Nov | C99: 3.9280412 | D99: 3.1797306
B100: Dic | C100: 4.0144867 | D100: 3.348497
A101: 2025 | B101: Ene | C101: 4.0299356 | D101: 3.3239985
B102: Feb | C102: 4.2114967 | D102: 3.5641168
B103: Mar | C103: 4.2400684 | D103: 3.5807639
B104: Abr | C104: 4.1310153 | D104: 3.7084268
B105: May | C105: 4.2238697 | D105: 3.8363314
B106: Jun | C106: 4.1526734 | D106: 3.5551362
B107: Jul | C107: 4.1871137 | D107: 3.3999025
B108: Ago | C108: 4.3195664 | D108: 3.7136499
B109: Sep | C109: 4.3514036 | D109: 3.7555585
B110: Oct | C110: 4.6658987 | D110: 4.231453
B111: Nov | C111: 4.7418547 | D111: 4.811116
B112: Dic | C112: 4.8510571 | D112: 4.9521121
A113: 2026 | B113: Ene | C113: 4.8922621 | D113: 4.9839787
B114: Feb | C114: 4.7622681 | D114: 4.672386
B115: Mar | C115: 4.5847552 | D115: 4.6291465
B116: Abr | C116: 4.8659414 | D116: 5.1143178
B117: May | C117: 4.8613588 | D117: 5.3461016
B118: Jun | C118: 4.9593744 | D118: 5.6668972
B119: Jul | C119: 4.9564034 | D119: 5.4669707
B120: Ago | C120: 4.7633839 | D120: 5.1258248
B121: Sep
B122: Oct
B123: Nov
B124: Dic

Sheet Gráfico 14
A2: MINISTERIO DE HACIENDA Y ECONOMÍA
A3: DIRECCIÓN GENERAL DE PRESUPUESTO
A4: DIRECCIÓN DE ESTUDIOS ECONÓMICOS Y SEGUIMIENTO FINANCIERO
B12: Gráfico 14. Evolución Mensual de las Reservas Internacionales Brutas
C13: Enero – junio 2026
B14: Valores en US$ millones
H18: Año | I18: 2026
H19: Meses | I19: RESERVAS INTERNACIONALES
H21: ENERO | I21: 13959.571
H22: FEBRERO | I22: 16180.746
H23: MARZO | I23: 16143.134
H24: ABRIL | I24: 15888.906
H25: MAYO | I25: 15771.085
H26: JUNIO | I26: 15821.582
H32: Fuente: Banco Central de la República Dominicana.

Sheet Tabla 4
B1: MINISTERIO DE HACIENDA Y ECONOMÍA
B2: DIRECCIÓN GENERAL DE PRESUPUESTO
B3: DIRECCIÓN DE ESTUDIOS ECONÓMICOS Y SEGUIMIENTO FINANCIERO
B6: Tabla 4. Recaudación de Ingresos por Clasificación Económica
B7: Enero - Junio 2025 y 2026
B8: Valores en Millones de RD$ | N8: PIB Nominal (Millones RD$) | O8: 8.6771383e+12
B10: DETALLE | C10: 2025 | D10: 2026 | H10: ESTIMADO vs. RECAUDADO 2026 | J10: VARIACIÓN 2026/2025 | L10: RECAUDADO % PIB
C11: RECAUDADO | D11: PRESUPUESTO INICIAL | E11: PRESUPUESTO VIGENTE | F11: ENERO - JUNIO
F12: ESTIMADO | G12: RECAUDADO
H13: ABS. | I13: REL. | J13: ABS. | K13: REL.
C14: 1 | D14: 2 | E14: 3 | F14: 4 | G14: 5 | H14: 6=(5-4) | I14: 7=(6/4) | J14: 8=(5-1) | K14: 9=(8/1) | L14: 10 = 5/PIB
B15: 1.1 Ingresos Corrientes | C15: =+C16+C26+C30+C33+C46+C49+C50 -> 6.2220752e+11 | D15: =+D16+D26+D30+D33+D46+D49+D50 -> 1340124486786 | E15: =+E16+E26+E30+E33+E46+E49+E50 -> 1.3401444e+12 | F15: =+F16+F26+F30+F33+F46+F49+F50 -> 6.5843535e+11 | G15: =+G16+G26+G30+G33+G46+G49+G50 -> 6.6729332e+11 | H15: =+G15-F15 -> 8.857969e+09 | I15: =IFERROR(G15/F15-1,"-") -> 0.013453058 | J15: =G15-C15 -> 4.5085805e+10 | K15: =IFERROR(G15/C15-1,"-") -> 0.072461042 | L15: =G15/$O$8 -> 0.076902464
B16: 1.1.1 - Impuestos | C16: =+C17+C21+C22+C23+C24+C25 -> 5.8623985e+11 | D16: =+D17+D21+D22+D23+D24+D25 -> 1236829099333 | E16: =+E17+E21+E22+E23+E24+E25 -> 1236829099333 | F16: =+F17+F21+F22+F23+F24+F25 -> 6.2723474e+11 | G16: =+G17+G21+G22+G23+G24+G25 -> 6.3471266e+11 | H16: =+G16-F16 -> 7.4779209e+09 | I16: =+(G16/F16)-1 -> 0.011922045 | J16: =G16-C16 -> 4.8472809e+10 | K16: =IFERROR(G16/C16-1,"-") -> 0.082684261 | L16: =G16/$O$8 -> 0.073147694
B17: 1.1.1.1 - Impuestos sobre el ingreso, las utilidades y las ganancias de capital | C17: =+C18+C19+C20 -> 2.2882028e+11 | D17: =+D18+D19+D20 -> 428719100220 | E17: =+E18+E19+E20 -> 428719100220 | F17: =+F18+F19+F20 -> 2.3537258e+11 | G17: =+G18+G19+G20 -> 2.4634297e+11 | H17: =+G17-F17 -> 1.097039e+10 | I17: =+(G17/F17)-1 -> 0.046608618 | J17: =G17-C17 -> 1.7522684e+10 | K17: =IFERROR(G17/C17-1,"-") -> 0.076578371 | L17: =G17/$O$8 -> 0.028389886
B18: 1.1.1.1.1 - De personas físicas | C18: 7.1518839e+10 | D18: 141895226918 | E18: 141895226918 | F18: 7.7889307e+10 | G18: 8.0717357e+10 | H18: =+G18-F18 -> 2.8280494e+09 | I18: =+(G18/F18)-1 -> 0.03630857 | J18: =G18-C18 -> 9.1985179e+09 | K18: =IFERROR(G18/C18-1,"-") -> 0.12861671 | L18: =G18/$O$8 -> 0.0093023015
B19: 1.1.1.1.2 - De empresas y otras corporaciones | C19: 1.1922263e+11 | D19: 202484318412 | E19: 202484318412 | F19: 1.1095904e+11 | G19: 1.2659196e+11 | H19: =+G19-F19 -> 1.5632928e+10 | I19: =+(G19/F19)-1 -> 0.14088918 | J19: =G19-C19 -> 7.3693337e+09 | K19: =IFERROR(G19/C19-1,"-") -> 0.061811534 | L19: =G19/$O$8 -> 0.014589137
B20: 1.1.1.1.3 - Otros impuestos sobre los ingresos | C20: 3.8078812e+10 | D20: 84339554890 | E20: 84339554890 | F20: 4.6524232e+10 | G20: 3.9033645e+10 | H20: =+G20-F20 -> -7.4905866e+09 | I20: =+(G20/F20)-1 -> -0.16100398 | J20: =G20-C20 -> 9.5483272e+08 | K20: =IFERROR(G20/C20-1,"-") -> 0.025075171 | L20: =G20/$O$8 -> 0.0044984468
B21: 1.1.1.3 - Impuestos sobre la propiedad | C21: 3.0499309e+10 | D21: 71510485694 | E21: 71510485694 | F21: 3.5995145e+10 | G21: 3.5212276e+10 | H21: =+G21-F21 -> -7.8286866e+08 | I21: =+(G21/F21)-1 -> -0.021749285 | J21: =G21-C21 -> 4.7129666e+09 | K21: =IFERROR(G21/C21-1,"-") -> 0.15452699 | L21: =G21/$O$8 -> 0.0040580517
B22: 1.1.1.4 - Impuestos sobre los bienes y servicios | C22: 2.9176739e+11 | D22: 653798841877 | E22: 653798841877 | F22: 3.1796688e+11 | G22: 3.1599178e+11 | H22: =+G22-F22 -> -1.975095e+09 | I22: =+(G22/F22)-1 -> -0.0062116377 | J22: =G22-C22 -> 2.4224391e+10 | K22: =IFERROR(G22/C22-1,"-") -> 0.083026383 | L22: =G22/$O$8 -> 0.036416589
B23: 1.1.1.5 - Impuestos sobre el comercio y las transacciones internacionales/comercio exterior | C23: 3.4381591e+10 | D23: 80985531901 | E23: 80985531901 | F23: 3.7035208e+10 | G23: 3.6361823e+10 | H23: =+G23-F23 -> -6.7338499e+08 | I23: =+(G23/F23)-1 -> -0.018182293 | J23: =G23-C23 -> 1.9802321e+09 | K23: =IFERROR(G23/C23-1,"-") -> 0.057595708 | L23: =G23/$O$8 -> 0.0041905317
B24: 1.1.1.6 - Impuestos ecológicos | C24: 7.6718324e+08 | D24: 1809601570 | E24: 1809601570 | F24: 8.6051647e+08 | G24: 8.0199029e+08 | H24: =+G24-F24 -> -58526182 | I24: =+(G24/F24)-1 -> -0.068012855 | J24: =G24-C24 -> 34807043 | K24: =IFERROR(G24/C24-1,"-") -> 0.04536992 | L24: =G24/$O$8 -> 9.2425666e-05
B25: 1.1.1.9 - Impuestos diversos | C25: 4092484.2 | D25: 5538071 | E25: 5538071 | F25: 4414861.3 | G25: 1820128.1 | H25: =+G25-F25 -> -2594733.2 | I25: =+(G25/F25)-1 -> -0.58772701 | J25: =G25-C25 -> -2272356.1 | K25: =IFERROR(G25/C25-1,"-") -> -0.55525104 | L25: =G25/$O$8 -> 2.0976133e-07
B26: 1.1.2 - Contribuciones a la seguridad social | C26: =SUM(C27:C29) -> 3.5082605e+09 | D26: =SUM(D27:D29) -> 5411413074 | E26: =SUM(E27:E29) -> 5411413074 | F26: =SUM(F27:F29) -> 2.5626255e+09 | G26: =SUM(G27:G29) -> 3.9278309e+09 | H26: =+G26-F26 -> 1.3652055e+09 | I26: =+(G26/F26)-1 -> 0.53273701 | J26: =G26-C26 -> 4.1957048e+08 | K26: =IFERROR(G26/C26-1,"-") -> 0.11959502 | L26: =G26/$O$8 -> 0.00045266432
B27: 1.1.2.1 - Contribuciones de los empleados | C27: 1.3427941e+09 | D27: 2575638910 | E27: 2575638910 | F27: 1.4575775e+09 | G27: 1.3969898e+09 | H27: =+G27-F27 -> -60587744 | I27: =+(G27/F27)-1 -> -0.041567425 | J27: =G27-C27 -> 54195672 | K27: =IFERROR(G27/C27-1,"-") -> 0.040360374 | L27: =G27/$O$8 -> 0.0001609966
B28: 1.1.2.2-Contribuciones de los empleadores | C28: 2.1654664e+09 | D28: 2403774164 | E28: 2403774164 | F28: 8.8819355e+08 | G28: 2.5308412e+09 | H28: =+G28-F28 -> 1.6426476e+09 | I28: =+(G28/F28)-1 -> 1.8494253 | J28: =G28-C28 -> 3.6537481e+08 | K28: =IFERROR(G28/C28-1,"-") -> 0.168728 | L28: =G28/$O$8 -> 0.00029166772
B29: 1.1.2.4-Contribuciones no clasificables | C29: 0 | D29: 432000000 | E29: 432000000 | F29: 2.1685444e+08 | G29: 0 | H29: =+G29-F29 -> -2.1685444e+08 | I29: =+(G29/F29)-1 -> -1 | J29: =G29-C29 -> 0 | K29: =IFERROR(G29/C29-1,"-") -> - | L29: =G29/$O$8 -> 0
B30: 1.1.3 - Ventas de bienes y servicios | C30: =SUM(C31:C32) -> 2.0613818e+10 | D30: =SUM(D31:D32) -> 44882435275 | E30: =SUM(E31:E32) -> 4.489471e+10 | F30: =SUM(F31:F32) -> 2.0735644e+10 | G30: =SUM(G31:G32) -> 2.1460552e+10 | H30: =+G30-F30 -> 7.2490795e+08 | I30: =+(G30/F30)-1 -> 0.03495951 | J30: =G30-C30 -> 8.4673387e+08 | K30: =IFERROR(G30/C30-1,"-") -> 0.041076033 | L30: =G30/$O$8 -> 0.0024732292
B31: 1.1.3.1 - Ventas de establecimientos no de mercado | C31: 1.6183271e+10 | D31: 36790006106 | E31: 3.6802281e+10 | F31: 1.5753076e+10 | G31: 1.6819831e+10 | H31: =+G31-F31 -> 1.0667548e+09 | I31: =+(G31/F31)-1 -> 0.067717242 | J31: =G31-C31 -> 6.3655962e+08 | K31: =IFERROR(G31/C31-1,"-") -> 0.039334423 | L31: =G31/$O$8 -> 0.0019384076
B32: 1.1.3.3 - Derechos administrativos | C32: 4.4305471e+09 | D32: 8092429169 | E32: 8092429169 | F32: 4.9825682e+09 | G32: 4.6407213e+09 | H32: =+G32-F32 -> -3.4184689e+08 | I32: =+(G32/F32)-1 -> -0.068608573 | J32: =G32-C32 -> 2.1017425e+08 | K32: =IFERROR(G32/C32-1,"-") -> 0.047437538 | L32: =G32/$O$8 -> 0.00053482164
B33: 1.1.4 - Rentas de la propiedad | C33: =C34+C37 -> 4.7389676e+09 | D33: =D34+D37 -> 19925149306 | E33: =E34+E37 -> 19925149306 | F33: =F34+F37 -> 6.2732721e+08 | G33: =G34+G37 -> 1.0159447e+09 | H33: =+G33-F33 -> 3.8861745e+08 | I33: =+(G33/F33)-1 -> 0.61948126 | J33: =G33-C33 -> -3.723023e+09 | K33: =IFERROR(G33/C33-1,"-") -> -0.78561899 | L33: =G33/$O$8 -> 0.00011708292
B34: 1.1.4.1 - Intereses | C34: =C35 -> 2.9859952e+08 | D34: =D35 -> 660784281 | E34: =E35 -> 660784281 | F34: =F35 -> 3.8521219e+08 | G34: =G35 -> 1.410458e+08 | H34: =+G34-F34 -> -2.4416638e+08 | I34: =+(G34/F34)-1 -> -0.63384906 | J34: =G34-C34 -> -1.5755372e+08 | K34: =IFERROR(G34/C34-1,"-") -> -0.52764223 | L34: =G34/$O$8 -> 1.6254876e-05
B35: 1.1.4.1.1 - Intereses internos | C35: 2.9859952e+08 | D35: 660784281 | E35: 660784281 | F35: 3.8521219e+08 | G35: 1.410458e+08 | H35: =+G35-F35 -> -2.4416638e+08 | I35: =+(G35/F35)-1 -> -0.63384906 | J35: =G35-C35 -> -1.5755372e+08 | K35: =IFERROR(G35/C35-1,"-") -> -0.52764223 | L35: =G35/$O$8 -> 1.6254876e-05
B36: 1.1.4.1.2 - Intereses externos | C36: 0 | D36: 0 | E36: 0 | F36: 0 | G36: 0 | H36: =+G36-F36 -> 0 | I36: - | J36: =G36-C36 -> 0 | K36: =IFERROR(G36/C36-1,"-") -> - | L36: =G36/$O$8 -> 0
B37: 1.1.4.2 - Rentas de la propiedad distinta de intereses | C37: =SUM(C38:C45) -> 4.4403681e+09 | D37: =SUM(D38:D45) -> 19264365025 | E37: =SUM(E38:E45) -> 19264365025 | F37: =SUM(F38:F45) -> 2.4211503e+08 | G37: =SUM(G38:G45) -> 8.7489886e+08 | H37: =+G37-F37 -> 6.3278383e+08 | I37: =+(G37/F37)-1 -> 2.613567 | J37: =G37-C37 -> -3.5654693e+09 | K37: =IFERROR(G37/C37-1,"-") -> -0.80296704 | L37: =G37/$O$8 -> 0.00010082804
B38: 1.6.1.1.01-Fondo Patrimonial de Empresas Reformadas (Fonper) | C38: 0 | D38: 2500000000 | E38: 2500000000 | F38: 0 | G38: 0 | H38: =+G38-F38 -> 0 | I38: - | J38: =G38-C38 -> 0 | K38: =IFERROR(G38/C38-1,"-") -> - | L38: =G38/$O$8 -> 0
B39: 1.6.1.1.02-Dividendos Banco de Reservas | C39: 0 | D39: 10419663172 | E39: 10419663172 | F39: 0 | G39: 0 | H39: =+G39-F39 -> 0 | I39: - | J39: =G39-C39 -> 0 | K39: =IFERROR(G39/C39-1,"-") -> - | L39: =G39/$O$8 -> 0
B40: 1.6.1.1.08-Dividendos termoeléctrica punta catalina | C40: 2.5172997e+09 | D40: 6027750000 | E40: 6027750000 | F40: 0 | G40: 0 | H40: =+G40-F40 -> 0 | I40: - | J40: =G40-C40 -> -2.5172997e+09 | K40: =IFERROR(G40/C40-1,"-") -> -1 | L40: =G40/$O$8 -> 0
B41: 1.6.1.3.01-Regalías netas de fundición minera | C41: 1.9230684e+09 | D41: 316797250 | E41: 316797250 | F41: 2.4205427e+08 | G41: 8.7483866e+08 | H41: =+G41-F41 -> 6.3278438e+08 | I41: =+(G41/F41)-1 -> 2.6142252 | J41: =G41-C41 -> -1.0482297e+09 | K41: =IFERROR(G41/C41-1,"-") -> -0.54508188 | L41: =G41/$O$8 -> 0.0001008211
B42: 1.6.1.3.02-Permisos para explotar yacimientos mineros | D42: 151194 | E42: 151194 | F42: 60754.029 | G42: 49237.96 | H42: 0 | I42: =+(G42/F42)-1 -> -0.18955235 | J42: =G42-C42 -> 49237.96 | K42: =IFERROR(G42/C42-1,"-") -> - | L42: =G42/$O$8 -> 5.6744468e-09
B43: 1.6.1.3.03-Explotación yacimientos mineros | D43: 3409 | E43: 3409 | G43: 5561.66
B44: 1.6.1.5.01-Interés indemnizatorio de las regalías mineras en US$ | G44: 9.94
B45: 1.6.1.5.02-Recargos, multas y sanciones de las regalías mineras en US$ | G45: 5393.36
B46: 1.1.6 - Transferencias y donaciones corrientes recibidas | C46: =SUM(C47:C48) -> 3569287.5 | D46: =SUM(D47:D48) -> 18551830762 | E46: =SUM(E47:E48) -> 1.8559452e+10 | F46: =SUM(F47:F48) -> 0 | G46: =SUM(G47:G48) -> 5000000 | H46: =+G46-F46 -> 5000000 | I46: - | J46: =G46-C46 -> 1430712.5 | K46: =IFERROR(G46/C46-1,"-") -> 0.4008398 | L46: =G46/$O$8 -> 5.7622684e-07
B47: 1.1.6.1 - Transferencias del sector privado | C47: 3569287.5 | D47: 0 | E47: 7620989.2 | F47: 0 | G47: 5000000 | H47: =+G47-F47 -> 5000000 | I47: - | J47: =G47-C47 -> 1430712.5 | K47: =IFERROR(G47/C47-1,"-") -> 0.4008398 | L47: =G47/$O$8 -> 5.7622684e-07
B48: 1.1.6.2 - Transferencias del sector público | C48: 0 | D48: 18551830762 | E48: 18551830762 | F48: 0 | G48: 0 | H48: =+G48-F48 -> 0 | I48: - | J48: =G48-C48 -> 0 | K48: =IFERROR(G48/C48-1,"-") -> - | L48: =G48/$O$8 -> 0
B49: 1.1.7 - Multas y sanciones pecuniarias | C49: 8.4918698e+08 | D49: 604907803 | E49: 604907803 | F49: 8.0233057e+08 | G49: 6.3205086e+08 | H49: =+G49-F49 -> -1.7027971e+08 | I49: =+(G49/F49)-1 -> -0.21223136 | J49: =G49-C49 -> -2.1713612e+08 | K49: =IFERROR(G49/C49-1,"-") -> -0.25569883 | L49: =G49/$O$8 -> 7.2840934e-05
B50: 1.1.9 - Otros ingresos corrientes | C50: =SUM(C51:C58) -> 6.2538639e+09 | D50: =SUM(D51:D58) -> 13919651233 | E50: =SUM(E51:E58) -> 13919651233 | F50: =SUM(F51:F58) -> 6.4726869e+09 | G50: =SUM(G51:G58) -> 5.5392839e+09 | H50: =+G50-F50 -> -9.33403e+08 | I50: =+(G50/F50)-1 -> -0.14420642 | J50: =G50-C50 -> -7.1458002e+08 | K50: =IFERROR(G50/C50-1,"-") -> -0.11426216 | L50: =G50/$O$8 -> 0.00063837681
B51: 1.6.4.1.01-Depósitos en exceso | C51: 19954.44 | D51: 0 | E51: 0 | F51: 0 | G51: 254827.78 | H51: 0 | I51: - | J51: =G51-C51 -> 234873.34 | K51: =IFERROR(G51/C51-1,"-") -> 11.77048 | L51: =G51/$O$8 -> 2.9367721e-08
B52: 1.6.4.1.02-Miscelaneos | C52: 35958597 | D52: 74611163 | E52: 74611163 | F52: 35326224 | G52: 21200707 | H52: =+G52-F52 -> -14125517 | I52: =+(G52/F52)-1 -> -0.39985923 | J52: =G52-C52 -> -14757890 | K52: =IFERROR(G52/C52-1,"-") -> -0.4104134 | L52: =G52/$O$8 -> 2.4432833e-06
B53: 1.6.4.1.04-Fianzas Judiciales y depósitos en consignación | C53: 0 | D53: 0 | E53: 0 | F53: 0 | G53: 0 | H53: =+G53-F53 -> 0 | I53: - | J53: =G53-C53 -> 0 | K53: =IFERROR(G53/C53-1,"-") -> - | L53: =G53/$O$8 -> 0
B54: 1.6.4.1.07-Ingresos por diferencial del gas licuado de petróleo | C54: 5.2345093e+09 | D54: 11785040070 | E54: 11785040070 | F54: 5.7639218e+09 | G54: 5.055885e+09 | H54: =+G54-F54 -> -7.0803683e+08 | I54: =+(G54/F54)-1 -> -0.12283942 | J54: =G54-C54 -> -1.7862424e+08 | K54: =IFERROR(G54/C54-1,"-") -> -0.034124352 | L54: =G54/$O$8 -> 0.00058266733
B55: 1.6.4.1.09-Devolución de recursos a la CUT años anteriores | C55: 5.5702631e+08 | D55: 0 | E55: 0 | F55: 0 | G55: 2.6865548e+08 | H55: =+G55-F55 -> 2.6865548e+08 | I55: - | J55: =G55-C55 -> -2.8837083e+08 | K55: =IFERROR(G55/C55-1,"-") -> -0.51769697 | L55: =G55/$O$8 -> 3.09613e-05
B56: 1.6.4.1.10 - Patrimonio público recuperado | C56: 11281200 | D56: 0 | E56: 0 | F56: 11194400 | G56: 0 | H56: =+G56-F56 -> -11194400 | I56: - | J56: =G56-C56 -> -11281200 | K56: =IFERROR(G56/C56-1,"-") -> -1 | L56: =G56/$O$8 -> 0
B57: 1.6.4.1.11-Ingresos por bienes extinguidos o decomisados | C57: 0 | D57: 60000000 | E57: 60000000 | F57: 0 | G57: 0 | H57: =+G57-F57 -> 0 | I57: - | J57: =G57-C57 -> 0 | K57: =IFERROR(G57/C57-1,"-") -> - | L57: =G57/$O$8 -> 0
B58: 1.6.4.1.99-Otros ingresos diversos | C58: 4.1506856e+08 | D58: 2000000000 | E58: 2000000000 | F58: 6.6224439e+08 | G58: 1.9328783e+08 | H58: =+G58-F58 -> -4.6895656e+08 | I58: - | J58: =G58-C58 -> -2.2178073e+08 | K58: =IFERROR(G58/C58-1,"-") -> -0.53432313 | L58: =G58/$O$8 -> 2.2275527e-05
B59: 1.2 Ingresos De Capital | C59: =C60+C62+C64 -> 3.6925652e+08 | D59: =D60+D62+D64 -> 0 | E59: =E60+E62+E64 -> 0 | F59: =F60+F62+F64 -> 0 | G59: =G60+G62+G64 -> 3.3433803e+08 | H59: =+G59-F59 -> 3.3433803e+08 | I59: 0 | J59: =G59-C59 -> -34918492 | K59: =IFERROR(G59/C59-1,"-") -> -0.094564322 | L59: =G59/$O$8 -> 3.8530909e-05
B60: 1.2.1 - Venta (disposición) de activos no financieros (a valores brutos) | C60: =C61 -> 61654027 | D60: =D61 -> 0 | E60: =E61 -> 0 | F60: =F61 -> 0 | G60: =G61 -> 1.5927977e+08 | H60: =+G60-F60 -> 1.5927977e+08 | I60: 0 | J60: =G60-C60 -> 97625746 | K60: =IFERROR(G60/C60-1,"-") -> 1.5834447 | L60: =G60/$O$8 -> 1.8356256e-05
B61: 1.2.1.1 - Venta de activos fijos | C61: 61654027 | D61: 0 | E61: 0 | F61: 0 | G61: 1.5927977e+08 | H61: =+G61-F61 -> 1.5927977e+08 | I61: - | J61: =G61-C61 -> 97625746 | K61: =IFERROR(G61/C61-1,"-") -> 1.5834447 | L61: =G61/$O$8 -> 1.8356256e-05
B62: 1.2.4 - Transferencias de capital recibidas | C62: =C63 -> 0 | D62: =D63 -> 0 | E62: =E63 -> 0 | F62: =F63 -> 0 | G62: =G63 -> 0 | H62: =+G62-F62 -> 0 | I62: 0 | J62: =G62-C62 -> 0 | K62: =IFERROR(G62/C62-1,"-") -> - | L62: =G62/$O$8 -> 0
B63: 1.2.4.2 - Transferencias del sector publico | C63: 0 | D63: 0 | E63: 0 | F63: 0 | G63: 0 | H63: =+G63-F63 -> 0 | I63: 0 | J63: =G63-C63 -> 0 | K63: =IFERROR(G63/C63-1,"-") -> - | L63: =G63/$O$8 -> 0
B64: 1.2.5 - Recuperación de inversiones financieras realizadas con fines de política | C64: =C65 -> 307602492 | D64: =D65 -> 0 | E64: =E65 -> 0 | F64: =F65 -> 0 | G64: =G65 -> 1.7505825e+08 | H64: =+G64-F64 -> 1.7505825e+08 | I64: - | J64: =G64-C64 -> -1.3254424e+08 | K64: =IFERROR(G64/C64-1,"-") -> -0.43089455 | L64: =G64/$O$8 -> 2.0174653e-05
B65: 1.2.5.4 - Recuperación de préstamos realizados con fines de política | C65: 307602492 | D65: 0 | E65: 0 | F65: 0 | G65: 1.7505825e+08 | H65: =+G65-F65 -> 1.7505825e+08 | I65: - | J65: =G65-C65 -> -1.3254424e+08 | K65: =IFERROR(G65/C65-1,"-") -> -0.43089455 | L65: =G65/$O$8 -> 2.0174653e-05
B66: Total de Ingresos (1.1 + 1.2) | C66: =C15+C59 -> 6.2257677e+11 | D66: =D15+D59 -> 1340124486786 | E66: =E15+E59 -> 1.3401444e+12 | F66: =F15+F59 -> 6.5843535e+11 | G66: =G15+G59 -> 6.6762766e+11 | H66: =+G66-F66 -> 9.192307e+09 | I66: =+(G66/F66)-1 -> 0.013960835 | J66: =G66-C66 -> 4.5050886e+10 | K66: =IFERROR(G66/C66-1,"-") -> 0.072361977 | L66: =G66/$O$8 -> 0.076940995
B67: Donaciones | C67: =C68+C69 -> 4.2282753e+08 | D67: =D68+D69 -> 2133666760 | E67: =E68+E69 -> 2.3407932e+09 | F67: =F68+F69 -> 9.3816293e+08 | G67: =G68+G69 -> 7.3895658e+08 | H67: =+G67-F67 -> -1.9920634e+08 | I67: =+(G67/F67)-1 -> -0.21233662 | J67: =G67-C67 -> 3.1612905e+08 | K67: =IFERROR(G67/C67-1,"-") -> 0.74765484 | L67: =G67/$O$8 -> 8.5161323e-05
B68: Donaciones corrientes | C68: 3.0023497e+08 | D68: 432436385 | E68: 6.0287949e+08 | F68: 5.1185712e+08 | G68: 4.6305991e+08 | H68: =+G68-F68 -> -48797210 | I68: =+(G68/F68)-1 -> -0.095333655 | J68: =G68-C68 -> 1.6282494e+08 | K68: =IFERROR(G68/C68-1,"-") -> 0.54232501 | L68: =G68/$O$8 -> 5.336551e-05
B69: Donaciones de capital | C69: 1.2259256e+08 | D69: 1701230375 | E69: 1.7379137e+09 | F69: 4.263058e+08 | G69: 2.7589667e+08 | H69: =+G69-F69 -> -1.5040913e+08 | I69: =+(G69/F69)-1 -> -0.35281981 | J69: =G69-C69 -> 1.5330411e+08 | K69: =IFERROR(G69/C69-1,"-") -> 1.2505173 | L69: =G69/$O$8 -> 3.1795813e-05
B70: Total de Ingresos con Donaciones | C70: =C66+C67 -> 6.229996e+11 | D70: =D66+D67 -> 1342258153546 | E70: =E66+E67 -> 1.3424852e+12 | F70: =F66+F67 -> 6.5937351e+11 | G70: =G66+G67 -> 6.6836662e+11 | H70: =+G70-F70 -> 8.9931007e+09 | I70: =+(G70/F70)-1 -> 0.013638856 | J70: =G70-C70 -> 4.5367015e+10 | K70: =IFERROR(G70/C70-1,"-") -> 0.072820296 | L70: =G70/$O$8 -> 0.077026157
B71: Notas: Cifras preliminares.
B72: 1. Se incluyen los Recursos de Captación Directa.
B73: 2. El presupuesto vigente corresponde al presupuesto aprobado, referente a la Ley núm. 99-25 de Presupuesto General del Estado para el periodo fiscal 2026, incluyendo las modificaciones permitidas conforme a lo dispuesto en el Art. 48 de la Ley Orgánica de Presupuesto para el Sector Público (Ley núm. 423-06).
B74: Fuente: Sistema de Información de la Gestión Financiera (SIGEF).

Sheet Gráfico 15
B1: MINISTERIO DE HACIENDA Y ECONOMÍA
B2: DIRECCIÓN GENERAL DE PRESUPUESTO
B3: DIRECCIÓN DE ESTUDIOS ECONÓMICOS Y SEGUIMIENTO FINANCIERO
B6: Gráfico 15. Ingresos del Gobierno Central por Entidad Recaudadora
B7: Enero - Junio 2025 y 2026
B8: Valores en Millones de RD$
B11: Institución | C11: Recaudado 2025 | D11: Estimado 2026 | E11: Recaudado 2026
B12: DGII | C12: 4.7216779e+11 | D12: 5.0392156e+11 | E12: 5.1529067e+11
B13: DGA | C13: 1.2594511e+11 | D13: 1.3440794e+11 | E13: 1.2923452e+11
B14: TN | C14: 9.6617539e+09 | D14: 2.0382136e+10 | E14: 7.0425667e+09
H17: =E14-D14 -> -1.333957e+10
H18: =+E14/D14-1 -> -0.65447358
B26: Notas:
B27: 1. Excluye donaciones.
B28: 2. Se excluyen los RD$16,584.6 millones de recaudación directa de las otras recaudadoras.
B29: Fuente: Sistema de Información de la Gestión Financiera (SIGEF).

Sheet Gráfico 16
A2: MINISTERIO DE HACIENDA Y ECONOMÍA
A3: DIRECCIÓN GENERAL DE PRESUPUESTO
A4: DIRECCIÓN DE ESTUDIOS ECONÓMICOS Y SEGUIMIENTO FINANCIERO
C7: Gráfico 16. Distribución del Gasto por Clasificación Económica
C8: Enero - Junio 2025 y 2026
C9: Valores en millones de RD$
C29: Fuente: Sistema de Información de la Gestión Financiera (SIGEF).
C30: Notas: Cifras preliminares.
B33: 2025 | C33: 2026
A34: Gastos corrientes | B34: 6.3839376e+11 | C34: 6.8264143e+11 | D34: =+C34/$C$36 -> 0.89314686
A35: Gastos de capital | B35: 7.2673961e+10 | C35: 8.1668968e+10 | D35: =+C35/$C$36 -> 0.10685314
A36: Grand Total | B36: =B34+B35 -> 7.1106772e+11 | C36: =C34+C35 -> 7.643104e+11 | D36: =+(C36-B36)/B36 -> 0.07487709
D37: =+C36-B36 -> 5.3242682e+10

Sheet Tabla 5
A2: MINISTERIO DE HACIENDA Y ECONOMÍA
A3: DIRECCIÓN GENERAL DE PRESUPUESTO
A4: DIRECCIÓN DE ESTUDIOS ECONÓMICOS Y SEGUIMIENTO FINANCIERO
B7: Tabla 5. Gastos del Gobierno Central por Clasificación Económica Enero - Junio 2025 y 2026
B8: Valores en Millones de RD$
B10: DETALLE | C10: 2025 | D10: 2026 | J10: Variación 2026/2025 | L10: Ejecución % PIB
C11: Ejecución | D11: Presupuesto Inicial | E11: Presupuesto Vigente | F11: Comprometido* | G11: Devengado* | H11: Pagado* | I11: % Ejecución | N11: PIB Nominal (Millones RD$) | O11: 8.6771383e+12
J12: ABS. | K12: REL.
C13: 1 | D13: 2 | E13: 3 | F13: 4 | G13: 5 | H13: 6 | I13: 7= (5/2) | J13: 8 = (5-1) | K13: 9= 8/1 | L13: 10 = (5/PIB)
B14: 2.1 - Gastos corrientes | C14: =C15+C21+C22+C23+C24+C29 -> 6.3839376e+11 | D14: =D15+D21+D22+D23+D24+D29 -> 1407548685832 | E14: =E15+E21+E22+E23+E24+E29 -> 1.4072568e+12 | F14: =F15+F21+F22+F23+F24+F29 -> 8.9302471e+11 | G14: =G15+G21+G22+G23+G24+G29 -> 6.8264143e+11 | H14: =H15+H21+H22+H23+H24+H29 -> 6.4632689e+11 | I14: =IFERROR(G14/D14,"-") -> 0.48498602 | J14: =G14-C14 -> 4.4247675e+10 | K14: =IFERROR(J14/C14,"0.0%") -> 0.069310946 | L14: =G14/$O$11 -> 0.078671263
B15: 2.1.2 - Gastos de consumo | C15: =SUM(C16:C20) -> 2.2874581e+11 | D15: =SUM(D16:D20) -> 542875526448 | E15: =SUM(E16:E20) -> 5.4178963e+11 | F15: =SUM(F16:F20) -> 3.9189201e+11 | G15: =SUM(G16:G20) -> 2.3785589e+11 | H15: =SUM(H16:H20) -> 2.2945962e+11 | I15: =IFERROR(G15/D15,"-") -> 0.43814074 | J15: =G15-C15 -> 9.1100768e+09 | K15: =IFERROR(J15/C15,"0.0%") -> 0.039826202 | L15: =G15/$O$11 -> 0.027411789
B16: 2.1.2.1 - Remuneraciones | C16: 1.6387839e+11 | D16: 376964195659 | E16: 3.7603271e+11 | F16: 2.9378393e+11 | G16: 1.7326951e+11 | H16: 1.7309259e+11 | I16: =IFERROR(G16/D16,"-") -> 0.45964448 | J16: =G16-C16 -> 9.3911249e+09 | K16: =IFERROR(J16/C16,"0.0%") -> 0.05730545 | L16: =G16/$O$11 -> 0.019968509
B17: 2.1.2.2 - Bienes y servicios | C17: 6.4691683e+10 | D17: 161794237426 | E17: 1.6297926e+11 | F17: 9.784834e+10 | G17: 6.4326627e+10 | H17: 5.6110561e+10 | I17: =IFERROR(G17/D17,"-") -> 0.39758293 | J17: =G17-C17 -> -3.6505633e+08 | K17: =IFERROR(J17/C17,"0.0%") -> -0.005643018 | L17: =G17/$O$11 -> 0.0074133458
B18: 2.1.2.4 - Impuestos sobre los productos, la producción y las importaciones de las empresas | C18: 1.757384e+08 | D18: 315596345 | E18: 3.7954429e+08 | F18: 2.5974664e+08 | G18: 2.5974664e+08 | H18: 2.5646862e+08 | I18: =IFERROR(G18/D18,"-") -> 0.82303436 | J18: =G18-C18 -> 84008234 | K18: =IFERROR(J18/C18,"0.0%") -> 0.47803003 | L18: =G18/$O$11 -> 2.9934597e-05
B19: 2.1.2.7 - 5 % que se asigna durante el ejercicio para gasto corriente | C19: 0 | D19: 3385145672 | E19: 2.0942262e+09 | F19: 0 | G19: 0 | H19: 0 | I19: =IFERROR(G19/D19,"-") -> 0 | J19: =G19-C19 -> 0 | K19: =IFERROR(J19/C19,"0.0%") -> 0.0% | L19: =G19/$O$11 -> 0
B20: 2.1.2.8 - 1 % que se asigna durante el ejercicio para gasto corriente por calamidad pública | C20: 0 | D20: 416351346 | E20: 303888126 | F20: 0 | G20: 0 | H20: 0 | I20: =IFERROR(G20/D20,"-") -> 0 | J20: =G20-C20 -> 0 | K20: =IFERROR(J20/C20,"0.0%") -> 0.0% | L20: =G20/$O$11 -> 0
B21: 2.1.3 - Prestaciones de la seguridad social | C21: 3.9430129e+10 | D21: 101897864549 | E21: 100284334461 | F21: 9.0515632e+10 | G21: 4.3076684e+10 | H21: 4.3011878e+10 | I21: =IFERROR(G21/D21,"-") -> 0.42274373 | J21: =G21-C21 -> 3.6465551e+09 | K21: =IFERROR(J21/C21,"0.0%") -> 0.09248144 | L21: =G21/$O$11 -> 0.0049643883
B22: 2.1.4 - Intereses de la deuda | C22: 1.5091432e+11 | D22: 324257115564 | E22: 324257115564 | F22: 1.6472343e+11 | G22: 1.5906111e+11 | H22: 1.3230729e+11 | I22: =IFERROR(G22/D22,"-") -> 0.49054007 | J22: =G22-C22 -> 8.1467869e+09 | K22: =IFERROR(J22/C22,"0.0%") -> 0.053982862 | L22: =G22/$O$11 -> 0.018331056
B23: 2.1.5 - Subvenciones otorgadas a empresas | C23: 9039654288 | D23: 13786016885 | E23: 22513162760 | F23: 2.1169146e+10 | G23: 2.1169146e+10 | H23: 2.0929762e+10 | I23: =IFERROR(G23/D23,"-") -> 1.535552 | J23: =G23-C23 -> 1.2129492e+10 | K23: =IFERROR(J23/C23,"0.0%") -> 1.3418092 | L23: =G23/$O$11 -> 0.002439646
B24: 2.1.6 - Transferencias corrientes | C24: =SUM(C25:C28) -> 2.0879433e+11 | D24: 424672198458 | E24: 4.1834401e+11 | F24: 2.246633e+11 | G24: 2.2141742e+11 | H24: 2.2055755e+11 | I24: =IFERROR(G24/D24,"-") -> 0.5213843 | J24: =G24-C24 -> 1.2623084e+10 | K24: =IFERROR(J24/C24,"0.0%") -> 0.060457021 | L24: =G24/$O$11 -> 0.025517332
B25: 2.1.6.1 - Transferencias al sector privado | C25: 3.1232832e+10 | D25: 65883131456 | E25: 6.7540691e+10 | F25: 3.1262907e+10 | G25: 3.0485373e+10 | H25: 3.0215232e+10 | I25: =IFERROR(G25/D25,"-") -> 0.46271895 | J25: =G25-C25 -> -7.4745825e+08 | K25: =IFERROR(J25/C25,"0.0%") -> -0.023931812 | L25: =G25/$O$11 -> 0.0035132981
B26: 2.1.6.2 - Transferencias al sector público | C26: 1.7056524e+11 | D26: 342169100277 | E26: 3.3617755e+11 | F26: 1.8565845e+11 | G26: 1.8354749e+11 | H26: 1.8345222e+11 | I26: =IFERROR(G26/D26,"-") -> 0.53642332 | J26: =G26-C26 -> 1.2982241e+10 | K26: =IFERROR(J26/C26,"0.0%") -> 0.076113051 | L26: =G26/$O$11 -> 0.021152998
B27: 2.1.6.3 - Transferencia al sector externo | C27: 4.2990041e+08 | D27: 955120864 | E27: 1072392083 | F27: 3.8505036e+08 | G27: 3.7723817e+08 | H27: 3.6837245e+08 | I27: =IFERROR(G27/D27,"-") -> 0.39496381 | J27: =G27-C27 -> -52662235 | K27: =IFERROR(J27/C27,"0.0%") -> -0.12249868 | L27: =G27/$O$11 -> 4.3474952e-05
B28: 2.1.6.4 - Transferencias a otras instituciones públicas | C28: 6.5663578e+09 | D28: 15664845861 | E28: 1.3553379e+10 | F28: 7.3568946e+09 | G28: 7.0073206e+09 | H28: 6.5217255e+09 | I28: =IFERROR(G28/D28,"-") -> 0.44732778 | J28: =G28-C28 -> 4.4096288e+08 | K28: =IFERROR(J28/C28,"0.0%") -> 0.067154867 | L28: =G28/$O$11 -> 0.00080756125
B29: 2.1.9 - Otros gastos corrientes | C29: 1.4695096e+09 | D29: 59963928 | E29: 68573677 | F29: 61190630 | G29: 61190630 | H29: 60792374 | I29: =IFERROR(G29/D29,"-") -> 1.0204573 | J29: =G29-C29 -> -1.408319e+09 | K29: =IFERROR(J29/C29,"0.0%") -> -0.95835983 | L29: =G29/$O$11 -> 7.0519367e-06
B30: 2.2 - Gastos de capital | C30: =SUM(C31:C35)+C40 -> 7.2673961e+10 | D30: =SUM(D31:D35)+D40 -> 215284720455 | E30: =SUM(E31:E35)+E40 -> 2.2015513e+11 | F30: =SUM(F31:F35)+F40 -> 9.5024121e+10 | G30: =SUM(G31:G35)+G40 -> 8.1668968e+10 | H30: =SUM(H31:H35)+H40 -> 7.670208e+10 | I30: =IFERROR(G30/D30,"-") -> 0.3793533 | J30: =G30-C30 -> 8.9950069e+09 | K30: =IFERROR(J30/C30,"0.0%") -> 0.12377207 | L30: =G30/$O$11 -> 0.0094119703
B31: 2.2.1 - Construcciones en proceso | C31: 2.2985646e+10 | D31: 65675086633 | E31: 6.7207472e+10 | F31: 3.1091864e+10 | G31: 2.7919771e+10 | H31: 2.5392501e+10 | I31: =IFERROR(G31/D31,"-") -> 0.42511966 | J31: =G31-C31 -> 4.9341251e+09 | K31: =IFERROR(J31/C31,"0.0%") -> 0.21466115 | L31: =G31/$O$11 -> 0.0032176243
B32: 2.2.2 - Activos fijos (formación bruta de capital fijo) | C32: 1.3838297e+10 | D32: 71387716208 | E32: 7.3906627e+10 | F32: 3.0506172e+10 | G32: 2.1736929e+10 | H32: 1.9929214e+10 | I32: =IFERROR(G32/D32,"-") -> 0.30449117 | J32: =G32-C32 -> 7.8986321e+09 | K32: =IFERROR(J32/C32,"0.0%") -> 0.57078065 | L32: =G32/$O$11 -> 0.0025050804
B33: 2.2.4 - Objetos de valor | C33: 40833673 | D33: 16448771 | E33: 36311461 | F33: 17868298 | G33: 5048629.4 | H33: 3778560 | I33: =IFERROR(G33/D33,"-") -> 0.30693049 | J33: =G33-C33 -> -35785044 | K33: =IFERROR(J33/C33,"0.0%") -> -0.87636112 | L33: =G33/$O$11 -> 5.8183116e-07
B34: 2.2.5 - Activos no producidos | C34: 9.0094111e+08 | D34: 2770222220 | E34: 5.810345e+09 | F34: 4.3007529e+09 | G34: 3.055749e+09 | H34: 2.528842e+09 | I34: =IFERROR(G34/D34,"-") -> 1.10307 | J34: =G34-C34 -> 2.1548079e+09 | K34: =IFERROR(J34/C34,"0.0%") -> 2.39173 | L34: =G34/$O$11 -> 0.00035216092
B35: 2.2.6 - Transferencias de capital | C35: =SUM(C36:C39) -> 3.4908244e+10 | D35: =SUM(D36:D39) -> 72988962348 | E35: =SUM(E36:E39) -> 7.3015935e+10 | F35: =SUM(F36:F39) -> 2.9107464e+10 | G35: =SUM(G36:G39) -> 2.8951471e+10 | H35: =SUM(H36:H39) -> 2.8847744e+10 | I35: =IFERROR(G35/D35,"-") -> 0.39665546 | J35: =G35-C35 -> -5.9567732e+09 | K35: =IFERROR(J35/C35,"0.0%") -> -0.17064087 | L35: =G35/$O$11 -> 0.0033365229
B36: 2.2.6.1 - Transferencias de capital al sector privado | C36: 7.1639128e+08 | D36: 174800000 | E36: 1.2717091e+09 | F36: 8.6988994e+08 | G36: 8.5355661e+08 | H36: 8.3615661e+08 | I36: =IFERROR(G36/D36,"-") -> 4.883047 | J36: =G36-C36 -> 1.3716533e+08 | K36: =IFERROR(J36/C36,"0.0%") -> 0.19146706 | L36: =G36/$O$11 -> 9.8368446e-05
B37: 2.2.6.2 - Transferencias de capital al sector público | C37: 3.4190869e+10 | D37: 72814162348 | E37: 7.1743257e+10 | F37: 2.8236605e+10 | G37: 2.8096945e+10 | H37: 2.8010618e+10 | I37: =IFERROR(G37/D37,"-") -> 0.38587198 | J37: =G37-C37 -> -6.0939237e+09 | K37: =IFERROR(J37/C37,"0.0%") -> -0.17823249 | L37: =G37/$O$11 -> 0.0032380428
B38: 2.2.6.3 - Transferencia de capital al sector externo | C38: 0 | D38: 0 | E38: 0 | F38: 0 | G38: 0 | H38: 0 | I38: 0 | J38: 0 | K38: 0 | L38: 0
B39: 2.2.6.7 - Otras transferencias de capital | C39: 983893.33 | D39: 0 | E39: 969134.67 | F39: 969134.67 | G39: 969134.67 | H39: 969134.67 | I39: =IFERROR(G39/D39,"-") -> - | J39: =G39-C39 -> -14758.66 | K39: =IFERROR(J39/C39,"0.0%") -> -0.015000264 | L39: =G39/$O$11 -> 1.1168828e-07
B40: 2.2.8 - Gastos de capital, reserva presupuestaria | C40: 0 | D40: 2446284275 | E40: 178436291 | F40: 0 | G40: 0 | H40: 0 | I40: =IFERROR(G40/D40,"-") -> 0 | J40: =G40-C40 -> 0 | K40: =IFERROR(J40/C40,"0.0%") -> 0.0% | L40: =G40/$O$11 -> 0
B41: TOTAL | C41: =C14+C30 -> 7.1106772e+11 | D41: =D14+D30 -> 1622833406287 | E41: =E14+E30 -> 1.627412e+12 | F41: =F30+F14 -> 9.8804883e+11 | G41: =G30+G14 -> 7.643104e+11 | H41: =H30+H14 -> 7.2302897e+11 | I41: =IFERROR(G41/D41,"-") -> 0.4709728 | J41: =G41-C41 -> 5.3242682e+10 | K41: =IFERROR(J41/C41,"0.0%") -> 0.07487709 | L41: =G41/$O$11 -> 0.088083234
L42: =G42/$O$11 -> 0
B43: Notas: *Cifras preliminares.
B44: 1. Fecha de imputación al 30/06/2026 // Fecha de registro al 15/07/2026.
B45: 2. Se utilizó el PIB del Panorama Macroeconómico actualizado al 09 de junio de 2026, elaborado por el Ministerio de Hacienda y Economía.
B46: 3. El presupuesto vigente corresponde al presupuesto aprobado, referente a la Ley núm. 99-25 de Presupuesto General del Estado para el periodo fiscal 2026, incluyendo las modificaciones permitidas conforme a lo dispuesto en el Art. 48 de la Ley Orgánica de Presupuesto para el Sector Público (Ley núm. 423-06).
B47: Fuente: Sistema de Información de la Gestión Financiera (SIGEF).
B276: 1.Fecha de imputación al 31/07/2022 // Fecha de registro al 07/08/2022

Sheet Tabla 6
C1: MINISTERIO DE HACIENDA Y ECONOMÍA
C2: DIRECCIÓN GENERAL DE PRESUPUESTO
C3: DIRECCIÓN DE ESTUDIOS ECONÓMICOS Y SEGUIMIENTO FINANCIERO
C5: Tabla 6. Fideicomisos Enero - Junio 2026
C6: Gobierno Central & Organismos Autónomos y Descentralizados
C7: Valores en millones RD$
C11: Detalle | D11: Presupuesto Inicial Ley Núm. 99-25 | E11: Presupuesto Vigente | F11: Compromiso | G11: Devengado | H11: Pagado
C13: (Concepto- Cuenta-Subcuenta-Auxiliar- Beneficiario)
C14: 1-ADMINISTRACION CENTRAL | D14: =+D15+D20 -> 30541911076 | E14: =+E15+E20 -> 28040619051 | F14: =+F15+F20 -> 1.1804821e+10 | G14: =+G15+G20 -> 1.1778821e+10 | H14: =+H15+H20 -> 1.1778821e+10
C15: 2.4-TRANSFERENCIAS CORRIENTES | D15: =+D16 -> 2050000000 | E15: =+E16 -> 1855000000 | F15: =+F16 -> 1205000000 | G15: =+G16 -> 1205000000 | H15: =+H16 -> 1205000000
C16: 2.4.4-TRANSFERENCIAS CORRIENTES A EMPRESAS PÚBLICAS NO FINANCIERAS | D16: =+D17 -> 2050000000 | E16: =+E17 -> 1855000000 | F16: =+F17 -> 1205000000 | G16: =+G17 -> 1205000000 | H16: =+H17 -> 1205000000
C17: 2.4.4.1-Transferencias corrientes a empresas públicas no financieras nacionales | D17: =+D18 -> 2050000000 | E17: =+E18 -> 1855000000 | F17: =+F18 -> 1205000000 | G17: =+G18 -> 1205000000 | H17: =+H18 -> 1205000000
C18: 2.4.4.1.06-Transferencias corrientes a empresas públicas no financieras nacionales para fideicomiso | D18: 2050000000 | E18: 1855000000 | F18: 1205000000 | G18: 1205000000 | H18: 1205000000
C19: FIDEICOMISO FILANTROPICO DE LOS JUEGOS CENTROAMERICANOS Y DEL CARIBE SANTO DOMINGO 2026 | D19: 0 | E19: 0 | F19: 1205000000 | G19: 1205000000 | H19: 1205000000
C20: 2.5-TRANSFERENCIAS DE CAPITAL | D20: =+D22 -> 28491911076 | E20: =+E22 -> 26185619051 | F20: =+F22 -> 1.0599821e+10 | G20: =+G22 -> 1.0573821e+10 | H20: =+H22 -> 1.0573821e+10
C21: 2.5.4-TRANSFERENCIAS DE CAPITAL A EMPRESAS PÚBLICAS NO FINANCIERAS | D21: 28491911076 | E21: 26185619051 | F21: 1.0599821e+10 | G21: 1.0573821e+10 | H21: 1.0573821e+10
C22: 2.5.4.1-Transferencias de capital a empresas públicas no financieras nacionales | D22: =+D23 -> 28491911076 | E22: =+E23 -> 26185619051 | F22: =+F23 -> 1.0599821e+10 | G22: =+G23 -> 1.0573821e+10 | H22: =+H23 -> 1.0573821e+10
C23: 2.5.4.1.03-Transferencias de capital a empresas públicas no financieras nacionales para fideicomiso | D23: 28491911076 | E23: 26185619051 | F23: 1.0599821e+10 | G23: 1.0573821e+10 | H23: 1.0573821e+10
C24: ALSTOM TRANSPORTE, S.A. | D24: 0 | E24: 0 | F24: 1.0320174e+08 | G24: 1.0320174e+08 | H24: 1.0320174e+08
C25: SOFRATESA | D25: 0 | E25: 0 | F25: 4.8859391e+08 | G25: 4.8859391e+08 | H25: 4.8859391e+08
C26: FIDEICOMISO PUBLICO DE ADMINISTRACION MIVIVIENDA | D26: 0 | E26: 0 | F26: 869626359 | G26: 869626359 | H26: 869626359
C27: FIDEICOMISO PARA LA CREACION DEL FONDO NACIONAL DE LA VIVIENDA FONVIVIENDA | D27: 0 | E27: 0 | F27: 26000000 | G27: 0 | H27: 0
C28: FIDEICOMISO PARA EL DESARROLLO DEL SISTEMA DE TRANSPORTE MASIVO DE LA REPUBLICA DOMINICANA FITRAM | D28: 0 | E28: 0 | F28: 9000000000 | G28: 9000000000 | H28: 9000000000
C29: Alstom Proyectos de Transporte, SRL | D29: 0 | E29: 0 | F29: 1.1239892e+08 | G29: 1.1239892e+08 | H29: 1.1239892e+08
C30: 2-INSTITUCIONES PUBLICAS DESCENTRALIZADAS O AUTONOMAS | D30: 700000000 | E30: 825000000 | F30: =+F31 -> 425000000 | G30: =+G31 -> 425000000 | H30: =+H31 -> 250000000
C31: 2.5-TRANSFERENCIAS DE CAPITAL | D31: 700000000 | E31: 825000000 | F31: =+F32 -> 425000000 | G31: =+G32 -> 425000000 | H31: =+H32 -> 250000000
C32: 2.5.4-TRANSFERENCIAS DE CAPITAL A EMPRESAS PÚBLICAS NO FINANCIERAS | D32: 700000000 | E32: 825000000 | F32: 425000000 | G32: 425000000 | H32: 250000000
C33: 2.5.4.1-Transferencias de capital a empresas públicas no financieras nacionales | D33: 700000000 | E33: 825000000 | F33: =+F34 -> 425000000 | G33: =+G34 -> 425000000 | H33: =+H34 -> 250000000
C34: 2.5.4.1.03-Transferencias de capital a empresas públicas no financieras nacionales para fideicomiso | D34: 700000000 | E34: 825000000 | F34: 425000000 | G34: 425000000 | H34: 250000000
C35: FIDEICOMISO DE MOVILIDAD Y TRANSPORTE FIMOVIT | D35: 0 | E35: 0 | F35: 425000000 | G35: 425000000 | H35: 250000000
C36: Total general | D36: =SUM(D14,D30) -> 31241911076 | E36: =SUM(E14,E30) -> 28865619051 | F36: =SUM(F14,F30) -> 1.2229821e+10 | G36: =SUM(G14,G30) -> 1.2203821e+10 | H36: =SUM(H14,H30) -> 1.2028821e+10
C37: Notas:
C38: Cifras preliminares*
C39: 1. Fecha de recaudación al 30/06/2026// Fecha de imputación al 15/07/2026.
C40: 2. El presupuesto vigente corresponde al presupuesto aprobado, referente a la Ley núm. 99-25 de Presupuesto General del Estado para el periodo fiscal 2026, incluyendo las modificaciones permitidas conforme a lo dispuesto en el Art. 48 de la Ley Orgánica de Presupuesto para el Sector Público (Ley núm. 423-06).
C41: Fuente: Sistema de Información de la Gestión Financiera (SIGEF).

Sheet Mapa 1
F1: MINISTERIO DE HACIENDA Y ECONOMÍA
F2: DIRECCIÓN GENERAL DE PRESUPUESTO
F3: DIRECCIÓN DE ESTUDIOS ECONÓMICOS Y SEGUIMIENTO FINANCIERO
A4: País | B4: Provincia | C4: Montos
A5: República Dominicana | B5: Distrito Nacional | C5: 6.6392552e+09
A6: República Dominicana | B6: Azua | C6: 1.4229549e+09
A7: República Dominicana | B7: Bahoruco | C7: 1.5626792e+08
A8: República Dominicana | B8: Barahona | C8: 5.2951823e+08
A9: República Dominicana | B9: Dajabón | C9: 5.2370177e+08
A10: República Dominicana | B10: Duarte | C10: 1.2613232e+09
A11: República Dominicana | B11: Elías Piña | C11: 5.4619304e+08
A12: República Dominicana | B12: El seibo | C12: 5.7578546e+08
A13: República Dominicana | B13: Espaillat | C13: 6.1594141e+08
A14: República Dominicana | B14: Independencia | C14: 2.054826e+08
A15: República Dominicana | B15: La Altagracia | C15: 9.1395756e+08
A16: República Dominicana | B16: La Romana | C16: 2.4217e+08
... A36: República Dominicana | B36: Santo Domingo | C36: 9.9062274e+09
A38: *Cifras preliminares.
A39: 1. Fecha de imputación al 30/06/2026 // fecha de registro al 15/07/2026.
A40: 2. Se excluye el monto a nivel multiprovincial del mapa.
A41: Fuente: Sistema de Información de la Gestión Financiera (SIGEF)
H50: Nota: Se excluye la inversión pública multi-provincial, la cual registró un valor de RD$5,490.2 millones.
H51: Fecha de imputación: 30/06/2026 // fecha de registro: 15/07/2026
H52: Fuente: Sistema de Información de la Gestión Financiera (SIGEF).

Sheet Tabla 7
C2: MINISTERIO DE HACIENDA Y ECONOMÍA
C3: DIRECCIÓN GENERAL DE PRESUPUESTO
C4: DIRECCIÓN DE ESTUDIOS ECONÓMICOS Y SEGUIMIENTO FINANCIERO
C6: Tabla 7. Gastos del Gobierno Central por Clasificación Institucional
C7: Enero-Junio 2025 - 2026
C8: Valores en millones de RD$ | O8: PIB Nominal (Millones RD$) | P8: 8.6771383e+12
C9: DETALLE | D9: 2025 | E9: 2026 | K9: VARIACIÓN 2026/2025 | M9: EJECUCIÓN % PIB
D10: DEVENGADO | E10: PRESUPUESTO INICIAL | F10: PRESUPUESTO VIGENTE | G10: COMPROMETIDO* | H10: DEVENGADO* | I10: PAGADO* | J10: % CUMPLIMIENTO
K11: ABS. | L11: REL.
D12: 1 | E12: 2 | F12: 3 | G12: 4 | H12: 5 | I12: 6 | J12: 7 | K12: 8 = (5-1) | L12: 9 = (8/1) | M12: 10 = (5/PIB)
C13: PODER LEGISLATIVO | D13: =D15+D14 -> 4.453577e+09 | E13: =E15+E14 -> 8907795183 | F13: =F15+F14 -> 8907795183 | G13: =G15+G14 -> 4.4538967e+09 | H13: =H15+H14 -> 4.4538967e+09 | I13: =I15+I14 -> 4.4538967e+09 | J13: =H13/F13 -> 0.4999999 | K13: =H13-D13 -> 319747.29 | L13: =IFERROR(K13/D13,"0.0%") -> 7.1795613e-05 | M13: =H13/$P$8 -> 0.00051329097
C14: 0101 - SENADO DE LA REPÚBLICA | D14: 1505389488 | E14: 3010779124 | F14: 3010779124 | G14: 1505388822 | H14: 1505388822 | I14: 1505388822 | J14: =H14/F14 -> 0.49999975 | K14: =H14-D14 -> -666 | L14: =IFERROR(K14/D14,"0.0%") -> -4.4241042e-07 | M14: =H14/$P$8 -> 0.00017348909
C15: 0102 - CÁMARA DE DIPUTADOS | D15: 2.9481875e+09 | E15: 5897016059 | F15: 5897016059 | G15: 2.9485079e+09 | H15: 2.9485079e+09 | I15: 2.9485079e+09 | J15: =H15/F15 -> 0.49999998 | K15: =H15-D15 -> 320413.29 | L15: =IFERROR(K15/D15,"0.0%") -> 0.00010868145 | M15: =H15/$P$8 -> 0.00033980188
C16: PODER EJECUTIVO | D16: =SUM(D17:D40) -> 4.3808443e+11 | E16: =SUM(E17:E40) -> 1069716331147 | F16: =SUM(F17:F40) -> 1.0742949e+12 | G16: =SUM(G17:G40) -> 6.6381322e+11 | H16: =SUM(H17:H40) -> 4.7398491e+11 | I16: =SUM(I17:I40) -> 4.595257e+11 | J16: =H16/F16 -> 0.44120559 | K16: =H16-D16 -> 3.5900483e+10 | L16: =IFERROR(K16/D16,"0.0%") -> 0.081948777 | M16: =H16/$P$8 -> 0.054624565
C17: 0201 - PRESIDENCIA DE LA REPÚBLICA | D17: 6.0214807e+10 | E17: 130289851958 | F17: 1.3217714e+11 | G17: 6.8632036e+10 | H17: 5.4531375e+10 | I17: 5.3495658e+10 | J17: =H17/F17 -> 0.41256282 | K17: =H17-D17 -> -5.6834313e+09 | L17: =IFERROR(K17/D17,"0.0%") -> -0.094385943 | M17: =H17/$P$8 -> 0.0062844884
C18: 0202 - MINISTERIO DE INTERIOR Y POLICÍA | D18: 3.3250439e+10 | E18: 81924855519 | F18: 8.2230259e+10 | G18: 4.3007603e+10 | H18: 3.7831511e+10 | I18: 3.7332649e+10 | J18: =H18/F18 -> 0.46006801 | K18: =H18-D18 -> 4.5810728e+09 | L18: =IFERROR(K18/D18,"0.0%") -> 0.13777481 | M18: =H18/$P$8 -> 0.0043599065
C19: 0203 - MINISTERIO DE DEFENSA | D19: 2.8253833e+10 | E19: 68686619634 | F19: 6.8748724e+10 | G19: 5.7715069e+10 | H19: 3.0996082e+10 | I19: 3.0511826e+10 | J19: =H19/F19 -> 0.45086047 | K19: =H19-D19 -> 2.7422489e+09 | L19: =IFERROR(K19/D19,"0.0%") -> 0.097057587 | M19: =H19/$P$8 -> 0.0035721549
C20: 0204 - MINISTERIO DE RELACIONES EXTERIORES | D20: 6.4146196e+09 | E20: 15186213375 | F20: 1.5221606e+10 | G20: 9.593216e+09 | H20: 5.8197393e+09 | I20: 5.7095767e+09 | J20: =H20/F20 -> 0.38233412 | K20: =H20-D20 -> -5.948803e+08 | L20: =IFERROR(K20/D20,"0.0%") -> -0.092738203 | M20: =H20/$P$8 -> 0.000670698
C21: 0205 - MINISTERIO DE HACIENDA Y ECONOMÍA | D21: 9.4843678e+09 | E21: 26273533371 | F21: 2.6402523e+10 | G21: 1.3328861e+10 | H21: 1.1504634e+10 | I21: 1.1248924e+10 | J21: =H21/F21 -> 0.43573996 | K21: =H21-D21 -> 2.0202665e+09 | L21: =IFERROR(K21/D21,"0.0%") -> 0.21301014 | M21: =H21/$P$8 -> 0.0013258558
C22: 0206 - MINISTERIO DE EDUCACIÓN | D22: 1.3771636e+11 | E22: 332030596342 | F22: 3.320306e+11 | G22: 2.5701835e+11 | H22: 1.4837577e+11 | I22: 1.4433931e+11 | J22: =H22/F22 -> 0.4468738 | K22: =H22-D22 -> 1.065941e+10 | L22: =IFERROR(K22/D22,"0.0%") -> 0.077401188 | M22: =H22/$P$8 -> 0.017099621
C23: 0207 - MINISTERIO DE SALUD PÚBLICA Y ASISTENCIA SOCIAL | D23: 7.1934791e+10 | E23: 180686724982 | F23: 1.8139604e+11 | G23: 8.8068582e+10 | H23: 8.0546266e+10 | I23: 7.7588584e+10 | J23: =H23/F23 -> 0.44403542 | K23: =H23-D23 -> 8.6114754e+09 | L23: =IFERROR(K23/D23,"0.0%") -> 0.11971225 | M23: =H23/$P$8 -> 0.0092825841
C24: 0208 - MINISTERIO DE DEPORTES Y RECREACIÓN | D24: 1.6130668e+09 | E24: 8634933410 | F24: 8634933410 | G24: 5.0145546e+09 | H24: 3.8049903e+09 | I24: 3.6211352e+09 | J24: =H24/F24 -> 0.44065079 | K24: =H24-D24 -> 2.1919234e+09 | L24: =IFERROR(K24/D24,"0.0%") -> 1.3588547 | M24: =H24/$P$8 -> 0.0004385075
C25: 0209 - MINISTERIO DE TRABAJO | D25: 1.0895194e+09 | E25: 2899510003 | F25: 2.89951e+09 | G25: 1.2303206e+09 | H25: 1.1383418e+09 | I25: 1.1196402e+09 | J25: =H25/F25 -> 0.39259798 | K25: =H25-D25 -> 48822378 | L25: =IFERROR(K25/D25,"0.0%") -> 0.044810932 | M25: =H25/$P$8 -> 0.00013118861
C26: 0210 - MINISTERIO DE AGRICULTURA | D26: 7.4721781e+09 | E26: 18697509949 | F26: 1.9230851e+10 | G26: 9.12507e+09 | H26: 8.2916153e+09 | I26: 7.8904993e+09 | J26: =H26/F26 -> 0.43116217 | K26: =H26-D26 -> 8.1943718e+08 | L26: =IFERROR(K26/D26,"0.0%") -> 0.1096651 | M26: =H26/$P$8 -> 0.00095557026
C27: 0211 - MINISTERIO DE OBRAS PÚBLICAS Y COMUNICACIONES | D27: 2.9054168e+10 | E27: 73881683104 | F27: 7.4058933e+10 | G27: 4.1246008e+10 | H27: 3.4173424e+10 | I27: 3.1136635e+10 | J27: =H27/F27 -> 0.46143554 | K27: =H27-D27 -> 5.1192566e+09 | L27: =IFERROR(K27/D27,"0.0%") -> 0.17619698 | M27: =H27/$P$8 -> 0.0039383288
C28: 0212 - MINISTERIO DE INDUSTRIA, COMERCIO Y MIPYMES | D28: 1.1947532e+10 | E28: 21390709235 | F28: 21416918674 | G28: 1.6451323e+10 | H28: 1.5780262e+10 | I28: 1.564168e+10 | J28: =H28/F28 -> 0.73681289 | K28: =H28-D28 -> 3.8327301e+09 | L28: =IFERROR(K28/D28,"0.0%") -> 0.32079682 | M28: =H28/$P$8 -> 0.0018186021
... C35: 0219 - MINISTERIO DE EDUCACIÓN SUPERIOR CIENCIA Y TECNOLOGÍA | D35: 1.0112587e+10 | E35: 23276233658 | F35: 2.3328992e+10 | G35: 1.0374013e+10 | H35: 9.8868942e+09 | I35: 9.7515627e+09 | J35: =H35/F35 -> 0.42380289 | K35: =H35-D35 -> -2.2569313e+08 | L35: =IFERROR(K35/D35,"0.0%") -> -0.02231804 | M35: =H35/$P$8 -> 0.0011394188
C36: 0220 - MINISTERIO DE ECONOMÍA, PLANIFICACIÓN Y DESARROLLO | D36: 1.4856248e+09 | E36: 0 | F36: 0 | G36: 0 | H36: 0 | I36: 0 | J36: 0 | K36: =H36-D36 -> -1.4856248e+09 | L36: =IFERROR(K36/D36,"0.0%") -> -1 | M36: =H36/$P$8 -> 0
C37: 0221 - MINISTERIO DE ADMINISTRACIÓN PÚBLICA | D37: 1.0676379e+09 | E37: 2886533263 | F37: 2.8865333e+09 | G37: 1.93346e+09 | H37: 1.1710674e+09 | I37: 1.130208e+09 | J37: =H37/F37 -> 0.40570031 | K37: =H37-D37 -> 1.0342952e+08 | L37: =IFERROR(K37/D37,"0.0%") -> 0.096876964 | M37: =H37/$P$8 -> 0.0001349601
C38: 0222 - MINISTERIO DE ENERGIA Y MINAS | D38: 1.3646159e+09 | E38: 10596192158 | F38: 10596192158 | G38: 2.9124701e+09 | H38: 1.4314051e+09 | I38: 1.3471058e+09 | J38: =H38/F38 -> 0.13508675 | K38: =H38-D38 -> 66789205 | L38: =IFERROR(K38/D38,"0.0%") -> 0.048943592 | M38: =H38/$P$8 -> 0.00016496281
C39: 0223 - MINISTERIO DE LA VIVIENDA, HABITAT Y EDIFICACIONES | D39: 8.9537786e+09 | E39: 25212748733 | F39: 25738467149 | G39: 1.3229872e+10 | H39: 9.9777238e+09 | I39: 9.5432168e+09 | J39: =H39/F39 -> 0.38765804 | K39: =H39-D39 -> 1.0239452e+09 | L39: =IFERROR(K39/D39,"0.0%") -> 0.114359 | M39: =H39/$P$8 -> 0.0011498865
C40: 0224 - MINISTERIO DE JUSTICIA | D40: 0 | E40: 4175726215 | F40: 4175726215 | G40: 1.5605734e+09 | H40: 1.5562939e+09 | I40: 1.554642e+09 | J40: =H40/F40 -> 0.37270017 | K40: =H40-D40 -> 1.5562939e+09 | L40: =IFERROR(K40/D40,"0.0%") -> 0.0% | M40: =H40/$P$8 -> 0.00017935566
C41: PODER JUDICIAL | D41: =D42 -> 6.4602681e+09 | E41: =E42 -> 12921593863 | F41: =F42 -> 12921593863 | G41: =G42 -> 6753651308 | H41: =H42 -> 6753651308 | I41: =I42 -> 6753651308 | J41: =H41/F41 -> 0.52266395 | K41: =H41-D41 -> 2.9338317e+08 | L41: =IFERROR(K41/D41,"0.0%") -> 0.045413467 | M41: =H41/$P$8 -> 0.00077832703
C42: 0301 - PODER JUDICIAL | D42: 6.4602681e+09 | E42: 12921593863 | F42: 12921593863 | G42: 6753651308 | H42: 6753651308 | I42: 6753651308 | J42: =H42/F42 -> 0.52266395 | K42: =H42-D42 -> 2.9338317e+08 | L42: =IFERROR(K42/D42,"0.0%") -> 0.045413467 | M42: =H42/$P$8 -> 0.00077832703
C43: ORGANISMOS ESPECIALES | D43: =SUM(D44:D49) -> 6.8902778e+09 | E43: =SUM(E44:E49) -> 16665181182 | F43: =SUM(F44:F49) -> 16665181182 | G43: =SUM(G44:G49) -> 8.2798731e+09 | H43: =SUM(H44:H49) -> 8.247342e+09 | I43: =SUM(I44:I49) -> 8.2423649e+09 | J43: =H43/F43 -> 0.49488463 | K43: =H43-D43 -> 1.3570642e+09 | L43: =IFERROR(K43/D43,"0.0%") -> 0.19695348 | M43: =H43/$P$8 -> 0.00095046796
C44: 0401 - JUNTA CENTRAL ELECTORAL | D44: 3900534988 | E44: 10870891737 | F44: 10870891737 | G44: 5435445786 | H44: 5435445786 | I44: 5435445786 | J44: =H44/F44 -> 0.49999999 | K44: =H44-D44 -> 1534910798 | L44: =IFERROR(K44/D44,"0.0%") -> 0.39351289 | M44: =H44/$P$8 -> 0.00062640995
C45: 0402 - CÁMARA DE CUENTAS | D45: 7.6112397e+08 | E45: 1524248087 | F45: 1524248087 | G45: 7.6212396e+08 | H45: 7.6212396e+08 | I45: 7.6212396e+08 | J45: =H45/F45 -> 0.49999995 | K45: =H45-D45 -> 999997.03 | L45: =IFERROR(K45/D45,"0.0%") -> 0.0013138425 | M45: =H45/$P$8 -> 8.7831257e-05
C46: 0403 - TRIBUNAL CONSTITUCIONAL | D46: 950185874 | E46: 1975371875 | F46: 1975371875 | G46: 987685860 | H46: 987685860 | I46: 987685860 | J46: =H46/F46 -> 0.49999996 | K46: =H46-D46 -> 37499986 | L46: =IFERROR(K46/D46,"0.0%") -> 0.039465948 | M46: =H46/$P$8 -> 0.00011382622
C47: 0404 - DEFENSOR DEL PUEBLO | D47: 1.864101e+08 | E47: 400000000 | F47: 4e+08 | G47: 1.9452451e+08 | H47: 1.9451521e+08 | I47: 1.9308929e+08 | J47: =H47/F47 -> 0.48628803 | K47: =H47-D47 -> 8105112.4 | L47: =IFERROR(K47/D47,"0.0%") -> 0.043480007 | M47: =H47/$P$8 -> 2.2416977e-05
C48: 0405 - TRIBUNAL SUPERIOR ELECTORAL | D48: 7.1745817e+08 | E48: 1008000000 | F48: 1008000000 | G48: 5.0399993e+08 | H48: 5.0399993e+08 | I48: 5.0399993e+08 | J48: =H48/F48 -> 0.49999993 | K48: =H48-D48 -> -2.1345824e+08 | L48: =IFERROR(K48/D48,"0.0%") -> -0.29752012 | M48: =H48/$P$8 -> 5.8083658e-05
C49: 0406-OFICINA NACIONAL DE DEFENSA PUBLICA | D49: 3.7456467e+08 | E49: 886669483 | F49: 886669483 | G49: 3.9609308e+08 | H49: 3.6357123e+08 | I49: 3.6002002e+08 | J49: =H49/F49 -> 0.41004143 | K49: =H49-D49 -> -10993446 | L49: =IFERROR(K49/D49,"0.0%") -> -0.029349928 | M49: =H49/$P$8 -> 4.18999e-05
C50: OTROS | D50: =SUM(D51:D52) -> 2.5517917e+11 | E50: =SUM(E51:E52) -> 514622504912 | F50: =SUM(F51:F52) -> 514622504912 | G50: =SUM(G51:G52) -> 3.0474819e+11 | H50: =SUM(H51:H52) -> 2.708706e+11 | I50: =SUM(I51:I52) -> 2.4405335e+11 | J50: =H50/F50 -> 0.52634814 | K50: =H50-D50 -> 1.5691432e+10 | L50: =IFERROR(K50/D50,"0.0%") -> 0.061491821 | M50: =H50/$P$8 -> 0.031216582
C51: 0998 - ADMINISTRACION DE DEUDA PUBLICA Y ACTIVOS FINANCIEROS | D51: 1.8592213e+11 | E51: 362550018434 | F51: 362550018434 | G51: 1.8392343e+11 | H51: 1.7826111e+11 | I51: 1.5150729e+11 | J51: =H51/F51 -> 0.49168693 | K51: =H51-D51 -> -7.6610186e+09 | L51: =IFERROR(K51/D51,"0.0%") -> -0.041205524 | M51: =H51/$P$8 -> 0.020543767
C52: 0999 - ADMINISTRACION DE OBLIGACIONES DEL TESORO NACIONAL | D52: 6.9257043e+10 | E52: 152072486478 | F52: 152072486478 | G52: 1.2082477e+11 | H52: 9.2609494e+10 | I52: 9.2546064e+10 | J52: =H52/F52 -> 0.60898257 | K52: =H52-D52 -> 2.3352451e+10 | L52: =IFERROR(K52/D52,"0.0%") -> 0.33718521 | M52: =H52/$P$8 -> 0.010672815
C53: TOTAL | D53: =D13+D16+D41+D43+D50 -> 7.1106772e+11 | E53: =E13+E16+E41+E43+E50 -> 1622833406287 | F53: =F13+F16+F41+F43+F50 -> 1.627412e+12 | G53: =G13+G16+G41+G43+G50 -> 9.8804883e+11 | H53: =H13+H16+H41+H43+H50 -> 7.643104e+11 | I53: =I13+I16+I41+I43+I50 -> 7.2302897e+11 | J53: =H53/F53 -> 0.46964777 | K53: =H53-D53 -> 5.3242682e+10 | L53: =IFERROR(K53/D53,"0.0%") -> 0.07487709 | M53: =H53/$P$8 -> 0.088083234
C54: Notas: *Cifras preliminares.
C55: 1. Fecha de imputación al 30/06/2026 // Fecha de registro al 15/07/2026.
C56: 2. Se utilizó el PIB del Panorama Macroeconómico actualizado al 09 de junio 2026, elaborado por el Ministerio de Hacienda y Economía.
C57: 3. El presupuesto vigente corresponde al presupuesto aprobado, referente a la Ley núm. 99-25 de Presupuesto General del Estado para el periodo fiscal 2026, incluyendo las modificaciones permitidas conforme a lo dispuesto en el Art. 48 de la Ley Orgánica de Presupuesto para el Sector Público (Ley núm. 423-06).
C58: 4. El Ministerio de Hacienda, Planificación y Desarrollo pasa a fusionarse con el Ministerio de Hacienda por la Ley núm. 45-25 para convertirse en Ministerio de Hacienda y Economía.
C59: Fuente: Sistema de Información de la Gestión Financiera (SIGEF).

Sheet Tabla 8
C2: MINISTERIO DE HACIENDA Y ECONOMÍA
C3: DIRECCIÓN GENERAL DE PRESUPUESTO
C4: DIRECCIÓN DE ESTUDIOS ECONÓMICOS Y SEGUIMIENTO FINANCIERO
C8: Tabla 8. Ejecución en Programas Protegido/ Prioritario
D9: Enero- Junio 2026
D10: Valores en Millones RD$
L12: PIB Nominal (RD$ millones) | M12: 8.6771383e+12
B13: Programa Protegido/ Prioritario | D13: 2026 | I13: % Ejecución | J13: % PIB
D14: Presupuesto Inicial | E14: Enero- Junio
E15: Presupuesto Vigente | F15: Compromiso | G15: Devengado | H15: Pagado
D16: 1 | E16: 2 | F16: 3 | G16: 4 | H16: 5 | I16: 6=(4/2) | J16: 7=4/PIB
B17: Desarrollo rural y sostenible | D17: 64665495 | E17: 64590495 | F17: 13463568 | G17: 9297577.5 | H17: 6001370.4 | I17: =IFERROR(G17/E17,"NA") -> 0.14394653 | J17: =IFERROR(G17/$M$12,"0") -> 1.0715027e-06
B18: Política de Cuidados | D18: 112471764 | E18: 112471764 | F18: 50265334 | G18: 11670359 | H18: 11334545 | I18: =IFERROR(G18/E18,"NA") -> 0.10376256 | J18: =IFERROR(G18/$M$12,"0") -> 1.3449548e-06
B19: Reducción Integral de violencia de género e intrafamiliar | D19: 1231725185 | E19: 1242543064 | F19: 9.1117947e+08 | G19: 5.4457831e+08 | H19: 4.7594086e+08 | I19: =IFERROR(G19/E19,"NA") -> 0.43827721 | J19: =IFERROR(G19/$M$12,"0") -> 6.2760128e-05
B20: Formación para empleabilidad | D20: 21596313416 | E20: 2.2819912e+10 | F20: 1.2902337e+10 | G20: 6.539203e+09 | H20: 6.4746617e+09 | I20: =IFERROR(G20/E20,"NA") -> 0.28655689 | J20: =IFERROR(G20/$M$12,"0") -> 0.00075361285
B21: Atención Primaria | D21: 12152397949 | E21: 1.2154972e+10 | F21: 5.5850451e+09 | G21: 5.5678408e+09 | H21: 5.5654694e+09 | I21: =IFERROR(G21/E21,"NA") -> 0.45807106 | J21: =IFERROR(G21/$M$12,"0") -> 0.00064166787
B22: Gestión por resultados | D22: 71558560 | E22: 162522644 | F22: 1.4266469e+08 | G22: 1.0890933e+08 | H22: 1.0889582e+08 | I22: =IFERROR(G22/E22,"NA") -> 0.67011786 | J22: =IFERROR(G22/$M$12,"0") -> 1.2551295e-05
B23: Programa Oportunidad 14-24 | D23: 830917381 | E23: 830917381 | F23: 5.0377995e+08 | G23: 2.8270936e+08 | H23: 2.8062664e+08 | I23: =IFERROR(G23/E23,"NA") -> 0.34023763 | J23: =IFERROR(G23/$M$12,"0") -> 3.2580944e-05
B24: Sostenibilidad ambiental | D24: 943118492 | E24: 892644724 | F24: 4.8441031e+08 | G24: 2.9672587e+08 | H24: 2.6210591e+08 | I24: =IFERROR(G24/E24,"NA") -> 0.33241206 | J24: =IFERROR(G24/$M$12,"0") -> 3.4196282e-05
B25: Subtotal | D25: =SUM(D17:D24) -> 37003168242 | E25: =SUM(E17:E24) -> 3.8280573e+10 | F25: =SUM(F17:F24) -> 2.0593145e+10 | G25: =SUM(G17:G24) -> 1.3360935e+10 | H25: =SUM(H17:H24) -> 1.3185036e+10 | I25: =IFERROR(G25/E25,"NA") -> 0.3490265 | J25: =IFERROR(G25/$M$12,"0") -> 0.0015397858
B26: Notas: *Cifras preliminares.
B27: 1. Fecha de imputación al 30/06/2026 // Fecha de registro al 15/07/2026.
B28: 2. Se utilizó el PIB del Panorama Macroeconómico actualizado al 09 de junio 2026, elaborado por el Ministerio de Hacienda y Economía.
B29: 3. El presupuesto vigente corresponde al presupuesto aprobado, referente a la Ley núm. 99-25 de Presupuesto General del Estado para el periodo fiscal 2026, incluyendo las modificaciones permitidas conforme a lo dispuesto en el Art. 48 de la Ley Orgánica de Presupuesto para el Sector Público (Ley núm. 423-06).
B30: 4. Fuente: Sistema de Información de la Gestión Financiera (SIGEF).

Sheet Tabla 9
C2: MINISTERIO DE HACIENDA Y ECONOMÍA
C3: DIRECCIÓN GENERAL DE PRESUPUESTO
C4: DIRECCIÓN DE ESTUDIOS ECONÓMICOS Y SEGUIMIENTO FINANCIERO
C6: Tabla 9. Ejecución en Programas Orientados a Resultados
C7: Enero- Junio 2026
C8: Valores en Millones RD$
L9: PIB Nominal (RD$ millones) | M9: 8.6771383e+12
B11: Programas Presupuestarios Orientados a Resultados | D11: 2026 | I11: % Ejecución | J11: % PIB
D12: Presupuesto Inicial | E12: Enero- Junio
E13: Presupuesto Vigente | F13: Compromiso | G13: Devengado | H13: Pagado
D14: 1 | E14: 2 | F14: 3 | G14: 4 | H14: 5 | I14: 6=(4/2) | J14: 7=4/PIB
B15: Detección temprana del déficit auditivo en niños menores de 5 años | D15: 100000000 | E15: 100000000 | F15: 28479513 | G15: 28203227 | H15: 28203227 | I15: =IFERROR(G15/E15,"NA") -> 0.28203227 | J15: =IFERROR(G15/$M$9,"0") -> 3.2502913e-06
B16: Desarrollo Integral y Protección al adulto mayor | D16: 2184597781 | E16: 2184597781 | F16: 8.2729691e+08 | G16: 7.5523593e+08 | H16: 7.2556012e+08 | I16: =IFERROR(G16/E16,"NA") -> 0.34570937 | J16: =IFERROR(G16/$M$9,"0") -> 8.7037443e-05
B17: Prevención y control de enferemedades bovinas | D17: 48859279 | E17: 48859279 | F17: 21322414 | G17: 10702144 | H17: 10555636 | I17: =IFERROR(G17/E17,"NA") -> 0.21904016 | J17: =IFERROR(G17/$M$9,"0") -> 1.2333725e-06
B18: Fomento y desarrollo de la productividad de los sistemas de producción de leche bovina | D18: 22424753 | E18: 22304753 | F18: 12741873 | G18: 6911949.6 | H18: 5084935.9 | I18: =IFERROR(G18/E18,"NA") -> 0.30988685 | J18: =IFERROR(G18/$M$9,"0") -> 7.9657017e-07
B19: Aumento del empleo | D19: 557153162 | E19: 5.5715316e+08 | F19: 1.1378683e+08 | G19: 90788533 | H19: 86530358 | I19: =IFERROR(G19/E19,"NA") -> 0.16295076 | J19: =IFERROR(G19/$M$9,"0") -> 1.0462958e-05
B20: Desarrollo infantil para niños y niñas de 0 a 4 años y 11 meses | D20: 12027715656 | E20: 1.2556725e+10 | F20: 9.1115324e+09 | G20: 5.1540569e+09 | H20: 4.995375e+09 | I20: =IFERROR(G20/E20,"NA") -> 0.41046186 | J20: =IFERROR(G20/$M$9,"0") -> 0.00059398118
B21: Salud materno neonatal | D21: 2884121626 | E21: 3.0977022e+09 | F21: 1.1538831e+09 | G21: 1.1215374e+09 | H21: 1.0999851e+09 | I21: =IFERROR(G21/E21,"NA") -> 0.3620546 | J21: =IFERROR(G21/$M$9,"0") -> 0.00012925198
B22: Prevención y Atención de la Tuberculosis | D22: 524649252 | E22: 524649252 | F22: 1.9363196e+08 | G22: 1.7932419e+08 | H22: 1.6393627e+08 | I22: =IFERROR(G22/E22,"NA") -> 0.34179823 | J22: =IFERROR(G22/$M$9,"0") -> 2.0666282e-05
B23: Prevención, Diagnóstico y Tratamiento VIH/SIDA | D23: 2081392788 | E23: 2081392788 | F23: 6.5094606e+08 | G23: 4.8980746e+08 | H23: 4.5839032e+08 | I23: =IFERROR(G23/E23,"NA") -> 0.23532678 | J23: =IFERROR(G23/$M$9,"0") -> 5.6448041e-05
B24: Detección Oportuna y Atención al Cáncer | D24: 427203339 | E24: 427203339 | F24: 1.2666511e+08 | G24: 78720103 | H24: 76987645 | I24: =IFERROR(G24/E24,"NA") -> 0.18426846 | J24: =IFERROR(G24/$M$9,"0") -> 9.0721272e-06
B25: Programa Multisectorial de Reducción de Embarazo en Adolescentes | D25: 354820000 | E25: 354820000 | F25: 1.0790032e+08 | G25: 27882620 | H25: 12743900 | I25: =IFERROR(G25/E25,"NA") -> 0.078582435 | J25: =IFERROR(G25/$M$9,"0") -> 3.2133428e-06
B26: Alfabetización de estudiantes del primer ciclo del nivel primario | D26: 1743821158 | E26: 1.9912528e+09 | F26: 6.528064e+08 | G26: 6.0137943e+08 | H26: 5.6922275e+08 | I26: =IFERROR(G26/E26,"NA") -> 0.30201058 | J26: =IFERROR(G26/$M$9,"0") -> 6.9306193e-05
... B28: Reduccción de Crímenes y delitos que afectan a la seguridad ciudadana | D28: 1708000000 | E28: 1708000000 | F28: 6.1964871e+08 | G28: 5.3396079e+08 | H28: 5.2964709e+08 | I28: =IFERROR(G28/E28,"NA") -> 0.31262342 | J28: =IFERROR(G28/$M$9,"0") -> 6.1536508e-05
B29: Subtotal | D29: =SUM(D15:D28) -> 25466593289 | E29: =SUM(E15:E28) -> 2.6456615e+10 | F29: =SUM(F15:F28) -> 1.3869463e+10 | G29: =SUM(G15:G28) -> 9.3059242e+09 | H29: =SUM(H15:H28) -> 8.9886504e+09 | I29: =IFERROR(G29/E29,"NA") -> 0.35174282 | J29: =IFERROR(G29/$M$9,"0") -> 0.0010724647
B31: Notas: *Cifras preliminares.
B32: 1. Fecha de imputación al 30/06/2026 // Fecha de registro al 15/07/2026.
B33: 2. Se utilizó el PIB del Panorama Macroeconómico actualizado al 09 de junio 2026, elaborado por el Ministerio de Hacienda y Economía.
B34: 3. El presupuesto vigente corresponde al presupuesto aprobado, referente a la Ley núm. 99-25 de Presupuesto General del Estado para el periodo fiscal 2026, incluyendo las modificaciones permitidas conforme a lo dispuesto en el Art. 48 de la Ley Orgánica de Presupuesto para el Sector Público (Ley núm. 423-06).
B35: 4. Fuente: Sistema de Información de la Gestión Financiera (SIGEF).

Sheet Tabla 10
A2: MINISTERIO DE HACIENDA Y ECONOMÍA
A3: DIRECCIÓN GENERAL DE PRESUPUESTO
A4: DIRECCIÓN DE ESTUDIOS ECONÓMICOS Y SEGUIMIENTO FINANCIERO
C6: Tabla 10. Gastos del Gobierno Central por Clasificación Funcional
C7: (Enero - Junio 2025 y 2026)
C8: Valores en millones RD$ | O8: PIB Nominal (Millones RD$) | P8: 8.6771383e+12
C9: Detalle | D9: 2025 | E9: 2026 | K9: Variación 2026/2025 | M9: Ejecución % PIB
D10: Devengado | E10: Presupuesto inicial | F10: Presupuesto Vigente | G10: Comprometido | H10: Devengado | I10: Pagado | J10: % Cumplimiento
K11: ABS. | L11: REL.
D12: 1 | E12: 2 | F12: 3 | G12: 4 | H12: 5 | I12: 6 | J12: 7 = (5/3) | K12: 8 = (5-1) | L12: 9 =(8/1) | M12: 10 = (5/PIB)
C13: 1 - SERVICIOS GENERALES | D13: =SUM(D14:D17) -> 1.0852376e+11 | E13: =SUM(E14:E17) -> 256969074361 | F13: =SUM(F14:F17) -> 2.5898313e+11 | G13: =SUM(G14:G17) -> 1.5566413e+11 | H13: =SUM(H14:H17) -> 1.1964671e+11 | I13: =SUM(I14:I17) -> 1.178067e+11 | J13: =IFERROR(H13/F13,"0.0%") -> 0.46198649 | K13: =H13-D13 -> 1.1122949e+10 | L13: =IFERROR(K13/D13,"0.0%") -> 0.10249321 | M13: =H13/$P$8 -> 0.013788729
C14: 1.1 - Administración general | D14: 4.3578865e+10 | E14: 102151484178 | F14: 1.009345e+11 | G14: 5.3587392e+10 | H14: 4.6959961e+10 | I14: 4.6222642e+10 | J14: =IFERROR(H14/F14,"0.0%") -> 0.46525182 | K14: =H14-D14 -> 3.3810959e+09 | L14: =IFERROR(K14/D14,"0.0%") -> 0.07758568 | M14: =H14/$P$8 -> 0.005411918
C15: 1.2 - Relaciones internacionales | D15: 6.3475426e+09 | E15: 15009549215 | F15: 1.5032667e+10 | G15: 9.4646144e+09 | H15: 5.7475982e+09 | I15: 5.6404335e+09 | J15: =IFERROR(H15/F15,"0.0%") -> 0.38234055 | K15: =H15-D15 -> -5.9994434e+08 | L15: =IFERROR(K15/D15,"0.0%") -> -0.094516001 | M15: =H15/$P$8 -> 0.00066238407
C16: 1.3 - Defensa nacional | D16: 2.3284934e+10 | E16: 55750231755 | F16: 57385987719 | G16: 4.7885337e+10 | H16: 2.6306339e+10 | I16: 2.5829278e+10 | J16: =IFERROR(H16/F16,"0.0%") -> 0.45841049 | K16: =H16-D16 -> 3.021405e+09 | L16: =IFERROR(K16/D16,"0.0%") -> 0.12975794 | M16: =H16/$P$8 -> 0.0030316837
C17: 1.4 - Justicia, orden público y seguridad | D17: 3.5312419e+10 | E17: 84057809213 | F17: 8.5629974e+10 | G17: 4.4726785e+10 | H17: 4.0632811e+10 | I17: 4.0114347e+10 | J17: =IFERROR(H17/F17,"0.0%") -> 0.47451621 | K17: =H17-D17 -> 5.3203923e+09 | L17: =IFERROR(K17/D17,"0.0%") -> 0.15066632 | M17: =H17/$P$8 -> 0.0046827432
C18: 2 - SERVICIOS ECONÓMICOS | D18: =SUM(D19:D27) -> 1.1214162e+11 | E18: =SUM(E19:E27) -> 249200443837 | F18: =SUM(F19:F27) -> 2.5027738e+11 | G18: =SUM(G19:G27) -> 1.564095e+11 | H18: =SUM(H19:H27) -> 1.416639e+11 | I18: =SUM(I19:I27) -> 1.3760063e+11 | J18: =IFERROR(H18/F18,"0.0%") -> 0.56602757 | K18: =H18-D18 -> 2.952228e+10 | L18: =IFERROR(K18/D18,"0.0%") -> 0.26325891 | M18: =H18/$P$8 -> 0.016326108
C19: 2.1 - Asuntos económicos, comerciales y laborales | D19: 1.2604108e+10 | E19: 22840302147 | F19: 2.9767315e+10 | G19: 2.4086083e+10 | H19: 2.327555e+10 | I19: 2.3118597e+10 | J19: =IFERROR(H19/F19,"0.0%") -> 0.78191633 | K19: =H19-D19 -> 1.0671441e+10 | L19: =IFERROR(K19/D19,"0.0%") -> 0.84666374 | M19: =H19/$P$8 -> 0.0026823993
C20: 2.2 - Agropecuaria, caza, pesca y silvicultura | D20: 7.1227774e+09 | E20: 19229327493 | F20: 1.9766572e+10 | G20: 9.4583845e+09 | H20: 8.467711e+09 | I20: 8.0424554e+09 | J20: =IFERROR(H20/F20,"0.0%") -> 0.4283854 | K20: =H20-D20 -> 1.3449336e+09 | L20: =IFERROR(K20/D20,"0.0%") -> 0.18882151 | M20: =H20/$P$8 -> 0.00097586447
C21: 2.3 - Riego | D21: 2.5818899e+09 | E21: 6975321990 | F21: 6975321990 | G21: 4.6498943e+09 | H21: 2.9695652e+09 | I21: 2.9665998e+09 | J21: =IFERROR(H21/F21,"0.0%") -> 0.42572447 | K21: =H21-D21 -> 3.8767537e+08 | L21: =IFERROR(K21/D21,"0.0%") -> 0.15015178 | M21: =H21/$P$8 -> 0.00034222864
C22: 2.4 - Energía y combustible | D22: 4.4753353e+10 | E22: 95599385504 | F22: 88713033719 | G22: 6.1077094e+10 | H22: 5.9991041e+10 | I22: 5.9931325e+10 | J22: =IFERROR(H22/F22,"0.0%") -> 0.67623705 | K22: =H22-D22 -> 1.5237688e+10 | L22: =IFERROR(K22/D22,"0.0%") -> 0.34048149 | M22: =H22/$P$8 -> 0.0069136896
C23: 2.5 - Minería, manufactura y construcción | D23: 3.4677127e+08 | E23: 984650259 | F23: 987037509 | G23: 9.5555115e+08 | H23: 4.4675337e+08 | I23: 4.142189e+08 | J23: =IFERROR(H23/F23,"0.0%") -> 0.45262046 | K23: =H23-D23 -> 99982105 | L23: =IFERROR(K23/D23,"0.0%") -> 0.28832292 | M23: =H23/$P$8 -> 5.1486257e-05
C24: 2.6 - Transporte | D24: 4.1240289e+10 | E24: 89860675127 | F24: 9.0271662e+10 | G24: 4.9994864e+10 | H24: 4.246583e+10 | I24: 3.949869e+10 | J24: =IFERROR(H24/F24,"0.0%") -> 0.4704226 | K24: =H24-D24 -> 1.2255404e+09 | L24: =IFERROR(K24/D24,"0.0%") -> 0.029717066 | M24: =H24/$P$8 -> 0.0048939902
C25: 2.7 - Comunicaciones | D25: 1.3135429e+09 | E25: 4386380395 | F25: 4386380395 | G25: 1.679629e+09 | H25: 1.3303293e+09 | I25: 1.3073268e+09 | J25: =IFERROR(H25/F25,"0.0%") -> 0.30328634 | K25: =H25-D25 -> 16786325 | L25: =IFERROR(K25/D25,"0.0%") -> 0.012779426 | M25: =H25/$P$8 -> 0.00015331429
C26: 2.8 - Banca y seguros | D26: 37425755 | E26: 149703020 | F26: 149703020 | G26: 0 | H26: 0 | I26: 0 | J26: =IFERROR(H26/F26,"0.0%") -> 0 | K26: =H26-D26 -> -37425755 | L26: =IFERROR(K26/D26,"0.0%") -> -1 | M26: =H26/$P$8 -> 0
C27: 2.9 - Otros servicios económicos | D27: 2.1414582e+09 | E27: 9174697902 | F27: 9.2603507e+09 | G27: 4.5080001e+09 | H27: 2.7171165e+09 | I27: 2.3214135e+09 | J27: =IFERROR(H27/F27,"0.0%") -> 0.293414 | K27: =H27-D27 -> 5.7565832e+08 | L27: =IFERROR(K27/D27,"0.0%") -> 0.26881605 | M27: =H27/$P$8 -> 0.00031313509
C28: 3 - PROTECCIÓN DEL MEDIO AMBIENTE | D28: =SUM(D29:D31) -> 4.2782535e+09 | E28: =SUM(E29:E31) -> 15653220062 | F28: =SUM(F29:F31) -> 1.5819644e+10 | G28: =SUM(G29:G31) -> 6.2016342e+09 | H28: =SUM(H29:H31) -> 4.3655031e+09 | I28: =SUM(I29:I31) -> 4.2684504e+09 | J28: =IFERROR(H28/F28,"0.0%") -> 0.27595456 | K28: =H28-D28 -> 87249631 | L28: =IFERROR(K28/D28,"0.0%") -> 0.02039375 | M28: =H28/$P$8 -> 0.00050310401
C29: 3.1 - Protección del aire, agua y suelo | D29: 2.270997e+08 | E29: 1159849100 | F29: 1152909700 | G29: 6.9259091e+08 | H29: 3.7956357e+08 | I29: 3.75334e+08 | J29: =IFERROR(H29/F29,"0.0%") -> 0.32922229 | K29: =H29-D29 -> 1.5246387e+08 | L29: =IFERROR(K29/D29,"0.0%") -> 0.67135215 | M29: =H29/$P$8 -> 4.3742943e-05
C30: 3.2 - Protección de la biodiversidad y ordenación de desechos | D30: 2.7538369e+09 | E30: 8167588808 | F30: 8.3389518e+09 | G30: 3.9633859e+09 | H30: 2.6040633e+09 | I30: 2.5414172e+09 | J30: =IFERROR(H30/F30,"0.0%") -> 0.31227705 | K30: =H30-D30 -> -1.4977363e+08 | L30: =IFERROR(K30/D30,"0.0%") -> -0.054387256 | M30: =H30/$P$8 -> 0.00030010623
C31: 3.3 - Cambio Climático | D31: 1.2973169e+09 | E31: 6325782154 | F31: 6.327783e+09 | G31: 1.5456573e+09 | H31: 1.3818763e+09 | I31: 1.3516993e+09 | J31: =IFERROR(H31/F31,"0.0%") -> 0.21838237 | K31: =H31-D31 -> 84559392 | L31: =IFERROR(K31/D31,"0.0%") -> 0.065180215 | M31: =H31/$P$8 -> 0.00015925484
C32: 4 - SERVICIOS SOCIALES | D32: =SUM(D33:D38) -> 3.0020196e+11 | E32: =SUM(E33:E38) -> 738460649593 | F32: =SUM(F33:F38) -> 7.3978178e+11 | G32: =SUM(G33:G38) -> 4.8585014e+11 | H32: =SUM(H33:H38) -> 3.2037319e+11 | I32: =SUM(I33:I38) -> 3.118459e+11 | J32: =IFERROR(H32/F32,"0.0%") -> 0.43306444 | K32: =H32-D32 -> 2.0171222e+10 | L32: =IFERROR(K32/D32,"0.0%") -> 0.067192173 | M32: =H32/$P$8 -> 0.036921526
C33: 4.1 - Vivienda y servicios comunitarios | D33: 1.5183122e+10 | E33: 31370841423 | F33: 3.1680349e+10 | G33: 1.418472e+10 | H33: 1.3942614e+10 | I33: 1.3880829e+10 | J33: =IFERROR(H33/F33,"0.0%") -> 0.44010294 | K33: =H33-D33 -> -1.2405076e+09 | L33: =IFERROR(K33/D33,"0.0%") -> -0.081703063 | M33: =H33/$P$8 -> 0.0016068217
C34: 4.2 - Salud | D34: 6.7290446e+10 | E34: 168782842806 | F34: 1.6833577e+11 | G34: 8.3182868e+10 | H34: 7.3105215e+10 | I34: 6.9802364e+10 | J34: =IFERROR(H34/F34,"0.0%") -> 0.43428212 | K34: =H34-D34 -> 5.8147693e+09 | L34: =IFERROR(K34/D34,"0.0%") -> 0.086413 | M34: =H34/$P$8 -> 0.0084250374
C35: 4.3 - Actividades deportivas, recreativas, culturales y religiosas | D35: 5.7904407e+09 | E35: 16923613014 | F35: 1.851458e+10 | G35: 1.0906016e+10 | H35: 9.1814275e+09 | I35: 8.8843075e+09 | J35: =IFERROR(H35/F35,"0.0%") -> 0.49590257 | K35: =H35-D35 -> 3.3909868e+09 | L35: =IFERROR(K35/D35,"0.0%") -> 0.58561809 | M35: =H35/$P$8 -> 0.001058117
C36: 4.4 - Educación | D36: 1.3714688e+11 | E36: 328145067506 | F36: 3.2836871e+11 | G36: 2.4126e+11 | H36: 1.4611595e+11 | I36: 1.4209347e+11 | J36: =IFERROR(H36/F36,"0.0%") -> 0.44497526 | K36: =H36-D36 -> 8.9690719e+09 | L36: =IFERROR(K36/D36,"0.0%") -> 0.065397565 | M36: =H36/$P$8 -> 0.016839187
C37: 4.5 - Protección social | D37: 7.4433482e+10 | E37: 191985997254 | F37: 1.9161876e+11 | G37: 1.3568667e+11 | H37: 7.7595278e+10 | I37: 7.6785566e+10 | J37: =IFERROR(H37/F37,"0.0%") -> 0.40494613 | K37: =H37-D37 -> 3.1617952e+09 | L37: =IFERROR(K37/D37,"0.0%") -> 0.042478131 | M37: =H37/$P$8 -> 0.0089424963
C38: 4.6-Equidad de género | D38: 3.5759438e+08 | E38: 1252287590 | F38: 1.2636092e+09 | G38: 6.2986502e+08 | H38: 4.3270087e+08 | I38: 3.9936267e+08 | J38: =IFERROR(H38/F38,"0.0%") -> 0.3424325 | K38: =H38-D38 -> 75106490 | L38: =IFERROR(K38/D38,"0.0%") -> 0.21003264 | M38: =H38/$P$8 -> 4.9866771e-05
C39: 5 - INTERESES DE LA DEUDA PÚBLICA | D39: =D40 -> 1.8592213e+11 | E39: =E40 -> 362550018434 | F39: =F40 -> 362550018434 | G39: =G40 -> 1.8392343e+11 | H39: =H40 -> 1.7826111e+11 | I39: =I40 -> 1.5150729e+11 | J39: =IFERROR(H39/F39,"0.0%") -> 0.49168693 | K39: =H39-D39 -> -7.6610186e+09 | L39: =IFERROR(K39/D39,"0.0%") -> -0.041205524 | M39: =H39/$P$8 -> 0.020543767
C40: 5.1 - Intereses y comisiones de deuda pública | D40: 1.8592213e+11 | E40: 362550018434 | F40: 362550018434 | G40: 1.8392343e+11 | H40: 1.7826111e+11 | I40: 1.5150729e+11 | J40: =IFERROR(H40/F40,"0.0%") -> 0.49168693 | K40: =H40-D40 -> -7.6610186e+09 | L40: =IFERROR(K40/D40,"0.0%") -> -0.041205524 | M40: =H40/$P$8 -> 0.020543767
C41: TOTAL | D41: =SUM(D39+D32+D28+D18+D13) -> 7.1106772e+11 | E41: =SUM(E39+E32+E28+E18+E13) -> 1622833406287 | F41: =SUM(F39+F32+F28+F18+F13) -> 1.627412e+12 | G41: =SUM(G39+G32+G28+G18+G13) -> 9.8804883e+11 | H41: =SUM(H39+H32+H28+H18+H13) -> 7.643104e+11 | I41: =SUM(I39+I32+I28+I18+I13) -> 7.2302897e+11 | J41: =IFERROR(H41/F41,"0.0%") -> 0.46964777 | K41: =H41-D41 -> 5.3242682e+10 | L41: =IFERROR(K41/D41,"0.0%") -> 0.07487709 | M41: =H41/$P$8 -> 0.088083234
C42: Notas: *Cifras preliminares.
C43: 1. Fecha de imputación al 30/06/2026 // Fecha de registro al 15/07/2026.
C44: 2. Se utilizó el PIB del Panorama Macroeconómico actualizado al 09 de junio 2026, elaborado por el Ministerio de Hacienda y Economía.
C45: 3. El presupuesto vigente corresponde al presupuesto aprobado, referente a la Ley núm. 99-25 de Presupuesto General del Estado para el periodo fiscal 2026, incluyendo las modificaciones permitidas conforme a lo dispuesto en el Art. 48 de la Ley Orgánica de Presupuesto para el Sector Público (Ley núm. 423-06).
C46: 4. Fuente: Sistema de Información de la Gestión Financiera (SIGEF).

Sheet Tabla 11
B2: MINISTERIO DE HACIENDA Y ECONOMÍA
B3: DIRECCIÓN GENERAL DE PRESUPUESTO
B4: DIRECCIÓN DE ESTUDIOS ECONÓMICOS Y SEGUIMIENTO FINANCIERO
A7: Tabla 11. Incidencia del gasto del Gobierno Central en el cambio climático
A8: Valores en Millones de RD$
B10: Detalle | C10: 2025 | D10: 2026 | L10: Ejecución % PIB
D11: Enero-Junio | I11: Incidencia positiva | J11: Incidencia negativa | K11: Incidencia neta
C12: Devengado Enero-Junio | D12: Presupuesto inicial | E12: Presupuesto Vigente | F12: Compromiso | G12: Devengado | H12: Pagado
P13: PIB Nominal (Millones RD$) | Q13: 8.6771383e+12
C16: 1 | D16: 2 | E16: 3 | F16: 4 | G16: 5 | H16: 6 | I16: 7 | J16: 8 | K16: 9=7-8 | L16: 10 = (5/PIB)
B17: 1-SERVICIOS GENERALES | C17: 4.7888731e+08 | D17: 1394684725 | E17: 1.3460817e+09 | F17: 5.2201079e+08 | G17: 4.9481499e+08 | H17: 4.5238359e+08 | I17: =I18 -> 4.9481499e+08 | J17: 0 | K17: =I17-J17 -> 4.9481499e+08 | L17: =G17/$Q$13 -> 5.7025135e-05
B18: 1.4-Justicia, orden público y seguridad | C18: 4.7888731e+08 | D18: 1394684725 | E18: 1.3460817e+09 | F18: 5.2201079e+08 | G18: 4.9481499e+08 | H18: 4.5238359e+08 | I18: =I19 -> 4.9481499e+08 | J18: 0 | K18: =I18-J18 -> 4.9481499e+08 | L18: =G18/$Q$13 -> 5.7025135e-05
B19: 1.4.02-Servicios de protección contra incendios | C19: 4.7888731e+08 | D19: 1394684725 | E19: 1.3460817e+09 | F19: 5.2201079e+08 | G19: 4.9481499e+08 | H19: 4.5238359e+08 | I19: =G19 -> 4.9481499e+08 | J19: 0 | K19: =I19-J19 -> 4.9481499e+08 | L19: =G19/$Q$13 -> 5.7025135e-05
B20: 2-SERVICIOS ECONÓMICOS | C20: 6.4901122e+10 | D20: 132703618317 | E20: 123870729494 | F20: 7.872885e+10 | G20: 7.4652028e+10 | H20: 7.4235215e+10 | I20: =I21+I24+I30+I32 -> 1.5128734e+10 | J20: =J21+J24+J30+J32 -> 5.9523294e+10 | K20: =I20-J20 -> -4.439456e+10 | L20: =G20/$Q$13 -> 0.0086033004
B21: 2.2-Agropecuaria, caza, pesca y silvicultura | C21: 31578708 | D21: 1077523771 | E21: 1019427868 | F21: 5.0611547e+08 | G21: 2.7386393e+08 | H21: 2.4737881e+08 | I21: =I22+I23 -> 2.7386393e+08 | J21: 0 | K21: =I21-J21 -> 2.7386393e+08 | L21: =G21/$Q$13 -> 3.1561549e-05
B22: 2.2.04-Conservación, ampliación y explotación racionalizada de reservas forestales. | C22: 0 | D22: 100000000 | E22: 100000000 | F22: 0 | G22: 0 | H22: 0 | I22: =G22 -> 0 | J22: 0 | K22: =I22-J22 -> 0 | L22: =G22/$Q$13 -> 0
B23: 2.2.06-Gestión o apoyo de labores de reforestación | C23: 31578708 | D23: 977523771 | E23: 919427868 | F23: 5.0611547e+08 | G23: 2.7386393e+08 | H23: 2.4737881e+08 | I23: =G23 -> 2.7386393e+08 | J23: 0 | K23: =I23-J23 -> 2.7386393e+08 | L23: =G23/$Q$13 -> 3.1561549e-05
B24: 2.4-Energía y combustible | C24: 4.4753353e+10 | D24: 95599385504 | E24: 88713033719 | F24: 6.1077094e+10 | G24: 5.9991041e+10 | H24: 5.9931325e+10 | I24: =SUM(I25:I29) -> 9.1450042e+08 | J24: =SUM(J25:J29) -> 5.907654e+10 | K24: =I24-J24 -> -5.816204e+10 | L24: =G24/$Q$13 -> 0.0069136896
B25: 2.4.03-Combustible | C25: 2.2906309e+08 | D25: 581376265 | E25: 569568907 | F25: 3.5149979e+08 | G25: 2.252581e+08 | H25: 2.2492193e+08 | I25: 0 | J25: =G25 -> 2.252581e+08 | K25: =I25-J25 -> -2.252581e+08 | L25: =G25/$Q$13 -> 2.5959953e-05
B26: 2.4.04-Energía eléctrica de fuentes termoeléctricas | C26: 4.3663759e+10 | D26: 92475769241 | E26: 85592474706 | F26: 5.8908228e+10 | G26: 5.8851282e+10 | H26: 5.8851282e+10 | I26: 0 | J26: =G26 -> 5.8851282e+10 | K26: =I26-J26 -> -5.8851282e+10 | L26: =G26/$Q$13 -> 0.0067823377
B27: 2.4.05-Energía eléctrica de fuentes hidroeléctricas | C27: 0 | D27: 288905038 | E27: 288905038 | F27: 0 | G27: 0 | H27: 0
B28: 2.4.08-Energía eléctrica de fuentes nucleares | C28: 14339803 | D28: 19334653 | E28: 45483553 | F28: 10925109 | G28: 10907801 | H28: 9089834.2 | I28: =G28 -> 10907801 | J28: 0 | K28: =I28-J28 -> 10907801 | L28: =G28/$Q$13 -> 1.2570736e-06
B29: 2.4.09-Conservación, aprovechamiento y explotación racionalizada de fuentes de electricidad | C29: 8.4619053e+08 | D29: 2234000307 | E29: 2216601515 | F29: 1.806441e+09 | G29: 9.0359262e+08 | H29: 8.4603089e+08 | I29: =$G29 -> 9.0359262e+08 | J29: 0 | K29: =I29-J29 -> 9.0359262e+08 | L29: =G29/$Q$13 -> 0.00010413486
B30: 2.5-Minería, manufactura y construcción | C30: 3.4677127e+08 | D30: 983650259 | E30: 986037509 | F30: 9.5555115e+08 | G30: 4.4675337e+08 | H30: 4.142189e+08 | I30: 0 | J30: =J31 -> 4.4675337e+08 | K30: =I30-J30 -> -4.4675337e+08 | L30: =G30/$Q$13 -> 5.1486257e-05
B31: 2.5.01-Extracción de recursos minerales | C31: 3.4677127e+08 | D31: 983650259 | E31: 986037509 | F31: 9.5555115e+08 | G31: 4.4675337e+08 | H31: 4.142189e+08 | I31: 0 | J31: =G31 -> 4.4675337e+08 | K31: =I31-J31 -> -4.4675337e+08 | L31: =G31/$Q$13 -> 5.1486257e-05
B32: 2.6-Transporte | C32: 1.9769419e+10 | D32: 35043058783 | E32: 33152230398 | F32: 1.6190089e+10 | G32: 1.394037e+10 | H32: 1.3642292e+10 | I32: =I33 -> 1.394037e+10 | J32: 0 | K32: =I32-J32 -> 1.394037e+10 | L32: =G32/$Q$13 -> 0.001606563
B33: 2.6.03-Transporte por ferrocarril | C33: 1.9769419e+10 | D33: 35043058783 | E33: 33152230398 | F33: 1.6190089e+10 | G33: 1.394037e+10 | H33: 1.3642292e+10 | I33: =G33 -> 1.394037e+10 | J33: 0 | K33: =I33-J33 -> 1.394037e+10 | L33: =G33/$Q$13 -> 0.001606563
B34: 3-PROTECCIÓN DEL MEDIO AMBIENTE | C34: 4.0481331e+09 | D34: 14779834097 | E34: 1.4945694e+10 | F34: 5.6654802e+09 | G34: 4.0672026e+09 | H34: 3.9715719e+09 | I34: =I35+I38+I49 -> 4.0541207e+09 | J34: =J35+J38+J49 -> 13081909 | K34: =I34-J34 -> 4.0410388e+09 | L34: =G34/$Q$13 -> 0.00046872626
B35: 3.1-Protección del aire, agua y suelo | C35: 1.0040013e+08 | D35: 562058313 | E35: 555163913 | F35: 3.8735537e+08 | G35: 2.1078754e+08 | H35: 2.0666645e+08 | I35: =I36+I37 -> 2.1078754e+08 | J35: 0 | K35: =I35-J35 -> 2.1078754e+08 | L35: =G35/$Q$13 -> 2.4292287e-05
B36: 3.1.01-Reducción de la contaminación | C36: 75026833 | D36: 228885000 | E36: 228885000 | F36: 228885000 | G36: 1.0123817e+08 | H36: 97203583 | I36: =G36 -> 1.0123817e+08 | J36: 0 | K36: =I36-J36 -> 1.0123817e+08 | L36: =G36/$Q$13 -> 1.166723e-05
B37: 3.1.04-Protección del suelo contra la erosión y otras formas de degradación física | C37: 25373300 | D37: 333173313 | E37: 326278913 | F37: 1.5847037e+08 | G37: 1.0954937e+08 | H37: 1.0946287e+08 | I37: =G37 -> 1.0954937e+08 | J37: 0 | K37: =I37-J37 -> 1.0954937e+08 | L37: =G37/$Q$13 -> 1.2625058e-05
B38: 3.2-Protección de la biodiversidad y ordenación de desechos | C38: 2.6504161e+09 | D38: 7891993630 | E38: 8.0627466e+09 | F38: 3.7324675e+09 | G38: 2.4745388e+09 | H38: 2.4132062e+09 | I38: =SUM(I39:I48) -> 2.4614569e+09 | J38: =SUM(J39:J48) -> 13081909 | K38: =I38-J38 -> 2.448375e+09 | L38: =G38/$Q$13 -> 0.00028517914
B39: 3.2.02-Ordenación de desechos | C39: 69317474 | D39: 1430788520 | E39: 1433113520 | F39: 16088845 | G39: 11318866 | H39: 11301565 | I39: =G39 -> 11318866 | J39: 0 | K39: =I39-J39 -> 11318866 | L39: =G39/$Q$13 -> 1.3044469e-06
B40: 3.2.04-Conciencia y conocimiento de la biodiversidad | C40: 82868330 | D40: 402894786 | E40: 401914786 | F40: 2.594854e+08 | G40: 1.536297e+08 | H40: 1.5245037e+08 | I40: =G40 -> 1.536297e+08 | J40: 0 | K40: =I40-J40 -> 1.536297e+08 | L40: =G40/$Q$13 -> 1.7705112e-05
B41: 3.2.06-Economía verde | C41: 1864821.3 | D41: 5800000 | E41: 12842051 | F41: 6847835.8 | G41: 2708344 | H41: 2350332 | I41: =G41 -> 2708344 | J41: 0 | K41: =I41-J41 -> 2708344 | L41: =G41/$Q$13 -> 3.121241e-07
B42: 3.2.09-Áreas protegidas y otras medidas de conservación | C42: 4.3541913e+08 | D42: 1341832252 | E42: 1402756020 | F42: 9.333362e+08 | G42: 5.0965319e+08 | H42: 5.0122815e+08 | I42: =G42 -> 5.0965319e+08 | J42: 0 | K42: =I42-J42 -> 5.0965319e+08 | L42: =G42/$Q$13 -> 5.873517e-05
B43: 3.2.10-Restauración | C43: 5.4851727e+08 | D43: 1205895920 | E43: 1202495920 | F43: 6.0725622e+08 | G43: 3.7270165e+08 | H43: 3.6329847e+08 | I43: =G43 -> 3.7270165e+08 | J43: 0 | K43: =I43-J43 -> 3.7270165e+08 | L43: =G43/$Q$13 -> 4.2952139e-05
B44: 3.2.11-Uso sostenible | C44: 38742672 | D44: 96423204 | E44: 96423204 | F44: 61789968 | G44: 35208709 | H44: 34694916 | I44: =G44 -> 35208709 | J44: 0 | K44: =I44-J44 -> 35208709 | L44: =G44/$Q$13 -> 4.0576406e-06
B45: 3.2.12-Prevención de la producción de residuos por modificación de procesos | C45: 0 | D45: 1300000 | E45: 1300000 | F45: 341691.76 | G45: 341691.76 | H45: 341691.76 | I45: =G45 -> 341691.76 | J45: 0 | K45: =I45-J45 -> 341691.76 | L45: =G45/$Q$13 -> 3.9378393e-08
B46: 3.2.14-Tratamiento y eliminación de residuos no peligrosos en vertederos | C46: 4127551.9 | D46: 48847564 | E46: 49027564 | F46: 19072186 | G46: 13081909 | H46: 12438879 | I46: 0 | J46: =G46 -> 13081909 | K46: =I46-J46 -> -13081909 | L46: =G46/$Q$13 -> 1.5076294e-06
B47: 3.2.98-Investigación y desarrollo relacionado con la protección del medio ambiente | C47: 11566798 | D47: 21670500 | E47: 15278515 | F47: 15227185 | G47: 15227185 | H47: 15029499 | I47: =$G47 -> 15227185 | J47: 0 | K47: =I47-J47 -> 15227185 | L47: =G47/$Q$13 -> 1.7548625e-06
B48: 3.2.99-Planificación, gestión y supervisión de la protección del medio ambiente | C48: 1.457992e+09 | D48: 3336540884 | E48: 3.447595e+09 | F48: 1.8130219e+09 | G48: 1.3606676e+09 | H48: 1.3200723e+09 | I48: =$G48 -> 1.3606676e+09 | J48: 0 | K48: =I48-J48 -> 1.3606676e+09 | L48: =G48/$Q$13 -> 0.00015681064
B49: 3.3-Cambio Climático | C49: 1.2973169e+09 | D49: 6325782154 | E49: 6.327783e+09 | F49: 1.5456573e+09 | G49: 1.3818763e+09 | H49: 1.3516993e+09 | I49: =SUM(I50:I57) -> 1.3818763e+09 | J49: 0 | K49: =I49-J49 -> 1.3818763e+09 | L49: =G49/$Q$13 -> 0.00015925484
B50: 3.3.01-Mixtos | C50: 1.2394226e+08 | D50: 353570167 | E50: 388721367 | F50: 1.8662638e+08 | G50: 1.7273826e+08 | H50: 1.6921282e+08 | I50: =G50 -> 1.7273826e+08 | J50: 0 | K50: =I50-J50 -> 1.7273826e+08 | L50: =G50/$Q$13 -> 1.9907284e-05
B51: 3.3.02-Mitigación | C51: 2574577.6 | D51: 5549769 | E51: 5549769 | F51: 4792268.3 | G51: 2204516.1 | H51: 2204516.1 | I51: =G51 -> 2204516.1 | J51: 0 | K51: =I51-J51 -> 2204516.1 | L51: =G51/$Q$13 -> 2.5406027e-07
B52: 3.3.03-Conocimiento del riesgo de desastres climáticos | C52: 53770891 | D52: 147468421 | E52: 1.5814155e+08 | F52: 72609695 | G52: 58155656 | H52: 53978755 | I52: =G52 -> 58155656 | J52: 0 | K52: =I52-J52 -> 58155656 | L52: =G52/$Q$13 -> 6.70217e-06
B53: 3.3.04-Gobernanza del riesgo de desastres climáticos | C53: 950767.11 | D53: 31680000 | E53: 31680000 | F53: 15352791 | G53: 7577927.7 | H53: 6473403.7 | I53: =G53 -> 7577927.7 | J53: 0 | K53: =I53-J53 -> 7577927.7 | L53: =G53/$Q$13 -> 8.7332107e-07
B54: 3.3.05-Reducción del riesgo de desastres climáticos | C54: 1.0428433e+09 | D54: 5262147142 | E54: 5017556242 | F54: 9.7576844e+08 | G54: 9.1136051e+08 | H54: 8.9309708e+08 | I54: =G54 -> 9.1136051e+08 | J54: 0 | K54: =I54-J54 -> 9.1136051e+08 | L54: =G54/$Q$13 -> 0.00010503008
B55: 3.3.06-Respuesta y recuperación de desastres climáticos | C55: 4500000 | D55: 330078958 | E55: 513887412 | F55: 1.504056e+08 | G55: 1.5007624e+08 | H55: 1.4813567e+08 | I55: =G55 -> 1.5007624e+08 | J55: 0 | K55: =I55-J55 -> 1.5007624e+08 | L55: =G55/$Q$13 -> 1.7295592e-05
B56: 3.3.07-Otras medidas de adaptación | C56: 2202413.1 | D56: 4539681 | E56: 4954725 | F56: 4414724.3 | G56: 2181296.7 | H56: 2181296.7 | I56: =G56 -> 2181296.7 | J56: 0 | K56: =I56-J56 -> 2181296.7 | L56: =G56/$Q$13 -> 2.5138435e-07
B57: 3.3.99-Planificación, gestión y supervisión de cambio climático | C57: 66532691 | D57: 190748016 | E57: 2.0729194e+08 | F57: 1.3568744e+08 | G57: 77581844 | H57: 76415709 | I57: =G57 -> 77581844 | J57: 0 | K57: =I57-J57 -> 77581844 | L57: =G57/$Q$13 -> 8.9409482e-06
B58: Total general | C58: =C17+C20+C34 -> 6.9428142e+10 | D58: =D17+D20+D34 -> 148878137139 | E58: =E17+E20+E34 -> 1.401625e+11 | F58: =F17+F20+F34 -> 8.4916341e+10 | G58: =G17+G20+G34 -> 7.9214045e+10 | H58: =H17+H20+H34 -> 7.865917e+10 | I58: =I17+I20+I34 -> 1.967767e+10 | J58: =J17+J20+J34 -> 5.9536375e+10 | K58: =I58-J58 -> -3.9858706e+10 | L58: =G58/$Q$13 -> 0.0091290518
B60: Notas: *Cifras preliminares.
B61: 1. Fecha de imputación al 30/06/2026 // Fecha de registro al 15/07/2026.
B62: 2. Se utilizó el PIB del Panorama Macroeconómico actualizado al 09 de junio 2026, elaborado por el Ministerio de Hacienda y Economía.
B63: 3. El presupuesto vigente corresponde al presupuesto aprobado, referente a la Ley núm. 99-25 de Presupuesto General del Estado para el periodo fiscal 2026, incluyendo las modificaciones permitidas conforme a lo dispuesto en el Art. 48 de la Ley Orgánica de Presupuesto para el Sector Público (Ley núm. 423-06).
B64: 4. Fuente: Sistema de Información de la Gestión Financiera (SIGEF).

Sheet Tabla 12
B1: MINISTERIO DE HACIENDA Y ECONOMÍA
B2: DIRECCIÓN GENERAL DE PRESUPUESTO
B3: DIRECCIÓN DE ESTUDIOS ECONÓMICOS Y SEGUIMIENTO FINANCIERO
B6: Tabla 12. Gastos para reducir la brecha de género según clasificador funcional
B7: Gobierno Central
B8: Valores en Millones de RD$
K9: PIB Nominal (Millones RD$) | L9: 8.6771383e+12
B10: Detalle | C10: 2025 | D10: 2026
C11: Devengado Enero-Junio | D11: Enero-Junio | I11: Ejecución %PIB
D12: Presupuesto inicial | E12: Presupuesto vigente | F12: Comprometido | G12: Devengado | H12: Pagado
C15: 1 | D15: 2 | E15: 3 | F15: 4 | G15: 5 | H15: 6 | I15: 7=(5/PIB)
B16: 1-SERVICIOS GENERALES | C16: 3.7682133e+08 | D16: 924038651 | E16: 9.1981967e+08 | F16: 6.3998339e+08 | G16: 3.8081587e+08 | H16: 3.645896e+08 | I16: =G16/$L$9 -> 4.3887265e-05
B17: 1.1-Administración general | C17: 3.4207926e+08 | D17: 855088894 | E17: 8.5086991e+08 | F17: 6.0550851e+08 | G17: 3.4634099e+08 | H17: 3.3011472e+08 | I17: =G17/$L$9 -> 3.9914195e-05
B18: 1.1.05-Gestión de la administración general para transversalizar el enfoque de género | C18: 3.4207926e+08 | D18: 855088894 | E18: 8.5086991e+08 | F18: 6.0550851e+08 | G18: 3.4634099e+08 | H18: 3.3011472e+08 | I18: =G18/$L$9 -> 3.9914195e-05
B19: 1.4-Justicia, orden público y seguridad | C19: 34742070 | D19: 68949757 | E19: 68949757 | F19: 34474878 | G19: 34474878 | H19: 34474878 | I19: =G19/$L$9 -> 3.97307e-06
B20: 1.4.06-Administración y servicios de justicia relacionados con la violencia de género | C20: 34742070 | D20: 68949757 | E20: 68949757 | F20: 34474878 | G20: 34474878 | H20: 34474878 | I20: =G20/$L$9 -> 3.97307e-06
B21: 2-SERVICIOS ECONÓMICOS | C21: 1.2268445e+08 | D21: 247158357 | E21: 2.5794535e+08 | F21: 1.6914897e+08 | G21: 1.0683549e+08 | H21: 1.0619053e+08 | I21: =G21/$L$9 -> 1.2312296e-05
B22: 2.1-Asuntos económicos, comerciales y laborales | C22: 1.2268445e+08 | D22: 247158357 | E22: 2.5794535e+08 | F22: 1.6914897e+08 | G22: 1.0683549e+08 | H22: 1.0619053e+08 | I22: =G22/$L$9 -> 1.2312296e-05
B23: 2.1.03-Asuntos laborales para fortalecer la autonomía económica de las mujeres | C23: 1.2268445e+08 | D23: 247158357 | E23: 2.5794535e+08 | F23: 1.6914897e+08 | G23: 1.0683549e+08 | H23: 1.0619053e+08 | I23: =G23/$L$9 -> 1.2312296e-05
B24: 4-SERVICIOS SOCIALES | C24: 3.6089741e+08 | D24: 1284834128 | E24: 1.2961558e+09 | F24: 6.353611e+08 | G24: 4.3794695e+08 | H24: 4.0380997e+08 | I24: =G24/$L$9 -> 5.0471357e-05
B25: 4.2-Salud | C25: 3303035.3 | D25: 26513048 | E25: 26513048 | F25: 5496076.5 | G25: 5246076.5 | H25: 4447299.8 | I25: =G25/$L$9 -> 6.0458602e-07
B26: 4.2.04-Servicios médicos en salud sexual/reproductiva y de centros de salud materno infantil | C26: 3303035.3 | D26: 26513048 | E26: 26513048 | F26: 5496076.5 | G26: 5246076.5 | H26: 4447299.8 | I26: =G26/$L$9 -> 6.0458602e-07
B27: 4.5-Protección social | C27: 0 | D27: 6033490 | E27: 6033490 | F27: 0 | G27: 0 | H27: 0 | I27: =G27/$L$9 -> 0
... B33: 4.6.04-Acciones de prevención, atención y protección de violencia de género | C33: 1.8904086e+08 | D33: 526508689 | E33: 528452568 | F33: 2.8821868e+08 | G33: 2.7633654e+08 | H33: 2.5186473e+08 | I33: =G33/$L$9 -> 3.1846506e-05
B34: TOTAL | C34: =C16+C21+C24 -> 8.6040319e+08 | D34: =D16+D21+D24 -> 2456031136 | E34: =E16+E21+E24 -> 2.4739208e+09 | F34: =F16+F21+F24 -> 1.4444934e+09 | G34: =G16+G21+G24 -> 9.2559831e+08 | H34: =H16+H21+H24 -> 8.7459009e+08 | I34: =G34/$L$9 -> 0.00010667092
B36: Notas: *Cifras preliminares.
B37: 1. Fecha de imputación al 30/06/2026 // Fecha de registro al 15/07/2026.
B38: 2. Se utilizó el PIB del Panorama Macroeconómico actualizado al 09 de junio 2026, elaborado por el Ministerio de Hacienda y Economía.
B39: 3. El presupuesto vigente corresponde al presupuesto aprobado, referente a la Ley núm. 99-25 de Presupuesto General del Estado para el periodo fiscal 2026, incluyendo las modificaciones permitidas conforme a lo dispuesto en el Art. 48 de la Ley Orgánica de Presupuesto para el Sector Público (Ley núm. 423-06).
B40: 4. Fuente: Sistema de Información de la Gestión Financiera (SIGEF).
B268: 1.Fecha de imputación al 31/07/2022 // Fecha de registro al 07/08/2022

Sheet Tabla 13
A1: MINISTERIO DE HACIENDA Y ECONOMÍA
A2: DIRECCIÓN GENERAL DE PRESUPUESTO
A3: DIRECCIÓN DE ESTUDIOS ECONÓMICOS Y SEGUIMIENTO FINANCIERO
B5: Tabla 13. Cuenta de Ahorro, Inversión y Financiamiento
B6: Enero-Junio, 2025-2026
B7: Valores en millones de RD$
B8: Detalle | C8: Inicial 2025 | D8: vigente 2025 | E8: Ejecución Enero-Junio 2025 | F8: Presupuesto Inicial (Ley No. 99-25) | G8: Presupuesto Vigente | H8: Ejecutado 2026 | I8: % PIB Original | J8: % PIB Revisado | L8: PIB Nominal Formulación (RD$) 2026 | M8: 8.65973e+12
L9: PIB Nominal Ejecución (RD$) 2026 | M9: 8.6771383e+12
B10: A. Total de Ingresos | C10: =C11+C12 -> 1241364731494 | D10: =D11+D12 -> 1.2421698e+12 | E10: =E11+E12 -> 6.2299967e+11 | F10: =F11+F12 -> 1342258153546 | G10: =G11+G12 -> 1.3424852e+12 | H10: =H11+H12 -> 6.6836662e+11 | I10: =+H10/$M$8 -> 0.077180999 | J10: =+H10/$M$9 -> 0.077026157
B11: A.1) Ingresos Corrientes | C11: 1240428372056 | D11: 1.2411708e+12 | E11: 6.2250782e+11 | F11: 1340556923171 | G11: 1.3407473e+12 | H11: 6.6775638e+11 | I11: =+H11/$M$8 -> 0.077110531 | J11: =+H11/$M$9 -> 0.07695583
B12: A.2) Ingresos de Capital | C12: 936359438 | D12: 9.9899327e+08 | E12: 4.9184908e+08 | F12: 1701230375 | G12: 1.7379137e+09 | H12: 6.102347e+08 | I12: =+H12/$M$8 -> 7.0468097e-05 | J12: =+H12/$M$9 -> 7.0326722e-05
B13: B. Total de Gastos | C13: =C14+C16 -> 1484234610959 | D13: =D14+D16 -> 1.4850396e+12 | E13: =E14+E16 -> 7.1106772e+11 | F13: =F14+F16 -> 1622833406287 | G13: =G14+G16 -> 1.627412e+12 | H13: =H14+H16 -> 7.643104e+11 | I13: =+H13/$M$8 -> 0.088260304 | J13: =+H13/$M$9 -> 0.088083234
B14: B.1) Gastos Corrientes | C14: 1308196684792 | D14: 1.3070086e+12 | E14: 6.3839376e+11 | F14: 1407548685832 | G14: 1.4072568e+12 | H14: 6.8264143e+11 | I14: =+H14/$M$8 -> 0.078829413 | J14: =+H14/$M$9 -> 0.078671263
B15: B.1.1) Intereses de la Deuda Pública | C15: 298486441612 | D15: 298478665637 | E15: 1.5091432e+11 | F15: 324257115564 | G15: 324257115564 | H15: 1.5906111e+11 | I15: =+H15/$M$8 -> 0.018367906 | J15: =+H15/$M$9 -> 0.018331056
B16: B.2) Gastos de Capital | C16: 176037926167 | D16: 1.7803102e+11 | E16: 7.2673961e+10 | F16: 215284720455 | G16: 2.2015513e+11 | H16: 8.1668968e+10 | I16: =+H16/$M$8 -> 0.0094308908 | J16: =+H16/$M$9 -> 0.0094119703
B17: Resultados Presupuestarios
B18: Resultado Primario [A-[B-(B.1.1)] | C18: =C10-(C13-C15) -> 55616562147 | D18: =D10-(D13-D15) -> 5.5608786e+10 | E18: =E10-(E13-E15) -> 6.2846269e+10 | F18: =F10-(F13-F15) -> 43681862823 | G18: =G10-(G13-G15) -> 3.9330337e+10 | H18: =H10-(H13-H15) -> 6.3117321e+10 | I18: =+H18/$M$8 -> 0.0072886015 | J18: =+H18/$M$9 -> 0.0072739789
B19: Resultado Económico (A.1-B.1) | C19: =C11-C14 -> -67768312736 | D19: =D11-D14 -> -6.5837854e+10 | E19: =E11-E14 -> -1.5885939e+10 | F19: =F11-F14 -> -66991762661 | G19: =G11-G14 -> -6.6509566e+10 | H19: =H11-H14 -> -1.4885052e+10 | I19: =+H19/$M$8 -> -0.0017188818 | J19: =+H19/$M$9 -> -0.0017154333
B20: Resultado de Capital (A.2-B.2) | C20: =C12-C16 -> -175101566729 | D20: =D12-D16 -> -1.7703203e+11 | E20: =E12-E16 -> -7.2182112e+10 | F20: =F12-F16 -> -213583490080 | G20: =G12-G16 -> -2.1841721e+11 | H20: =H12-H16 -> -8.1058734e+10 | I20: =+H20/$M$8 -> -0.0093604227 | J20: =+H20/$M$9 -> -0.0093416436
B21: C. Resultado Financiero (A-B) | C21: =C10-C13 -> -242869879465 | D21: =D10-D13 -> -2.4286988e+11 | E21: =E10-E13 -> -8.8068051e+10 | F21: =F10-F13 -> -280575252741 | G21: =G10-G13 -> -2.8492678e+11 | H21: =H10-H13 -> -9.5943786e+10 | I21: =+H21/$M$8 -> -0.011079304 | J21: =+H21/$M$9 -> -0.011057077
B22: D.Total de Fuentes Financieras | C22: 350990390000 | D22: 350990390000 | E22: 2.1515214e+11 | F22: 401767814730 | G22: 4.0611934e+11 | H22: 3.5781585e+11 | I22: =+H22/$M$8 -> 0.041319516 | J22: =+H22/$M$9 -> 0.041236619
B23: E. Aplicaciones Financieras | C23: 108120510535 | D23: 108120510535 | E23: 6.1261062e+10 | F23: 121192561989 | G23: 121192561989 | H23: 6.2182107e+10 | I23: =+H23/$M$8 -> 0.0071806058 | J23: =+H23/$M$9 -> 0.0071661999
B24: F. Financiamiento Neto (D-E) | C24: =C22-C23 -> 242869879465 | D24: =D22-D23 -> 242869879465 | E24: =E22-E23 -> 1.5389108e+11 | F24: =F22-F23 -> 280575252741 | G24: =G22-G23 -> 2.8492678e+11 | H24: =H22-H23 -> 2.9563374e+11 | I24: =+H24/$M$8 -> 0.03413891 | J24: =+H24/$M$9 -> 0.034070419
B25: Notas: *Cifras preliminares
B26: 1. Ingresos incluyen donaciones
B27: 2. Fecha de imputación al 30/06/2026 // Fecha de registro al 15/07/2026
B28: 3. El presupuesto vigente corresponde al presupuesto aprobado, referente a la Ley núm. 99-25 de Presupuesto General del Estado para el periodo fiscal 2026, incluyendo las modificaciones permitidas conforme a lo dispuesto en el Art. 48 de la Ley Orgánica de Presupuesto para el Sector Público (Ley núm. 423-06).
B29: 4. Se utilizó el PIB del Panorama Macroeconómico actualizado al 09 de Junio 2026, elaborado por el Ministerio de Hacienda y Economía.
B30: Fuente: Sistema de Información Financiera (SIGEF)

Sheet Tabla 14
A1: MINISTERIO DE HACIENDA Y ECONOMÍA
A2: DIRECCIÓN GENERAL DE PRESUPUESTO
A3: DIRECCIÓN DE ESTUDIOS ECONÓMICOS Y SEGUIMIENTO FINANCIERO
A6: Tabla 14. Financiamiento Neto del Gobierno Central | L6: PIB Nominal (Millones RD$) | M6: 8.6771383e+12
A7: Enero‐Junio 2026
A8: Valores en RD$ en millones
B11: Detalle | C11: 2025 | D11: 2026 | I11: % Variación | J11: % Ejecución | K11: Ejecución % PIB
C12: Devengado Enero-Junio | D12: Presupuesto Aprobado | E12: Presupuesto Vigente | F12: Comprometido | G12: Ejecución | H12: Pagado
C13: 1 | D13: 2 | E13: 3 | F13: 4 | G13: 5 | H13: 6 | I13: 7=(5-1)/1 | J13: 8=(5/3) | K13: 9= (5/PIB)
B14: 3.1 - Fuentes financieras | C14: 2.1515214e+11 | D14: 401767814730 | E14: 4.0611934e+11 | F14: 3.5781585e+11 | G14: 3.5781585e+11 | H14: 3.5781585e+11 | I14: =IFERROR(((G14-C14)/C14),"-") -> 0.66308289 | J14: =IFERROR((G14/E14),"-") -> 0.88106085 | K14: =G14/$M$6 -> 0.041236619
B15: 3.1.1 - Disminución de activos financieros | C15: 5.4370333e+09 | D15: 0 | E15: 19452056 | F15: 8.2585667e+09 | G15: 8.2585667e+09 | H15: 8.2585667e+09 | I15: =IFERROR(((G15-C15)/C15),"-") -> 0.51894724 | J15: =IFERROR((G15/E15),"-") -> 424.56009 | K15: =G15/$M$6 -> 0.00095176156
B16: 3.1.1.1 - Disminución de activos financieros corrientes | D16: 0 | E16: 19452056 | F16: 0 | G16: 0 | H16: 0 | I16: =IFERROR(((G16-C16)/C16),"-") -> - | J16: =IFERROR((G16/E16),"-") -> 0 | K16: =G16/$M$6 -> 0
B17: 3.1.1.2 - Disminución de activos financieros no corrientes | C17: 5.4370333e+09 | D17: 0 | E17: 0 | F17: 8.2585667e+09 | G17: 8.2585667e+09 | H17: 8.2585667e+09 | I17: =IFERROR(((G17-C17)/C17),"-") -> 0.51894724 | J17: =IFERROR((G17/E17),"-") -> - | K17: =G17/$M$6 -> 0.00095176156
B18: 3.1.1.2.2 - Disminución de documentos por cobrar de largo plazo | C18: 5.4370333e+09 | D18: 0 | E18: 0 | F18: 8.2585667e+09 | G18: 8.2585667e+09 | H18: 8.2585667e+09 | I18: =IFERROR(((G18-C18)/C18),"-") -> 0.51894724 | J18: =IFERROR((G18/E18),"-") -> - | K18: =G18/$M$6 -> 0.00095176156
B19: 3.1.2 - Incremento de pasivos | C19: 2.0971511e+11 | D19: 401767814730 | E19: 406099888273 | F19: 3.4103968e+11 | G19: 3.4103968e+11 | H19: 3.4103968e+11 | I19: =IFERROR(((G19-C19)/C19),"-") -> 0.6262046 | J19: =IFERROR((G19/E19),"-") -> 0.83979259 | K19: =G19/$M$6 -> 0.039303243
B20: 3.1.2.1 - Incremento de pasivos corrientes | C20: 0 | D20: 0 | E20: 0 | F20: 0 | G20: 0 | H20: 0 | I20: =IFERROR(((G20-C20)/C20),"-") -> - | J20: =IFERROR((G20/E20),"-") -> - | K20: =G20/$M$6 -> 0
B21: 3.1.2.2 - Incremento de pasivos no corrientes | C21: 2.0971511e+11 | D21: 401767814730 | E21: 406099888273 | F21: 3.4103968e+11 | G21: 3.4103968e+11 | H21: 3.4103968e+11 | I21: =IFERROR(((G21-C21)/C21),"-") -> 0.6262046 | J21: =IFERROR((G21/E21),"-") -> 0.83979259 | K21: =G21/$M$6 -> 0.039303243
B22: 3.1.2.2.1 - Incremento de cuentas por pagar de largo plazo | C22: 0 | D22: 0 | E22: 180000000 | F22: 0 | G22: 0 | H22: 0 | J22: =IFERROR((G22/E22),"-") -> 0 | K22: =G22/$M$6 -> 0
B23: 3.2.2.1.01 - Incremento de cuentas por pagar internas de largo plazo | C23: 0 | D23: 0 | E23: 180000000 | F23: 0 | G23: 0 | H23: 0 | J23: =IFERROR((G23/E23),"-") -> 0 | K23: =G23/$M$6 -> 0
B24: 3.1.2.2.3 - Colocación de títulos valores de la deuda pública de largo plazo | C24: 1.5774579e+11 | D24: 118201584734 | E24: 118201584734 | F24: 3.2861102e+11 | G24: 3.2861102e+11 | H24: 3.2861102e+11 | I24: =IFERROR(((G24-C24)/C24),"-") -> 1.0831683 | J24: =IFERROR((G24/E24),"-") -> 2.7800898 | K24: =G24/$M$6 -> 0.037870897
B25: 3.2.2.3.01 - Colocación de títulos valores de la deuda pública interna de largo plazo | C25: 0 | D25: 118201584734 | E25: 118201584734 | F25: 160000000000 | G25: 160000000000 | H25: 160000000000 | I25: =IFERROR(((G25-C25)/C25),"-") -> - | J25: =IFERROR((G25/E25),"-") -> 1.3536198 | K25: =G25/$M$6 -> 0.018439259
B26: 3.2.2.3.02 - Colocación de títulos valores de la deuda pública externa de largo plazo | C26: 1.5774579e+11 | D26: 0 | E26: 0 | F26: 1.6861102e+11 | G26: 1.6861102e+11 | H26: 1.6861102e+11 | I26: =IFERROR(((G26-C26)/C26),"-") -> 0.068878096 | J26: =IFERROR((G26/E26),"-") -> - | K26: =G26/$M$6 -> 0.019431639
B27: 3.1.2.2.4 - Obtención de préstamos de la deuda pública de largo plazo | C27: 5.1969324e+10 | D27: 283566229996 | E27: 287718303539 | F27: 1.2428662e+10 | G27: 1.2428662e+10 | H27: 1.2428662e+10 | I27: =IFERROR(((G27-C27)/C27),"-") -> -0.76084619 | J27: =IFERROR((G27/E27),"-") -> 0.043197327 | K27: =G27/$M$6 -> 0.0014323457
B28: 3.2.2.4.01 - Obtención de préstamos de la deuda pública interna de largo plazo | D28: 0 | E28: 4152073543 | F28: 0 | G28: 0 | H28: 0 | I28: =IFERROR(((G28-C28)/C28),"-") -> - | J28: =IFERROR((G28/E28),"-") -> 0 | K28: =G28/$M$6 -> 0
B29: 3.2.2.4.02 - Obtención de préstamos de la deuda pública externa de largo plazo | C29: 5.1969324e+10 | D29: 283566229996 | E29: 283566229996 | F29: 1.2428662e+10 | G29: 1.2428662e+10 | H29: 1.2428662e+10 | I29: =IFERROR(((G29-C29)/C29),"-") -> -0.76084619 | J29: =IFERROR((G29/E29),"-") -> 0.043829837 | K29: =G29/$M$6 -> 0.0014323457
B30: 3.1.5 - Importes a devengar por primas en colocaciones de títulos valores | C30: 0 | D30: 0 | E30: 0 | F30: 8.5176054e+09 | G30: 8.5176054e+09 | H30: 8.5176054e+09 | I30: =IFERROR(((G30-C30)/C30),"-") -> - | J30: =IFERROR((G30/E30),"-") -> - | K30: =G30/$M$6 -> 0.00098161457
B31: 3.1.5.2 - Importes a devengar por primas en colocaciones de títulos valores no corrientes | C31: 0 | D31: 0 | E31: 0 | F31: 8.5176054e+09 | G31: 8.5176054e+09 | H31: 8.5176054e+09 | I31: =IFERROR(((G31-C31)/C31),"-") -> - | J31: =IFERROR((G31/E31),"-") -> - | K31: =G31/$M$6 -> 0.00098161457
B32: 3.1.5.2.1 - Primas por colocación de títulos valores internos y externos de largo plazo | C32: 0 | D32: 0 | E32: 0 | F32: 8.1750491e+09 | G32: 8.1750491e+09 | H32: 8.1750491e+09 | I32: =IFERROR(((G32-C32)/C32),"-") -> - | J32: =IFERROR((G32/E32),"-") -> - | K32: =G32/$M$6 -> 0.00094213655
B33: 3.5.2.1.01 - Primas por colocación de títulos valores internos largo plazo sobre la par a devengar | C33: 0 | D33: 0 | E33: 0 | F33: 8.1750491e+09 | G33: 8.1750491e+09 | H33: 8.1750491e+09 | I33: =IFERROR(((G33-C33)/C33),"-") -> - | J33: =IFERROR((G33/E33),"-") -> - | K33: =G33/$M$6 -> 0.00094213655
B34: 3.1.5.2.2 - Intereses corridos internos y externos de largo plazo | C34: 0 | D34: 0 | E34: 0 | F34: 3.4255624e+08 | G34: 3.4255624e+08 | H34: 3.4255624e+08 | I34: =IFERROR(((G34-C34)/C34),"-") -> - | J34: =IFERROR((G34/E34),"-") -> - | K34: =G34/$M$6 -> 3.947802e-05
B35: 3.5.4.1.01 - Intereses corridos en colocación de títulos internos de deuda a largo plazo | C35: 0 | D35: 0 | E35: 0 | F35: 3.4255624e+08 | G35: 3.4255624e+08 | H35: 3.4255624e+08 | I35: =IFERROR(((G35-C35)/C35),"-") -> - | J35: =IFERROR((G35/E35),"-") -> - | K35: =G35/$M$6 -> 3.947802e-05
B36: 3.2 - Aplicaciones financieras | C36: 6.1261062e+10 | D36: 121192561989 | E36: 121192561989 | F36: 6.218211e+10 | G36: 6.2182107e+10 | H36: 5.9866665e+10 | I36: =IFERROR(((G36-C36)/C36),"-") -> 0.015034754 | J36: =IFERROR((G36/E36),"-") -> 0.51308518 | K36: =G36/$M$6 -> 0.0071661999
B37: 3.2.1 - Incremento de activos financieros | C37: 225782100 | D37: 5117721882 | E37: 5117721882 | F37: 3.7231034e+08 | G37: 3.7231034e+08 | H37: 3.7231034e+08 | I37: =IFERROR(((G37-C37)/C37),"-") -> 0.64898077 | J37: =IFERROR((G37/E37),"-") -> 0.072749233 | K37: =G37/$M$6 -> 4.2907042e-05
B38: 3.2.1.2 - Incremento de activos financieros no corrientes | C38: 225782100 | D38: 5117721882 | E38: 5117721882 | F38: 3.7231034e+08 | G38: 3.7231034e+08 | H38: 3.7231034e+08 | I38: =IFERROR(((G38-C38)/C38),"-") -> 0.64898077 | J38: =IFERROR((G38/E38),"-") -> 0.072749233 | K38: =G38/$M$6 -> 4.2907042e-05
B39: 3.2.2 - Disminución de pasivos | C39: 5.5317494e+10 | D39: 116074840107 | E39: 116074840107 | F39: 6.18098e+10 | G39: 6.1809797e+10 | H39: 5.9494355e+10 | I39: =IFERROR(((G39-C39)/C39),"-") -> 0.11736437 | J39: =IFERROR((G39/E39),"-") -> 0.53249952 | K39: =G39/$M$6 -> 0.0071232928
B40: 3.2.2.1 - Disminución de pasivos corrientes | C40: 5.5317494e+10 | D40: 116074840107 | E40: 116074840107 | F40: 6.18098e+10 | G40: 6.1809797e+10 | H40: 5.9494355e+10 | I40: =IFERROR(((G40-C40)/C40),"-") -> 0.11736437 | J40: =IFERROR((G40/E40),"-") -> 0.53249952 | K40: =G40/$M$6 -> 0.0071232928
... B48: 3.2.2.1.6 - Amortización de la porción de corto plazo de la deuda pública en préstamos de largo plazo | C48: 3.1384935e+10 | D48: 38786613607 | E48: 38786613607 | F48: 1.7411476e+10 | G48: 1.7411473e+10 | H48: 1.5553723e+10 | I48: =IFERROR(((G48-C48)/C48),"-") -> -0.44522831 | J48: =IFERROR((G48/E48),"-") -> 0.44890419 | K48: =G48/$M$6 -> 0.0020065917
B49: 4.2.1.6.01 - Amortización de la porción de corto plazo de la deuda pública interna en préstamos de largo plazo | C49: 726535290 | I49: =IFERROR(((G49-C49)/C49),"-") -> -1 | J49: =IFERROR((G49/E49),"-") -> - | K49: =G49/$M$6 -> 0
B50: 4.2.1.6.02 - Amortización de la porción de corto plazo de la deuda pública externa en préstamos de largo plazo | C50: 3.06584e+10 | D50: 38786613607 | E50: 38786613607 | F50: 1.7411476e+10 | G50: 1.7411473e+10 | H50: 1.5553723e+10 | I50: =IFERROR(((G50-C50)/C50),"-") -> -0.43208147 | J50: =IFERROR((G50/E50),"-") -> 0.44890419 | K50: =G50/$M$6 -> 0.0020065917
B51: 3.2.5 - Importes a devengar por descuentos en colocaciones de títulos valores | C51: 1.2589267e+09 | D51: 0 | E51: 0 | F51: 0 | G51: 0 | H51: 0 | I51: =IFERROR(((G51-C51)/C51),"-") -> -1 | J51: =IFERROR((G51/E51),"-") -> - | K51: =G51/$M$6 -> 0
B52: 3.2.5.2 - Importes a devengar por descuentos en colocaciones de títulos valores no corrientes | C52: 1.2589267e+09 | D52: 0 | E52: 0 | F52: 0 | G52: 0 | H52: 0 | I52: =IFERROR(((G52-C52)/C52),"-") -> -1 | J52: =IFERROR((G52/E52),"-") -> - | K52: =G52/$M$6 -> 0
B53: 3.2.5.2.1 - Descuentos por colocación de títulos valores internos y externo de largo plazo | C53: 29951700 | D53: 0 | E53: 0 | F53: 0 | G53: 0 | H53: 0 | I53: =IFERROR(((G53-C53)/C53),"-") -> -1 | J53: =IFERROR((G53/E53),"-") -> - | K53: =G53/$M$6 -> 0
B54: 3.2.5.2.2 - Intereses corridos internos y externos en compra de títulos valores de largo plazo | C54: 1.228975e+09 | D54: 0 | E54: 0 | F54: 0 | G54: 0 | H54: 0 | I54: =IFERROR(((G54-C54)/C54),"-") -> -1 | J54: =IFERROR((G54/E54),"-") -> - | K54: =G54/$M$6 -> 0
B55: 4.5.4.1.01 - Intereses corridos en compra de títulos internos de deuda a largo plazo | C55: 3.7757005e+08 | D55: 0 | E55: 0 | F55: 0 | G55: 0 | H55: 0 | I55: =IFERROR(((G55-C55)/C55),"-") -> -1 | J55: =IFERROR((G55/E55),"-") -> - | K55: =G55/$M$6 -> 0
B56: 4.5.4.1.02 - Intereses corridos en compra de títulos externos de deuda a largo plazo | C56: 8.5140497e+08 | D56: 0 | E56: 0 | F56: 0 | G56: 0 | H56: 0 | I56: =IFERROR(((G56-C56)/C56),"-") -> -1 | J56: =IFERROR((G56/E56),"-") -> - | K56: =G56/$M$6 -> 0
B57: 3.2.6 - Primas en Recompra de Títulos y Valores | C57: 4.4588594e+09 | D57: 0 | E57: 0 | F57: 0 | G57: 0 | H57: 0 | I57: =IFERROR(((G57-C57)/C57),"-") -> -1 | J57: =IFERROR((G57/E57),"-") -> - | K57: =G57/$M$6 -> 0
B58: 3.2.6.2 - Primas en Recompra de Títulos Valores de Largo Plazo | C58: 4.4588594e+09 | D58: 0 | E58: 0 | F58: 0 | G58: 0 | H58: 0 | I58: =IFERROR(((G58-C58)/C58),"-") -> -1 | J58: =IFERROR((G58/E58),"-") -> - | K58: =G58/$M$6 -> 0
B59: 3.2.6.2.1 - Primas en Recompra de Títulos Valores Internos y Externos de Largo Plazo | C59: 4.4588594e+09 | D59: 0 | E59: 0 | F59: 0 | G59: 0 | H59: 0 | I59: =IFERROR(((G59-C59)/C59),"-") -> -1 | J59: =IFERROR((G59/E59),"-") -> - | K59: =G59/$M$6 -> 0
B60: 4.6.2.1.01 - Primas en Recompra de Títulos Valores Internos de Largo Plazo | C60: 2458752352 | D60: 0 | E60: 0 | F60: 0 | G60: 0 | H60: 0 | I60: =IFERROR(((G60-C60)/C60),"-") -> -1 | J60: =IFERROR((G60/E60),"-") -> - | K60: =G60/$M$6 -> 0
B61: 4.6.2.1.02 - Primas en Recompra de Títulos Valores Externos de Largo Plazo | C61: 2.0001071e+09 | D61: 0 | E61: 0 | F61: 0 | G61: 0 | H61: 0 | I61: =IFERROR(((G61-C61)/C61),"-") -> -1 | J61: =IFERROR((G61/E61),"-") -> - | K61: =G61/$M$6 -> 0
B62: Financiamiento Neto | C62: =+C14-C36 -> 1.5389108e+11 | D62: =+D14-D36 -> 280575252741 | E62: =+E14-E36 -> 2.8492678e+11 | F62: =+F14-F36 -> 2.9563374e+11 | G62: =+G14-G36 -> 2.9563374e+11 | H62: =+H14-H36 -> 2.9794918e+11 | I62: =IFERROR(((G62-C62)/C62),"-") -> 0.92105832 | J62: =IFERROR((G62/E62),"-") -> 1.0375779 | K62: =G62/$M$6 -> 0.034070419
B65: Notas: *Cifras preliminares.
B66: 1. Fecha de imputación al 30/06/2026 // Fecha de registro al 15/07/2026.
B67: 2. Se utilizó el PIB del Panorama Macroeconómico actualizado al 09 de junio 2026, elaborado por el Ministerio de Hacienda y Economía.
B68: 3. El presupuesto vigente corresponde al presupuesto aprobado, referente a la Ley núm. 99-25 de Presupuesto General del Estado para el periodo fiscal 2026, incluyendo las modificaciones permitidas conforme a lo dispuesto en el Art. 48 de la Ley Orgánica de Presupuesto para el Sector Público (Ley núm. 423-06).
B69: 4. Fuente: Sistema de Información de la Gestión Financiera (SIGEF).

Sheet Tabla 15
A2: MINISTERIO DE HACIENDA Y ECONOMÍA
A3: DIRECCIÓN GENERAL DE PRESUPUESTO
A4: DIRECCIÓN DE ESTUDIOS ECONÓMICOS Y SEGUIMIENTO FINANCIERO
B7: Tabla 15. Servicio de la Deuda del Gobierno Central
B8: Enero - Junio 2025 - 2026
B9: Valores en millones de RD$
N11: PIB Nominal (Millones RD$) | O11: 8.6771383e+12
B12: Detalle | C12: 2025 | D12: 2026 | I12: % Cumplimiento | J12: Variación 2026/2025 | L12: % PIB
C13: Devengado Enero-Junio | D13: Presupuesto Inicial | E13: Presupuesto Vigente | F13: Comprometido | G13: Ejecución | H13: Pagado
J14: Abs | K14: Rel
C15: 1 | D15: 2 | E15: 3 | F15: 4 | G15: 5 | H15: 6 | I15: 7= (5/3) | J15: 8 = (5-1) | K15: 9= (5/1) | L15: 10 = (5/PIB)
B16: Servicio | C16: =C17+C21 -> 2.0472754e+11 | D16: =D17+D21 -> 420331955671 | E16: =E17+E21 -> 420331955671 | F16: =F17+F21 -> 2.2125829e+11 | G16: =G17+G21 -> 2.1559597e+11 | H16: =H17+H21 -> 1.869844e+11 | I16: =G16/E16 -> 0.51291834 | J16: =G16-C16 -> 1.0868431e+10 | K16: =G16/C16-1 -> 0.053087295 | L16: =G16/$O$11 -> 0.024846437
B17: Externo | C17: =+SUM(C18:C20) -> 1.4986115e+11 | D17: =+SUM(D18:D20) -> 280320829478 | E17: =+SUM(E18:E20) -> 280320829478 | F17: =+SUM(F18:F20) -> 1.5960059e+11 | G17: =+SUM(G18:G20) -> 1.5393827e+11 | H17: =+SUM(H18:H20) -> 1.353426e+11 | I17: =G17/E17 -> 0.54915031 | J17: =G17-C17 -> 4.0771177e+09 | K17: =G17/C17-1 -> 0.027205968 | L17: =G17/$O$11 -> 0.017740673
B18: Amortización | C18: 5.3086683e+10 | D18: 71634000107 | E18: 71634000107 | F18: 4.9298465e+10 | G18: 4.9298462e+10 | H18: 4.7440712e+10 | I18: =G18/E18 -> 0.68819921 | J18: =G18-C18 -> -3.7882204e+09 | K18: =G18/C18-1 -> -0.071359148 | L18: =G18/$O$11 -> 0.0056814194
B19: Intereses | C19: 9.5417227e+10 | D19: 207303121140 | E19: 207266121140 | F19: 1.0944439e+11 | G19: 1.0378499e+11 | H19: 8.7090887e+10 | I19: =G19/E19 -> 0.50073301 | J19: =G19-C19 -> 8.3677608e+09 | K19: =G19/C19-1 -> 0.087696541 | L19: =G19/$O$11 -> 0.011960739
B20: Comisiones | C20: 1.357242e+09 | D20: 1383708231 | E20: 1420708231 | F20: 8.5773748e+08 | G20: 8.5481929e+08 | H20: 8.1100224e+08 | I20: =G20/E20 -> 0.60168532 | J20: =G20-C20 -> -5.0242268e+08 | K20: =G20/C20-1 -> -0.37017915 | L20: =G20/$O$11 -> 9.8513964e-05
B21: Interno | C21: =SUM(C22:C24) -> 5.4866386e+10 | D21: =SUM(D22:D24) -> 140011126193 | E21: =SUM(E22:E24) -> 140011126193 | F21: =SUM(F22:F24) -> 6.16577e+10 | G21: =SUM(G22:G24) -> 6.1657699e+10 | H21: =SUM(H22:H24) -> 5.1641796e+10 | I21: =G21/E21 -> 0.44037714 | J21: =G21-C21 -> 6.7913135e+09 | K21: =G21/C21-1 -> 0.12377913 | L21: =G21/$O$11 -> 0.0071057643
B22: Amortización | C22: 726535290 | D22: 24440840000 | E22: 24440840000 | F22: 7236400000 | G22: 7236400000 | H22: 7236400000 | I22: =G22/E22 -> 0.2960782 | J22: =G22-C22 -> 6509864710 | K22: =G22/C22-1 -> 8.9601494 | L22: =G22/$O$11 -> 0.00083396158
B23: Intereses | C23: 5.4093938e+10 | D23: 115480602004 | E23: 115480602004 | F23: 5.4390486e+10 | G23: 5.4390486e+10 | H23: 4.4379588e+10 | I23: =G23/E23 -> 0.4709924 | J23: =G23-C23 -> 2.9654805e+08 | K23: =G23/C23-1 -> 0.0054820939 | L23: =G23/$O$11 -> 0.0062682516
B24: Comisiones | C24: 45912723 | D24: 89684189 | E24: 89684189 | F24: 30813574 | G24: 30813443 | H24: 25807995 | I24: =G24/E24 -> 0.34357721 | J24: =G24-C24 -> -15099280 | K24: =G24/C24-1 -> -0.32886918 | L24: =G24/$O$11 -> 3.5511066e-06
B26: Notas: *Cifras preliminares.
B27: 1. Fecha de imputación al 30/06/2026 // Fecha de registro al 15/07/2026.
B28: 2. Se utilizó el PIB del Panorama Macroeconómico actualizado al 09 de junio 2026, elaborado por el Ministerio de Hacienda y Economía.
B29: 3. El presupuesto vigente corresponde al presupuesto aprobado, referente a la Ley núm. 99-25 de Presupuesto General del Estado para el periodo fiscal 2026, incluyendo las modificaciones permitidas conforme a lo dispuesto en el Art. 48 de la Ley Orgánica de Presupuesto para el Sector Público (Ley núm. 423-06).
B30: 4. Fuente: Sistema de Información de la Gestión Financiera (SIGEF).

Sheet Tabla 16
C1: MINISTERIO DE HACIENDA Y ECONOMÍA
C2: DIRECCIÓN GENERAL DE PRESUPUESTO
C3: DIRECCIÓN DE ESTUDIOS ECONÓMICOS Y SEGUIMIENTO FINANCIERO
C6: Tabla 16. Composición de la Deuda del SPNF
C7: Junio 2026
C9: Tipo/Acreedor | D9: Monto | E9: Participación %
D10: (Millones de US$)
C11: Externa | D11: =+D12+D16+D17 -> 47989.69 | E11: =+D11/$D$23 -> 0.71232273
C12: Privados | D12: 37920.132 | E12: =+D12/$D$11 -> 0.79017247
C13: Bonos | D13: 37867.395 | E13: =+D13/$D$11 -> 0.78907355
C14: Banca Comercial | D14: 46.766283 | E14: =+D14/$D$11 -> 0.00097450687
C15: Suplidores | D15: 5.9703097 | E15: =+D15/$D$11 -> 0.00012440817
C16: Multilaterales | D16: 7911.3927 | E16: =+D16/$D$11 -> 0.16485609
C17: Bilaterales | D17: 2158.1656 | E17: =+D17/$D$11 -> 0.044971442
C18: Interna | D18: =+D19+D20+D21+D22 -> 19381.023 | E18: =+D18/$D$23 -> 0.28767727
C19: Bonos colocados MH (Subastas/directo) | D19: 16605.658 | E19: =+D19/$D$18 -> 0.85679989
C20: Bonos de Recapitalización del Banco Central (Ley 167-07) | D20: 2236.1564 | E20: =+D20/$D$18 -> 0.11537866
C21: Bancos comerciales u otras instituciones financieras | D21: 50.208146 | E21: =+D21/$D$18 -> 0.0025905829
C22: Titulo Canjeado | D22: 489 | E22: =+D22/$D$18 -> 0.025230866
C23: Total | D23: =+D11+D18 -> 67370.713 | E23: =+D23/$D$23 -> 1
C24: Fuente: Dirección General de Crédito Público

Sheet Tabla 17
D1: MINISTERIO DE HACIENDA Y ECONOMÍA
D2: DIRECCIÓN GENERAL DE PRESUPUESTO
D3: DIRECCIÓN DE ESTUDIOS ECONÓMICOS Y SEGUIMIENTO FINANCIERO
C5: Tabla 17. Evolución y estimación del Stock de Deuda al cierre del período
E6: Cifras en Millones US$
C7: 2026-2029
E8: Reestimación Junio 2026
D11: Estimación Enero | F11: Reestimación Junio | H11: Diferencias
C12: Año | D12: Stock | E12: Deuda/PIB1 | F12: Stock | G12: Deuda/PIB2 | H12: Stock | I12: Deuda/PIB
C13: 2026 | D13: 64923.685 | E13: 0.49106634 | F13: 66153.407 | G13: 0.47004919 | H13: =+F13-D13 -> 1229.7226 | I13: =+G13-E13 -> -0.021017149
C14: =+C13+1 -> 2027 | D14: 67591.032 | E14: 0.48689658 | F14: 69605.358 | G14: 0.47349617 | H14: =+F14-D14 -> 2014.3261 | I14: =+G14-E14 -> -0.013400406
C15: =+C14+1 -> 2028 | D15: 70600.225 | E15: 0.48435574 | F15: 73128.227 | G15: 0.47377232 | H15: =+F15-D15 -> 2528.0017 | I15: =+G15-E15 -> -0.010583414
C16: 2029 | D16: 73093.852 | E16: 0.47758402 | F16: 76841.456 | G16: 0.47412277 | H16: =+F16-D16 -> 3747.6043 | I16: =+G16-E16 -> -0.0034612505
C17: Nota: Cifras preliminares
C18: 1) Ratios de deuda/PIB actualizados de acuerdo a las cifras de PIB nominal revisadas el 26 de agosto del 2025.
C19: 2) Ratios de deuda/PIB actualizados de acuerdo a las cifras de PIB nominal revisadas el 09 de junio del 2026.
C20: Fuentes: Dirección General de Crédito Público.

Sheet Tabla 18
B1: MINISTERIO DE HACIENDA Y ECONOMÍA
B2: DIRECCIÓN GENERAL DE PRESUPUESTO
B3: DIRECCIÓN DE ESTUDIOS ECONÓMICOS Y SEGUIMIENTO FINANCIERO
A7: Tabla 18. Perfil de amortización de deuda interna y externa del Gobierno Central
A8: 2026 - 2061
A9: En millones de Dólares (US$)
B10: 2026 | C10: 2027 | D10: 2028 | E10: 2029 | F10: 2030 | G10: 2031 | H10: 2032 | I10: 2033 | J10: 2034 | K10: 2035 | L10: 2036 | M10: 2037 | N10: 2038 | O10: 2039 | P10: 2040-2061
A11: Total Amortización Sector Público No Financiero | B11: =B15+B18 -> 570.21161 | C11: =C15+C18 -> 2693.1182 | D11: =D15+D18 -> 3409.804 | E11: =E15+E18 -> 4314.4743 | F11: =F15+F18 -> 3498.9304 | G11: =G15+G18 -> 4140.6698 | H11: =H15+H18 -> 4442.5736 | I11: =I15+I18 -> 3501.1023 | ... P11: =P15+P18 -> 18415.151
A13: Amortización | B13: =+B16+B19 -> 570.21161 | C13: =+C16+C19 -> 2693.1182 | D13: =+D16+D19 -> 3409.804 | E13: =+E16+E19 -> 4314.4743 | F13: =+F16+F19 -> 3498.9304 | G13: =+G16+G19 -> 4140.6698 | H13: =+H16+H19 -> 4442.5736 | I13: =+I16+I19 -> 3501.1023 | ... P13: =+P16+P19 -> 18415.151
A15: Deuda Externa (contratada) | B15: =SUM(B16:B16) -> 293.3235 | C15: =SUM(C16:C16) -> 2443.8523 | D15: =SUM(D16:D16) -> 2190.6657 | E15: =SUM(E16:E16) -> 2726.4594 | F15: =SUM(F16:F16) -> 2935.9141 | G15: =SUM(G16:G16) -> 2207.6125 | H15: =SUM(H16:H16) -> 3753.1558 | I15: =SUM(I16:I16) -> 3501.1023 | ... P15: =SUM(P16:P16) -> 14839.003
A16: Amortización | B16: 293.3235 | C16: 2443.8523 | D16: 2190.6657 | E16: 2726.4594 | F16: 2935.9141 | G16: 2207.6125 | H16: 3753.1558 | I16: 3501.1023 | J16: 2070.8125 | K16: 3471.2588 | L16: 3127.0001 | M16: 4655.6237 | N16: 2463.5936 | O16: 757.31367 | P16: 14839.003
A18: Deuda Interna (contratada) | B18: =SUM(B19:B19) -> 276.88811 | C18: =SUM(C19:C19) -> 249.26595 | D18: =SUM(D19:D19) -> 1219.1382 | E18: =SUM(E19:E19) -> 1588.0149 | F18: =SUM(F19:F19) -> 563.01629 | G18: =SUM(G19:G19) -> 1933.0573 | H18: =SUM(H19:H19) -> 689.41779 | I18: =SUM(I19:I19) -> 0 | ... P18: =SUM(P19:P19) -> 3576.1487
A19: Amortización | B19: 276.88811 | C19: 249.26595 | D19: 1219.1382 | E19: 1588.0149 | F19: 563.01629 | G19: 1933.0573 | H19: 689.41779 | I19: 0 | J19: 2624.0262 | K19: 1332.7552 | L19: 0 | M19: 0 | N19: 273.33607 | O19: 0 | P19: 3576.1487
A22: Notas:
A23: 1) Las proyecciones de tipos de cambio de la moneda local respecto al dólar estadounidense fueron elaboradas y consensuadas por el MHE y el BCRD en el marco del Panorama Macroeconócomico 2026-2030 revisado en junio de 2026.
A24: 2) Programación corresponde al año de vencimiento.

Sheet Tabla 19
A1: MINISTERIO DE HACIENDA Y ECONOMÍA
A2: DIRECCIÓN GENERAL DE PRESUPUESTO
A3: DIRECCIÓN DE ESTUDIOS ECONÓMICOS Y SEGUIMIENTO FINANCIERO
B7: Tabla 19. Comparativo Cuenta Ahorro Inversión Financiamiento
B8: Ley núm. 99-25 de PGE 2026 y Ley núm. 43-26 de reformulación presupuestaria
B9: Valores en Millones de RD$ y porcentaje del PIB
B11: Detalle | C11: PGE 2026 (Ley núm. 99-25) | D11: % del PIB | E11: Reformulado 2026 (Ley núm. 43-26) | F11: % del PIB | G11: Variación absoluta
G12: Absoluta | H12: Relativa
B13: Total de Ingresos | C13: 1342258153546 | D13: =C13/$C$28 -> 0.155 | E13: 1383236453546 | F13: =E13/$C$29 -> 0.15941159 | G13: =E13-C13 -> 40978300000 | H13: =(E13/C13)-1 -> 0.030529373
B14: Total de Gastos | C14: 1622833406287 | D14: =C14/$C$28 -> 0.1874 | E14: 1663811706287 | F14: =E14/$C$29 -> 0.19174659 | G14: =E14-C14 -> 40978300000 | H14: =(E14/C14)-1 -> 0.025251082
B15: Gastos Corrientes | C15: 1407548685832 | D15: =C15/$C$28 -> 0.16253956 | E15: 1431835753927 | F15: =E15/$C$29 -> 0.16501244 | G15: =E15-C15 -> 24287068095 | H15: =(E15/C15)-1 -> 0.017254869
B16: De los cuales: Intereses | C16: 324257115564 | D16: =C16/$C$28 -> 0.037444252 | E16: 311657115564 | F16: =E16/$C$29 -> 0.035917039 | G16: =E16-C16 -> -12600000000 | H16: =(E16/C16)-1 -> -0.038858052
B17: Gastos Capital | C17: 215284720455 | D17: =C17/$C$28 -> 0.024860443 | E17: 231975952360 | F17: =E17/$C$29 -> 0.026734154 | G17: =E17-C17 -> 16691231905 | H17: =(E17/C17)-1 -> 0.077530964
B18: Resultado Presupuestario | C18: =(C13-C14) -> -280575252741 | D18: =C18/$C$28 -> -0.0324 | E18: =(E13-E14) -> -280575252741 | F18: =E18/$C$29 -> -0.032334998 | G18: =E18-C18 -> 0 | H18: =(E18/C18)-1 -> 0
B19: Resultado Primario | C19: =(C13-C14)+C16 -> 43681862823 | D19: =C19/$C$28 -> 0.0050442523 | E19: =(E13-E14)+E16 -> 31081862823 | F19: =E19/$C$29 -> 0.0035820407 | G19: =E19-C19 -> -12600000000 | H19: =(E19/C19)-1 -> -0.28844924
B21: Fuentes Financieras | C21: 401767814730 | D21: =C21/$C$28 -> 0.046394958 | E21: 401767814730 | F21: =E21/$C$29 -> 0.04630188 | G21: =E21-C21 -> 0 | H21: =(E21/C21)-1 -> 0
B22: Aplicaciones Financieras | C22: 121192561989 | D22: =C22/$C$28 -> 0.013994958 | E22: 121192561989 | F22: =E22/$C$29 -> 0.013966881 | G22: =E22-C22 -> 0 | H22: =(E22/C22)-1 -> 0
B23: Total de erogaciones | C23: =C14+C22 -> 1744025968276 | D23: =C23/$C$28 -> 0.20139496 | E23: =E14+E22 -> 1785004268276 | F23: =E23/$C$29 -> 0.20571347 | G23: =E23-C23 -> 40978300000 | H23: =(E23/C23)-1 -> 0.023496382
B24: Fuente: Sistema de Información de la Gestión Financiera (SIGEF).
B28: PIB del PGE 2026 (Revisado al 26 agosto 2025) | C28: 8.65973e+12
B29: PIB del Reformulado 2026 (Revisado al 9 de junio 2026) | C29: 8.6771383e+12
B30: PIB del PGE 2027 (Revisado al 25 agosto 2026) | C30: 9.5946042e+12

Sheet Tabla 20
A1: MINISTERIO DE HACIENDA Y ECONOMÍA
A2: DIRECCIÓN GENERAL DE PRESUPUESTO
A3: DIRECCIÓN DE ESTUDIOS ECONÓMICOS Y SEGUIMIENTO FINANCIERO
B7: Tabla 20. Panorama Macroeconómico 2025-2030
B8: Revisado el 25 de agosto de 2026
B10: Indicadores | C10: 2025 | D10: 2026 | E10: 2027 | F10: 2028 | G10: 2029 | H10: 2030
B12: PIB real (Indice 2018=100) | C12: 128.00969 | D12: 133.77013 | E12: 138.9259 | F12: 145.87219 | G12: 153.1658 | H12: 160.82409
B13: Crecimiento del PIB real | C13: 3 | D13: 4.5 | E13: 4.75 | F13: 5 | G13: 5 | H13: 5
B15: PIB nominal (Millones RD$) | C15: 7968099 | D15: 8659730 | E15: 9594604.2 | F15: 10477308 | G15: 11441220 | H15: 12493812
B16: Crecimiento del PIB nominal | C16: 7.635 | D16: 8.68 | E16: 9.9875 | F16: 9.2 | G16: 9.2 | H16: 9.2
B18: PIB nominal (Millones de US$) | C18: 128424.41 | D18: 132209.62 | E18: 153273.08 | F18: 160936.73 | G18: 168983.57 | H18: 177432.75
B19: Crecimiento del PIB nominal en US$ | C19: 3.3560592 | D19: 2.9474202 | E19: 5.6860767 | F19: 5 | G19: 5 | H19: 5
B21: Meta de inflación (±1) | C21: 4 | D21: 4 | E21: 4 | F21: 4 | G21: 4 | H21: 4
B22: Inflación (promedio) | C22: 3.5 | D22: 3.8 | E22: 4.5 | F22: 4 | G22: 4 | H22: 4
B23: Inflación (diciembre) | C23: 3.7 | D23: 4 | E23: 4 | F23: 4 | G23: 4 | H23: 4
B24: Crecimiento deflactor PIB | C24: 4.5 | D24: 4 | E24: 5 | F24: 4 | G24: 4 | H24: 4
B26: Tasa de cambio (promedio) | C26: 62.04505 | D26: 65.5 | E26: 62.598105 | F26: 65.102029 | G26: 67.70611 | H26: 70.414355
B27: Tasa de variación (%) | C27: 4.14 | D27: 5.5684541 | E27: 4.07 | F27: 4 | G27: 4 | H27: 4
B28: SUPUESTOS :
B29: Petróleo WTI (US$ por barril) | C29: 63.58 | D29: 47.77 | E29: 74.922292 | F29: 70.144792 | G29: 67.695625 | H29: 65.625
B30: Oro (US$/Oz) | C30: 3363.58 | D30: 3467.8417 | E30: 4616.5542 | F30: 4811.7075 | G30: 5072.65 | H30: 5211.65
B31: Nickel (US$/TM) | C31: 15800 | D31: 16000 | E31: 17387 | F31: 18215 | G31: 18890 | H31: 19078.9
B32: Carbón mineral API2 CIF ARA (US$/TM) | C32: 104.1 | D32: 123.97 | E32: 110.49583 | F32: 107.50833 | G32: 107.45417 | H32: 109.46667
B33: Crecimiento PIB real EE.UU (%) | C33: 1.6 | D33: 1.7 | E33: 2.2 | F33: 2.1 | G33: 2 | H33: 2
B34: Inflación EE.UU. (promedio) | C34: 2.8 | D34: 2.7 | E34: 2.3 | F34: 2.2 | G34: 2 | H34: 2
B35: Inflación EE.UU. (diciembre) | C35: 3.3 | D35: 2.271 | E35: 2.4 | F35: 2.2 | G35: 2 | H35: 2
B37: Notas:
B38: 1. Proyecciones del Ministerio Hacienda y Economía, consensuadas con el Banco Central de la República Dominicana.
B39: 2. De 2028 en adelante se proyecta la inflación con la consecución de la meta establecida por el Banco Central.
B40: 3. La meta de inflación se relaciona con el objetivo establecido por la Junta Monetaria del Banco Central; en cambio las proyecciones de inflación corresponden a los resultados esperados, dada la evolución de los precios domésticos, los precios internacionales del petróleo y otros determinantes.
B42: 4. Fuentes supuestos exógenos: Consensus ForecastsTM, FMI, Banco Mundial, NYMEX, LME y Bloomberg consultados el 21 de agosto de 2026.

Sheet Tabla 21
A2: MINISTERIO DE HACIENDA Y ECONOMÍA
A3: DIRECCIÓN GENERAL DE PRESUPUESTO
A4: DIRECCIÓN DE ESTUDIOS ECONÓMICOS Y SEGUIMIENTO FINANCIERO
A7: Tabla 21. Comparativo de proyecciones Macroeconómicas 2026
C9: Indicadores | D9: Proyectado al 26/08/2025 PGE 2026 | E9: Proyectado al 25/08/2026 PGE 2027 | F9: Variación Absoluta
C11: PIB real (Indice 2018=100) | D11: 133.77013 | E11: 138.9259 | F11: =E11-D11 -> 5.1557701
C12: Crecimiento del PIB real | D12: 4.5 | E12: 4.75 | F12: =E12-D12 -> 0.25
C14: PIB nominal (Millones RD$) | D14: 8659730 | E14: 9594604.2 | F14: =E14-D14 -> 934874.17
C15: Crecimiento del PIB nominal | D15: 8.68 | E15: 9.9875 | F15: =E15-D15 -> 1.3075
C17: PIB nominal (Millones de US$) | D17: 132209.62 | E17: 153273.08 | F17: =E17-D17 -> 21063.459
C18: Crecimiento del PIB nominal en US$ | D18: 2.9474202 | E18: 5.6860767 | F18: =E18-D18 -> 2.7386565
C20: Meta de inflación (±1) | D20: 4 | E20: 4 | F20: =E20-D20 -> 0
C21: Inflación (promedio) | D21: 3.8 | E21: 4.5 | F21: =E21-D21 -> 0.7
C22: Inflación (diciembre) | D22: 4 | E22: 4 | F22: =E22-D22 -> 0
C23: Crecimiento deflactor PIB | D23: 4 | E23: 5 | F23: =E23-D23 -> 1
C25: Tasa de cambio (promedio del año) | D25: 65.5 | E25: 62.598105 | F25: =E25-D25 -> -2.901895
C26: Tasa de variación (%) | D26: 5.5684541 | E26: 4.07 | F26: =E26-D26 -> -1.4984541
C27: SUPUESTOS :
C28: Petróleo WTI (US$ por barril) | D28: 47.77 | E28: 74.922292 | F28: =E28-D28 -> 27.152292
C29: Oro (US$/Oz) | D29: 3467.8417 | E29: 4616.5542 | F29: =E29-D29 -> 1148.7125
C30: Nickel (US$/TM) | D30: 16000 | E30: 17387 | F30: =E30-D30 -> 1387
C31: Carbón mineral API2 CIF ARA (US$/TM) | D31: 123.97 | E31: 110.49583 | F31: =E31-D31 -> -13.474167
C32: Crecimiento PIB real EE.UU (%) | D32: 1.7 | E32: 2.2 | F32: =E32-D32 -> 0.5
C33: Inflación EE.UU. (promedio) | D33: 2.7 | E33: 2.3 | F33: =E33-D33 -> -0.4
C34: Inflación EE.UU. (diciembre) | D34: 2.271 | E34: 2.4 | F34: =E34-D34 -> 0.129
C36: Notas:
C37: 1. Proyecciones del Ministerio de Hacienda y Economía, consensuadas con el Banco Central (BCRD).
C38: 2. La meta de inflación se relaciona con el objetivo de inflación establecido por la Junta Monetaria del Banco Central; en cambio las proyecciones de inflación corresponden a los resultados esperados, dada la evolución de los precios domésticos, los precios internacionales del petróleo y otros determinantes.
C39: 3. Fuentes supuestos exógenos son: Consensus ForecastsTM, FMI, Banco Mundial, EIA y Bloomberg©.
C40: Fuente: Panorama macroeconómico usado en formulación 2025-2029 revisado al 26 de agosto de 2025 y el vigente 2025-2030 revisado al 25 de agosto de 2026.

Sheet Tabla 22
A2: MINISTERIO DE HACIENDA Y ECONOMÍA
A3: DIRECCIÓN GENERAL DE PRESUPUESTO
A4: DIRECCIÓN DE ESTUDIOS ECONÓMICOS Y SEGUIMIENTO FINANCIERO
B8: Tabla 22. Proyecciones de la tasa nominal de interés activa, 2026-2030 (en %)
B10: Indicador | C10: Año
C11: 2025 | D11: 2026 | E11: 2027 | F11: 2028 | G11: 2029 | H11: 2030
B12: Tasa de interés activa en moneda nacional de 0 a 90 días | C12: 13.3877 | D12: 12.028572 | E12: 11.772783 | F12: 11.943773 | G12: 11.943773 | H12: 11.943773
B13: Fuente: Elaborado por la DAE/VE del Ministerio de Hacienda y Economía (MHyE).
B14: Nota: Para el año 2025 se toma la tasa promedio ponderado anual nominal de bancos múltiples de 0 a 90 días publicada por el Banco Central de la República Dominicana. A partir de 2026 corresponde a proyecciones del MHyE del Panorama Macroeconómico 2026-2030, agosto 2026; exceptuando el periodo 2028-2030, para el cual se considera el valor de largo plazo estimado por el modelo.

Sheet Tabla 23
B2: MINISTERIO DE HACIENDA Y ECONOMÍA
B3: DIRECCIÓN GENERAL DE PRESUPUESTO
B4: DIRECCIÓN DE ESTUDIOS ECONÓMICOS Y SEGUIMIENTO FINANCIERO
B9: Tabla 23. Principales Variables Macroeconómicos 2025-2027
B11: Variable | C11: 2025 | D11: Estimado 2026 | E11: Estimado 2027
B12: Crecimiento del PIB real (%) | C12: 2.12 | D12: 4.5 | E12: 4.75
B13: PIB nominal (millones RD$) | C13: 7897551.3 | D13: 8723358.7 | E13: 9594604.2
B14: Crecimiento del PIB nominal (%) | C14: 6.68 | D14: 10.46 | E14: 9.99
B15: Inflación promedio (%) | C15: 3.87 | D15: 5.1 | E15: 4.5
B16: Inflación diciembre (%) | C16: 4.95 | D16: 4.75 | E16: 4
B17: Tasa de cambio promedio (RD$/US$) | C17: 62 | D17: 60.15 | E17: 62.6
B18: Petróleo WTI (US$/barril) | C18: 64.9 | D18: 83.5 | E18: 74.9
B19: Oro (US$/onza troy) | C19: 3438.3 | D19: 4488.8 | E19: 4616.6
B20: Crecimiento PIB real EE.UU. (%) | C20: 2.1 | D20: 2.2 | E20: 2.2
B21: Fuente: Panorama Macroeconómico 2026-2030, revisado el 25 de agosto de 2026 (MHE-BCRD).

Sheet Tabla 24
B2: MINISTERIO DE HACIENDA Y ECONOMÍA
B3: DIRECCIÓN GENERAL DE PRESUPUESTO
B4: DIRECCIÓN DE ESTUDIOS ECONÓMICOS Y SEGUIMIENTO FINANCIERO
B7: Tabla 24. Estimación de Ingresos Fiscales Presupuesto 2027
B8: Por Institución Recaudadora o Perceptora de Ingresos
B9: Millones RD$
B10: Partidas | C10: Presupuesto Reformulado 20261) | D10: Ingresos Extraordinarios 2026 | E10: Ingresos Adicionales o No recurrentes 2026 | F10: 2026 Normalizado2/ | G10: Presupuesto 2027 | H10: Variación Pres. 2027 - Norm. 2026
H11: Absoluta | I11: Relativa
B12: DGA | C12: =SUM(C13:C18) -> 284174 | D12: =SUM(D13:D18) -> 0 | E12: =SUM(E13:E18) -> 0 | F12: =SUM(F13:F18) -> 284174 | G12: =SUM(G13:G18) -> 292527.16 | H12: =G12-F12 -> 8353.1579 | I12: =H12/F12 -> 0.029394519
B13: Arancel | C13: 66337.319 | D13: 0 | E13: 0 | F13: 66337.319 | G13: 68471.382 | H13: =G13-F13 -> 2134.0626 | I13: =H13/F13 -> 0.032169866
B14: ITBIS | C14: 184243.66 | D14: 0 | E14: 0 | F14: 184243.66 | G14: 188055.25 | H14: =G14-F14 -> 3811.5831 | I14: =H14/F14 -> 0.02068773
B15: Alcoholes | C15: 21090.543 | D15: 0 | E15: 0 | F15: 21090.543 | G15: 20956.46 | H15: =G15-F15 -> -134.08285 | I15: =H15/F15 -> -0.0063574869
B16: Tabaco | C16: 2829.5409 | D16: 0 | E16: 0 | F16: 2829.5409 | G16: 3092.7686 | H16: =G16-F16 -> 263.22777 | I16: =H16/F16 -> 0.093028438
B17: Impuesto adicional de RD$2.0 al consumo de gasoil y gasolina premium-regular | C17: 2350.7482 | D17: 0 | E17: 0 | F17: 2350.7482 | G17: 2591.8935 | H17: =G17-F17 -> 241.14533 | I17: =H17/F17 -> 0.10258237
B18: Otros | C18: 7322.1862 | D18: 0 | E18: 0 | F18: 7322.1862 | G18: 9359.4081 | H18: =G18-F18 -> 2037.2219 | I18: =H18/F18 -> 0.27822591
B19: DGII | C19: =SUM(C20:C31) -> 999762.41 | D19: =SUM(D20:D31) -> 7854.7 | E19: =SUM(E20:E31) -> 0 | F19: =SUM(F20:F31) -> 991907.71 | G19: =SUM(G20:G31) -> 1117022.8 | H19: =G19-F19 -> 125115.13 | I19: =H19/F19 -> 0.12613586
B20: Impuestos sobre la Renta de las Personas | C20: 153813.17 | F20: 153813.17 | G20: 175393.61 | H20: =G20-F20 -> 21580.44 | I20: =H20/F20 -> 0.14030294
B21: Impuestos sobre los Ingresos de las Empresas | C21: 222951.15 | D21: 6414 | F21: 216537.15 | G21: 238743.72 | H21: =G21-F21 -> 22206.569 | I21: =H21/F21 -> 0.10255316
B22: Otros Impuestos sobre los Ingresos | C22: 71065.523 | F22: 71065.523 | G22: 86796.523 | H22: =G22-F22 -> 15731 | I22: =H22/F22 -> 0.22135909
B23: Accesorios sobre los Impuestos a los Ingresos | C23: 3461.2282 | E23: 0 | F23: 3461.2282 | G23: 3973.0319 | H23: =G23-F23 -> 511.8037 | I23: =H23/F23 -> 0.14786766
B24: Patrimonio | C24: 74115.672 | F24: 74115.672 | G24: 86996.326 | H24: =G24-F24 -> 12880.654 | I24: =H24/F24 -> 0.17379124
B25: ITBIS | C25: 247420.71 | F25: 247420.71 | G25: 271390.43 | H25: =G25-F25 -> 23969.718 | I25: =H25/F25 -> 0.09687838
B26: Alcoholes | C26: 34786.62 | F26: 34786.62 | G26: 39282.859 | H26: =G26-F26 -> 4496.2398 | I26: =H26/F26 -> 0.12925199
B27: Tabaco | C27: 527.13543 | D27: 0 | E27: 0 | F27: 527.13543 | G27: 529.14043 | H27: =G27-F27 -> 2.004998 | I27: =H27/F27 -> 0.0038035729
B28: ISC Especifico sobre Hidrocarburos (Ley No. 112-00) | C28: 53937.395 | D28: 0 | E28: 0 | F28: 53937.395 | G28: 58592.54 | H28: =G28-F28 -> 4655.1452 | I28: =H28/F28 -> 0.086306451
B29: ISC Ad Valorem sobre Hidrocarburos (Ley No. 557-05) | C29: 39402.194 | D29: 0 | E29: 0 | F29: 39402.194 | G29: 42013.901 | H29: =G29-F29 -> 2611.7069 | I29: =H29/F29 -> 0.066283285
B30: Ingresos por diferencial del gas licuado de petróleo | C30: 10727.681 | D30: 0 | E30: 0 | F30: 10727.681 | G30: 11245.724 | H30: =G30-F30 -> 518.04379 | I30: =H30/F30 -> 0.048290382
B31: Otros | C31: 87553.936 | D31: 1440.7 | F31: 86113.236 | G31: 102065.04 | H31: =G31-F31 -> 15951.803 | I31: =H31/F31 -> 0.18524218
B32: TN | C32: =SUM(C33:C35) -> 10319.014 | D32: =SUM(D33:D35) -> 0 | E32: =SUM(E33:E35) -> 0 | F32: =SUM(F33:F35) -> 10319.014 | G32: =SUM(G33:G35) -> 11129.849 | H32: =G32-F32 -> 810.83582 | I32: =H32/F32 -> 0.078576873
B33: Comtribución a la Seguridad Social | C33: 8245.3377 | F33: 8245.3377 | G33: 8669.1388 | H33: =G33-F33 -> 423.80114 | I33: =H33/F33 -> 0.051398882
B34: PROMESE | C34: 1143.6203 | D34: 0 | E34: 0 | F34: 1143.6203 | G34: 1241.1274 | H34: =G34-F34 -> 97.507148 | I34: =H34/F34 -> 0.08526182
B35: Tasas por Expedición y Renovación de Pasaportes | C35: 930.0557 | D35: 0 | E35: 0 | F35: 930.0557 | G35: 1219.5832 | H35: =G35-F35 -> 289.52754 | I35: =H35/F35 -> 0.31130129
B36: Otros | C36: =SUM(C37:C47) -> 54078.358 | D36: =SUM(D37:D47) -> 0 | E36: =SUM(E37:E47) -> 36714.328 | F36: =SUM(F37:F47) -> 17364.03 | G36: =SUM(G37:G47) -> 56192.994 | H36: =G36-F36 -> 38828.964 | I36: =H36/F36 -> 2.2361723
B37: - Del Gobierno Central | C37: 1550.0814 | E37: 1550.0814 | F37: 0 | G37: 4681.3482 | H37: =G37-F37 -> 4681.3482 | I37: 0
B38: - De Instituciones Públicas Descentralizadas o Autónomas | C38: 9807.4463 | D38: 0 | E38: 9807.4463 | F38: 0 | G38: 15043.535 | H38: =G38-F38 -> 15043.535 | I38: 0
B39: - De instituciones públicas de la seguridad social | C39: 1035 | D39: 0 | E39: 1035 | F39: 0 | G39: 1000 | H39: =G39-F39 -> 1000 | I39: 0
B40: - De empresas públicas no financieras | C40: 9020 | E40: 9020 | F40: 0 | G40: 9000 | H40: =G40-F40 -> 9000 | I40: 0
B41: - De Instituciones Públicas Financieras No Monetarias | C41: 3000 | E41: 3000 | G41: 3000 | H41: =G41-F41 -> 3000 | I41: 0
B42: Dividendos del Banco de Reservas | C42: 10419.663 | F42: 10419.663 | G42: 10160.652 | H42: =G42-F42 -> -259.01146 | I42: =H42/F42 -> -0.02485795
B43: Fondo Patrimonial de empresas Reformadas (FONPER) | C43: 2500 | D43: 0 | E43: 2500 | F43: 0 | G43: 2500 | H43: =G43-F43 -> 2500 | I43: 0
B44: Transferencias de capital recibidas de empresas públicas no financieras nacionales (EDES) | C44: 6027.75 | D44: 0 | E44: 0 | F44: 6027.75 | G44: 5788.6197 | H44: =G44-F44 -> -239.13026 | I44: =H44/F44 -> -0.039671562
B45: Intereses por Colocación de Inversiones Financieras | C45: 416.6179 | D45: 0 | E45: 0 | F45: 416.6179 | G45: 637.35147 | H45: =G45-F45 -> 220.73357 | I45: =H45/F45 -> 0.52982259
B46: Otros ingresos | C46: 0 | D46: 0 | E46: 0 | F46: 0 | G46: 0 | H46: =G46-F46 -> 0 | I46: 0
B47: Otros | C47: 10301.799 | D47: 0 | E47: 9801.8 | F47: 499.99905 | G47: 4381.488 | H47: =G47-F47 -> 3881.489 | I47: =H47/F47 -> 7.7629928
B48: Total Ingresos | C48: =SUM(C12,C19,C32,C36) -> 1348333.8 | D48: =SUM(D12,D19,D32,D36) -> 7854.7 | E48: =SUM(E12,E19,E32,E36) -> 36714.328 | F48: =SUM(F12,F19,F32,F36) -> 1303764.8 | G48: =SUM(G12,G19,G32,G36) -> 1476872.8 | H48: =G48-F48 -> 173108.09 | I48: =H48/F48 -> 0.13277555
B49: Ingresos directos de las Inst. Centralizadas en la CUT | C49: 32769.001 | D49: 0 | E49: 23.3 | F49: 32745.701 | G49: 32050.873 | H49: =G49-F49 -> -694.82806 | I49: =H49/F49 -> -0.021218909
B50: Total Ingresos con directos de las inst. en CUT | C50: =C48+C49 -> 1381102.8 | D50: =D48+D49 -> 7854.7 | E50: =E48+E49 -> 36737.628 | F50: =F48+F49 -> 1336510.5 | G50: =G48+G49 -> 1508923.7 | H50: =G50-F50 -> 172413.26 | I50: =H50/F50 -> 0.12900255
B51: Donaciones | C51: 2133.6668 | D51: 0 | E51: 0 | F51: 2133.6668 | G51: 1650.7673 | H51: =G51-F51 -> -482.89949 | I51: =H51/F51 -> -0.22632376
B52: Total Ingresos con Donaciones | C52: =C50+C51 -> 1383236.5 | D52: =D50+D51 -> 7854.7 | E52: =E50+E51 -> 36737.628 | F52: =F50+F51 -> 1338644.1 | G52: =G50+G51 -> 1510574.5 | H52: =G52-F52 -> 171930.36 | I52: =H52/F52 -> 0.1284362
B53: Fuente: Elaborado por la DGPT del Ministerio de Hacienda y Economía en coordinación con las Instituciones Recaudadoras.
B54: 1/ Estimación en base al total observado Enero-Julio 2026.
B55: 2/ Excluye los ingresos extraordinarios ni adicionales recibidos en 2026.

Sheet Tabla 25
C5: MINISTERIO DE HACIENDA Y ECONOMÍA
C6: DIRECCIÓN GENERAL DE PRESUPUESTO
C7: DIRECCIÓN DE ESTUDIOS ECONÓMICOS Y SEGUIMIENTO FINANCIERO
B10: Tabla 25. Ingresos de Pueblo Viejo Dominicana Corporation (PVDC)
B11: Millones US$ y RD$
B12: Año | C12: RNF | E12: IMA | G12: ISR | I12: PUN | K12: Total
C13: US$ | D13: RD$ | E13: US$ | F13: RD$ | G13: US$ | H13: RD$ | I13: US$ | J13: RD$ | K13: US$ | L13: RD$
B14: 2013 | C14: 34 | D14: 1422.4 | E14: 81.14 | F14: 2633.6 | G14: 113.7 | H14: 3453.4 | I14: 62.1 | J14: 4835.1 | K14: =+C14+E14+G14+I14 -> 290.94 | L14: =+D14+F14+H14+J14 -> 12344.5
B15: 20141) | C15: 46.2 | D15: 2004.6 | E15: 20.1 | F15: 872.7 | G15: 146 | H15: 6322.78 | I15: 110.2 | J15: 4791.9 | K15: =+C15+E15+G15+I15 -> 322.5 | L15: =+D15+F15+H15+J15 -> 13991.98
B16: 2015 | C16: 40.7 | D16: 1814.6 | E16: 31.7 | F16: 1432.6 | G16: 44.9 | H16: 2004.9 | I16: 121.9 | J16: 5460.4 | K16: =+C16+E16+G16+I16 -> 239.2 | L16: =+D16+F16+H16+J16 -> 10712.5
B17: 2016 | C17: 47 | D17: 2166.8 | E17: 0 | F17: 0 | G17: 57.9 | H17: 2661.8 | I17: 183.6 | J17: 8431 | K17: =+C17+E17+G17+I17 -> 288.5 | L17: 13258.8
B18: 2017 | C18: 43.8 | D18: 2078.8 | E18: 0 | F18: 0 | G18: 132.3 | H18: 6221.8 | I18: 151.1 | J18: 7104.3 | K18: =+C18+E18+G18+I18 -> 327.2 | L18: =+D18+F18+H18+J18 -> 15404.9
B19: 2018 | C19: 43.8 | D19: 2161 | E19: 5.4 | F19: 264.6 | G19: 72.6 | H19: 3673.9 | I19: 51.5 | J19: 2551.6 | K19: =+C19+E19+G19+I19 -> 173.3 | L19: =+D19+F19+H19+J19 -> 8651.1
B20: 2019 | C20: 43.68709 | D20: 2229.3 | E20: 0 | F20: 0 | G20: 94.4 | H20: 4822.2 | I20: 60.3 | J20: =3056.7-142.8 -> 2913.9 | K20: =+C20+E20+G20+I20 -> 198.38709 | L20: =+D20+F20+H20+J20 -> 9965.4
B21: 2020 | C21: 98.444 | D21: 5638 | E21: 0 | F21: 0 | G21: 204.5 | H21: 11416.9 | I21: 93.2 | J21: 5091.5 | K21: =+C21+E21+G21+I21 -> 396.144 | L21: =+D21+F21+H21+J21 -> 22146.4
B22: 2021 | C22: 100.9 | D22: 5739.7 | E22: 0 | F22: 0 | G22: 207.19 | H22: 12550.2 | I22: 183.85 | J22: 10414.4 | K22: =+C22+E22+G22+I22 -> 491.94 | L22: =+D22+F22+H22+J22 -> 28704.3
B23: 2022 | C23: 3.6 | D23: 207.1 | E23: 0 | F23: 0 | G23: 138.2 | H23: 7854.6 | I23: 28 | J23: 1574.4 | K23: =+C23+E23+G23+I23 -> 169.8 | L23: =+D23+F23+H23+J23 -> 9636.1
B24: 20232) | C24: 0 | D24: 0 | E24: 0 | F24: 0 | G24: 76.8 | H24: 4324.7152 | I24: 0 | J24: 0 | K24: =+C24+E24+G24+I24 -> 76.8 | L24: =+D24+F24+H24+J24 -> 4324.7152
B25: 20242) | C25: 27.2 | D25: 1623.4 | E25: 0 | F25: 0 | G25: 175.1 | H25: 10415.3 | I25: 20.6 | J25: 1237.7 | K25: =+C25+E25+G25+I25 -> 222.9 | L25: =+D25+F25+H25+J25 -> 13276.4
B26: 20252) | C26: 59.1 | D26: 3587.3 | E26: 0 | F26: 0 | G26: 235.5 | H26: 14293.5 | I26: 159.6 | J26: 9621.1 | K26: =+C26+E26+G26+I26 -> 454.2 | L26: =+D26+F26+H26+J26 -> 27501.9
B27: 20262) | C27: 29 | D27: 1739.3 | E27: 0 | F27: 0 | G27: 341.4 | H27: 20496.5 | I27: 153.8 | J27: 9514 | K27: =+C27+E27+G27+I27 -> 524.2 | L27: =+D27+F27+H27+J27 -> 31749.8
B28: 20272) | C28: 27.1 | D28: 1698.6 | E28: 0 | F28: 0 | G28: 298.9 | H28: 18713.2 | I28: 221.5 | J28: 13865.7 | K28: =+C28+E28+G28+I28 -> 547.5 | L28: =+D28+F28+H28+J28 -> 34277.5
B29: Total | C29: =SUM(C14:C28) -> 644.53109 | D29: =SUM(D14:D28) -> 34110.9 | E29: =SUM(E14:E28) -> 138.34 | F29: =SUM(F14:F28) -> 5203.5 | G29: =SUM(G14:G28) -> 2339.39 | H29: =SUM(H14:H28) -> 129225.7 | I29: =SUM(I14:I28) -> 1601.25 | J29: =SUM(J14:J28) -> 87407 | ... L29: =SUM(L14:L28) -> 255946.3
B30: Fuente: Elaborado por la DPT del Ministerio de Hacienda y Economia, con datos del SIGEF y PVDC.
B31: 1) Para el 2014, el ISR incluye Ganancias de Capital por US$73.2 millones, equivalentes a RD$3,151.1 millones.
B32: 2) Cifras sujetas a rectificación.

Sheet Tabla 26-27
B2: MINISTERIO DE HACIENDA Y ECONOMÍA
B3: DIRECCIÓN GENERAL DE PRESUPUESTO
B4: DIRECCIÓN DE ESTUDIOS ECONÓMICOS Y SEGUIMIENTO FINANCIERO
B7: Tabla 26. Estimación de Ingresos Fiscales Presupuesto 2027
B8: Clasificación Económica
B9: Millones RD$
B10: Partidas | C10: Recaudado 2025 | D10: Presupuesto Reformulado 2026) | E10: Presupuesto 2027 | F10: Variación Relativa
F11: Pres Ref. 2026 - Rec. 2025 | G11: Pres. 2027 - Pres Ref. 2026
B12: A) INGRESOS CORRIENTES | C12: 1245960.2 | D12: 1380018.5 | E12: 1508923.7 | F12: 0.10759434 | G12: 0.09340832
B13: I) IMPUESTOS | C13: 1145040.3 | D13: 1265884.2 | E13: 1388163.9 | F13: 0.10553686 | G13: 0.096596258
B14: 1) IMPUESTOS SOBRE LOS INGRESOS | C14: 419380.4 | D14: 451291.07 | E14: 504906.88 | F14: 0.076090028 | G14: 0.11880539
B15: - Impuestos sobre la Renta de Personas Físicas | C15: 133747.14 | D15: 153813.17 | E15: 175393.61 | F15: 0.15002958 | G15: 0.14030294
B16: - Impuestos sobre los Ingresos de las Empresas y Otras Corporaciones | C16: 214161.77 | D16: 222951.15 | E16: 238743.72 | F16: 0.041040843 | G16: 0.070834213
B17: - Impuestos sobre los Ingresos Aplicados sin Distinción de Persona | C17: 67934.134 | D17: 71065.523 | E17: 86796.523 | F17: 0.046094485 | G17: 0.22135909
B18: - Accesorios sobre los Impuestos a los Ingresos | C18: 3537.3577 | D18: 3461.2282 | E18: 3973.0319 | F18: -0.021521571 | G18: 0.14786766
B19: 2) IMPUESTOS SOBRE LA PROPIEDAD | C19: 61919.91 | D19: 74115.672 | E19: 86996.326 | F19: 0.19696026 | G19: 0.17379124
B20: - Impuestos sobre la Propiedad y Transacciones Financieras y de Capital | C20: 58324.679 | D20: 70452.718 | E20: 81343.176 | F20: 0.20794009 | G20: 0.15457825
B21: - Impuesto a la Propiedad Inmobiliaria (IPI) | C21: 6032.1033 | D21: 7371.1339 | E21: 8598.9519 | F21: 0.22198403 | G21: 0.16657112
B22: - Impuestos sobre Activos | C22: 10823.587 | D22: 12713.171 | E22: 14313.942 | F22: 0.17458023 | G22: 0.12591435
B23: - Impuesto sobre Operaciones Inmobiliarias | C23: 16346.72 | D23: 16986.039 | E23: 18495.14 | F23: 0.039109963 | G23: 0.0888436
... B103: Total Ingresos con Donaciones | C103: 1247292 | D103: 1383236.5 | E103: 1510574.5 | F103: 0.10899171 | G103: 0.092058036
B104: Fuente: Elaborado por la DGPT del Ministerio de Hacienda y Economía en coordinación con las Instituciones Recaudadoras.
B105: 1/ Estimación en base al total observado Enero-Julio 2026.
B110: Tabla 27. Estimación de Ingresos Fiscales Presupuesto 2027
B111: Clasificación Económica
B112: Valores como % PIB
B113: Partidas | C113: Recaudado 2025 | D113: Presupuesto Reformulado 20261) | E113: Presupuesto 2027 | F113: Pres. 2027 - Pres Ref. 2026
B115: A) INGRESOS CORRIENTES | C115: 0.15776539 | D115: 0.15819807 | E115: 0.15726795 | F115: -0.00093012054
B116: I) IMPUESTOS | C116: 0.14498675 | D116: 0.14511432 | E116: 0.14468173 | F116: -0.00043258773
B117: 1) IMPUESTOS SOBRE LOS INGRESOS | C117: 0.053102587 | D117: 0.051733637 | E117: 0.052624045 | F117: 0.00089040849
B118: - Impuestos sobre la Renta de Personas Físicas | C118: 0.016935267 | D118: 0.017632334 | E118: 0.018280443 | F118: 0.00064810904
B119: - Impuestos sobre los Ingresos de las Empresas y Otras Corporaciones | C119: 0.02711749 | D119: 0.025557948 | E119: 0.024883123 | F119: -0.0006748248
B120: - Impuestos sobre los Ingresos Aplicados sin Distinción de Persona | C120: 0.0086019238 | D120: 0.0081465781 | E120: 0.0090463891 | F120: 0.00089981102
B121: - Accesorios sobre los Impuestos a los Ingresos | C121: 0.00044790563 | D121: 0.00039677701 | E121: 0.00041409024 | F121: 1.7313225e-05
B122: 2) IMPUESTOS SOBRE LA PROPIEDAD | C122: 0.0078403935 | D122: 0.0084962311 | E122: 0.0090672136 | F122: 0.00057098255
B123: - Impuestos sobre la Propiedad y Transacciones Financieras y de Capital | C123: 0.0073851599 | D123: 0.0080763294 | E123: 0.0084780127 | F123: 0.0004016833
B124: - Impuesto a la Propiedad Inmobiliaria (IPI) | C124: 0.00076379413 | D124: 0.00084498805 | E124: 0.00089622789 | F124: 5.1239848e-05
B125: - Impuestos sobre Activos | C125: 0.0013704991 | D125: 0.0014573712 | E125: 0.0014918742 | F125: 3.4503016e-05
B126: - Impuesto sobre Operaciones Inmobiliarias | C126: 0.0020698466 | D126: 0.0019471903 | E126: 0.0019276606 | F126: -1.9529705e-05
... B202: Total Ingresos con Donaciones | C202: 0.15793401 | D202: 0.15856696 | E202: 0.15744 | F202: -0.0011269574
C204: 7897551.3 | D204: 8723358.7 | E204: 9594604.2

Sheet Tabla 28
A2: MINISTERIO DE HACIENDA Y ECONOMÍA
A4: DIRECCIÓN GENERAL DE PRESUPUESTO
A5: DIRECCIÓN DE ESTUDIOS ECONÓMICOS Y SEGUIMIENTO FINANCIERO
B9: Tabla 28. Estimación de Ingresos Fiscales Presupuesto 2027
B10: Por Institución Recaudadora o Perceptora de Ingresos
B11: Valores en millones RD$
B12: Partidas | C12: Recaudado 2025 | D12: Presupuesto Reformulado 20261) | E12: Presupuesto 2027 | F12: Variación Relativa
F13: Pres Ref. 2026 - Rec. 2025 | G13: Pres. 2027 - Pres Ref. 2026
B14: DGA | C14: 264089.65 | D14: 284174 | E14: 292527.16 | F14: 0.076051263 | G14: 0.029394519 | H14: =E14+E21 -> 1409550
B15: Arancel | C15: 61613.715 | D15: 66337.319 | E15: 68471.382 | F15: 0.076664804 | G15: 0.032169866
B16: ITBIS | C16: 173285.79 | D16: 184243.66 | E16: 188055.25 | F16: 0.063235821 | G16: 0.02068773
B17: Alcoholes | C17: 16931.765 | D17: 21090.543 | E17: 20956.46 | F17: 0.24561988 | G17: -0.0063574869
B18: Tabaco | C18: 2371.3809 | D18: 2829.5409 | E18: 3092.7686 | F18: 0.19320386 | G18: 0.093028438
B19: Impuesto adicional de RD$2.0 al consumo de gasoil y gasolina premium-regular | C19: 2064.4306 | D19: 2350.7482 | E19: 2591.8935 | F19: 0.13869085 | G19: 0.10258237
B20: Otros | C20: 7822.5633 | D20: 7322.1862 | E20: 9359.4081 | F20: -0.063965875 | G20: 0.27822591
B21: DGII | C21: 913748.78 | D21: 999762.41 | E21: 1117022.8 | F21: 0.094132688 | G21: 0.11728829
B22: Impuestos sobre la Renta de las Personas | C22: 133747.14 | D22: 153813.17 | E22: 175393.61 | F22: 0.15002958 | G22: 0.14030294
B23: Impuestos sobre los Ingresos de las Empresas | C23: 214161.77 | D23: 222951.15 | E23: 238743.72 | F23: 0.041040843 | G23: 0.070834213
B24: Otros Impuestos sobre los Ingresos | C24: 67934.134 | D24: 71065.523 | E24: 86796.523 | F24: 0.046094485 | G24: 0.22135909
B25: Accesorios sobre los Impuestos a los Ingresos | C25: 3537.3577 | D25: 3461.2282 | E25: 3973.0319 | F25: -0.021521571 | G25: 0.14786766
B26: Patrimonio | C26: 61919.91 | D26: 74115.672 | E26: 86996.326 | F26: 0.19696026 | G26: 0.17379124
... B39: Del Sector Privado Interno | C39: 3.569288 | D39: 0 | E39: 0 | F39: 0 | G39: 0
B40: Del Gobierno Central | C40: 88.378218 | D40: 1550.0814 | E40: 4681.3482
B41: De Instituciones Públicas Descentralizadas o Autónomas | C41: 7683.3711 | D41: 9807.4463 | E41: 15043.535 | F41: 0 | G41: 0
B42: De instituciones públicas de la seguridad social | C42: 395 | D42: 1035 | E42: 1000 | F42: 0 | G42: 0
B43: De empresas públicas no financieras | C43: 400 | D43: 9020 | E43: 9000 | F43: 21.55 | G43: -0.0022172949
B44: De Instituciones Públicas Financieras No Monetarias | C44: 40 | D44: 3000 | E44: 3000
B45: Dividendos del Banco de Reservas | C45: 9923.8589 | D45: 10419.663 | E45: 10160.652 | F45: 0.049960839 | G45: -0.02485795
B46: Fondo Patrimonial de empresas Reformadas (FONPER) | C46: 500 | D46: 2500 | E46: 2500 | F46: 0 | G46: 0
B47: Transferencias de capital recibidas de empresas públicas no financieras nacionales (EDES)/ Dividendos Punta Catalina) | C47: 0 | D47: 6027.75 | E47: 5788.6197 | F47: 0 | G47: 0
B48: Intereses por Colocación de Inversiones Financieras | C48: 865.2523 | D48: 416.6179 | E48: 637.35147 | F48: -0.51850125 | G48: 0.52982259
B49: Otros ingresos | C49: 0 | D49: 0 | F49: 0
B50: Otros | C50: 5380.4152 | D50: 10301.799 | E50: 4381.488 | F50: 0.91468476 | G50: -0.5746871
B51: Total Ingresos | C51: 1212821.5 | D51: 1348333.8 | E51: 1476872.8 | F51: 0.11173311 | G51: 0.095331779
B52: Ingresos directosde las Inst. Centralizadas en la CUT | C52: 33233.833 | D52: 32769.001 | E52: 32050.873 | F52: -0.013986697 | G52: -0.021914859
B53: Total Ingresos con directos de las inst . En CUT | C53: 1246055.3 | D53: 1381102.8 | E53: 1508923.7 | F53: 0.10838001 | G53: 0.092549904
B54: Donaciones | C54: 1236.6624 | D54: 2133.6668 | E54: 1650.7673 | F54: 0.725343 | G54: -0.22632376
B55: Total Ingresos con Donaciones | C55: 1247292 | D55: 1383236.5 | E55: 1510574.5 | F55: 0.10899171 | G55: 0.092058036
B56: Fuente: Elaborado por la DGPT del Ministerio de Hacienda yEconomía en coordinación con las Instituciones Recaudadoras.
B57: 1/ Estimación en base al total observado Enero-Julio 2026.

Sheet Tabla 29
B1: MINISTERIO DE HACIENDA Y ECONOMÍA
B3: DIRECCIÓN GENERAL DE PRESUPUESTO
B4: DIRECCIÓN DE ESTUDIOS ECONÓMICOS Y SEGUIMIENTO FINANCIERO
C10: Tabla 29. Estimación de Ingresos Fiscales Presupuesto 2027
C11: Por Institución Recaudadora o Perceptora de Ingresos
C12: Millones RD$
C13: Partidas | D13: Recaudado 2025 | E13: Presupuesto Reformulado 20261) | F13: Presupuesto 2027 | G13: Variación Pres. 2027-Pres Ref. 2026 | M13: 2.8930111e+08 | N13: 3.034037e+08
G14: Absoluta | H14: Relativa | M14: 70224702 | N14: 78912571
C15: DGA | D15: 264089.65 | E15: 284174 | F15: 292527.16 | G15: 8353.1579 | H15: 0.029394519
C16: DGII | D16: 913748.78 | E16: 999762.41 | F16: 1117022.8 | G16: 117260.43 | H16: 0.11728829
C17: TN | D17: 34983.037 | E17: 64397.372 | F17: 67322.843 | G17: 2925.4717 | H17: 0.045428434
C18: Total Ingresos | D18: 1212821.5 | E18: 1348333.8 | F18: 1476872.8 | G18: 128539.06 | H18: 0.095331779
C19: Ingresos directosde las Inst. Centralizadas en la CUT | D19: 33233.833 | E19: 32769.001 | F19: 32050.873 | G19: -718.12806 | H19: -0.021914859
C20: Total Ingresos con directos de las inst . en CUT | D20: 1246055.3 | E20: 1381102.8 | F20: 1508923.7 | G20: 127820.93 | H20: 0.092549904
C21: Donaciones | D21: 1236.6624 | E21: 2133.6668 | F21: 1650.7673 | G21: -482.89949 | H21: -0.22632376
C22: Total Ingresos con Donaciones | D22: 1247292 | E22: 1383236.5 | F22: 1510574.5 | G22: 127338.03 | H22: 0.092058036
C23: Fuente: Elaborado por la DGPT del Ministerio de Hacienda y Economía en coordinación con las Instituciones Recaudadoras.
C24: 1/ Estimación en base al total observado Enero-Julio 2026.

Sheet Tabla 30
D2: MINISTERIO DE HACIENDA Y ECONOMÍA
D4: DIRECCIÓN GENERAL DE PRESUPUESTO
D5: DIRECCIÓN DE ESTUDIOS ECONÓMICOS Y SEGUIMIENTO FINANCIERO
D8: Tabla 30. Ingresos Extraordinarios y Adicionales Percibidos en 2026 En Millones RD$
D9: Partidas | E9: Monto | F9: % PIB
D10: I. Extraordinarios | E10: =SUM(E11:E13) -> 7854.7 | F10: =E10/$M$31 -> 0.0009052178
D11: ='[184]ingresos extraordinarios'!B6 -> Ganancias de Capital | E11: 5712.7 | F11: =E11/$M$31 -> 0.00065836222
D12: APA | E12: 701.3 | F12: =E12/$M$31 -> 8.0821577e-05
D13: Otros ingresos | E13: 1440.7 | F13: =E13/$M$31 -> 0.000166034
D14: II. Adicionales | E14: =SUM(E15:E23) -> 36714.3 | F14: =E14/$M$31 -> 0.004231153
D15: ='[184]ingresos ad. recibidos 2023'!B8 -> Fondo Patrimonial de empresas Reformadas (FONPER) | E15: 2500 | F15: =E15/$M$31 -> 0.00028811342
D16: Transferencias del Gobierno Central | E16: 1550.1 | F16: =E16/$M$31 -> 0.00017864185
D17: Transferencias de Instituciones Públicas Descentralizadas o Autónomas | E17: 9807.4 | F17: =E17/$M$31 -> 0.0011302574
D18: Transferencias de Instituciones Públicas de la Seguridad Social | E18: 1035 | F18: =E18/$M$31 -> 0.00011927896
D19: Transferencias de Empresas Públicas No Financieras | E19: 9020 | F19: =E19/$M$31 -> 0.0010395132 | I19: |
D20: Transferencias de Instituciones Públicas Financieras No Monetarias | E20: 3000 | F20: =E20/$M$31 -> 0.00034573611
D21: Fondos Especiales (Leyes núm. 66-97, 451-08 y 60-23) | E21: 492 | F21: =E21/$M$31 -> 5.6700721e-05
D22: Dividendos Punta Catalina | E22: 6027.8 | F22: =E22/$M$31 -> 0.00069467603
D23: Otros ingresos | E23: 3282 | F23: =E23/$M$31 -> 0.0003782353
D24: Total | E24: =E14+E10 -> 44569 | F24: =E24/$M$31 -> 0.0051363708
D25: Recaudaciones directas de las instituciones en la CUT | E25: 23.3 | F25: =E25/$M$31 -> 2.6852171e-06
D27: Total | E27: =+E25+E24+E26 -> 44592.3 | F27: =E27/$M$31 -> 0.005139056
D28: Participación
D29: =+D10 -> I. Extraordinarios | E29: =+E10/E24 -> 0.17623685
D30: =+D14 -> II. Adicionales | E30: =+E14/E24 -> 0.82376315
D31: Fuente: Ministerio de Hacienda, SIGEF, Informes de Ejecución de Ingresos, DGII, DGA, TN. | M31: 8677138.3
D32: Nota: Recaudación en base a lo percibido a julio y proyección de cierre 2026.

Sheet Tabla 31
B2: MINISTERIO DE HACIENDA Y ECONOMÍA
B3: DIRECCIÓN GENERAL DE PRESUPUESTO
B4: DIRECCIÓN DE ESTUDIOS ECONÓMICOS Y SEGUIMIENTO FINANCIERO
B6: Tabla 31. Principales magnitudes del PGE 2027 consolidado
C8: Indicador | D8: PGE 2027
C9: Ingresos consolidados GGN | D9: RD$1,620,001.4 MM
C10: Gasto consolidado GGN | D10: RD$1,944,738.7 MM
C11: Erogaciones consolidadas GGN | D11: RD$2,084,127.4 MM
C12: Gasto de capital GGN | D12: RD$269,561.9 MM
C13: Gasto de capital / PIB | D13: 0.028
C14: Variación gasto de capital vs. PGE inicial 2026 | D14: 0.198
C15: Variación gasto corriente vs. PGE inicial 2026 | D15: 0.122
C16: Crecimiento real proyectado | D16: 0.0475
C17: Inflación promedio | D17: 0.045
C18: Fuente: Sistema Integrado de Gestión Financiera (SIGEF)

Sheet Tabla 32
B2: MINISTERIO DE HACIENDA Y ECONOMÍA
B3: DIRECCIÓN GENERAL DE PRESUPUESTO
B4: DIRECCIÓN DE ESTUDIOS ECONÓMICOS Y SEGUIMIENTO FINANCIERO
B7: Tabla 32. Niveles e instrumentos de articulación entre planificación y Política de Gasto 2027
B9: Nivel | C9: Instrumento | D9: Función dentro de la política de gasto
B10: Marco legal de largo plazo | C10: Estrategia Nacional de Desarrollo 2030 | D10: Define la visión de país y los objetivos estratégicos de desarrollo.
B11: Programación plurianual | C11: PNPSP 2025-2028, actualización 2026 | D11: Organiza políticas priorizadas, resultados, productos, instituciones e inversión pública.
B12: Transformación y coordinación | C12: Meta RD 2036 | D12: Articula actores, identifica obstáculos e iniciativas y orienta la transición hacia un crecimiento más productivo e inclusivo.
B13: Resultados superiores de gobierno | C13: Diez metas priorizadas | D13: Expresan de forma sintética y medible los cambios que se procura producir en la vida de la población.
B14: Asignación y ejecución anual | C14: Presupuesto General del Estado 2027 | D14: Asigna apropiaciones presupuestarias para servicios públicos, inversión, transferencias y capacidades institucionales para avanzar hacia esos resultados.
B15: Gestión y medición | C15: PPoR, programas prioritarios y seguimiento físico-financiero | D15: Conectan recursos, productos y resultados y permiten monitorear el desempeño de la ejecución.
B16: Fuente: elaboración DIGEPRES con base en la END 2030, el PNPSP 2025-2028, el Decreto núm. 337-24 y los documentos de Meta RD 2036.

Sheet Ilustración 1
B3: MINISTERIO DE HACIENDA Y ECONOMÍA
B4: DIRECCIÓN GENERAL DE PRESUPUESTO
B5: DIRECCIÓN DE ESTUDIOS ECONÓMICOS Y SEGUIMIENTO FINANCIERO
B9: Ilustración 1. Arquitectura de articulación entre planificación, presupuesto y resultados del PGE 2027
A12: PLANIFICACIÓN ESTRATÉGICA
C13: Estrategia Nacional de Desarrollo (END) 2030 | I13: orienta y enmarca | L13: Plan Nacional Plurianual del Sector Público (PNPSP) 2025-2028
C15: Visión nacional de desarrollo y marco general de largo plazo | L15: Políticas priorizadas, resultados plurianuales e integración entre planificación, inversión pública y presupuesto
I16: ➤ | R16: articula programación plurianual e inversión pública
B19: ▼ | K19: ▼
B20: enmarca | K20: articula prioridades y programación
A22: ➤ | F22: Meta RD 2036
A24: retroalimentación | F24: Horizonte de desarrollo pleno y duplicación del PIB real; plataforma de coordinación, priorización y ejecución
E28: ▼
E29: se expresa en resultados prioritarios
F31: Diez metas priorizadas del Gobierno
F33: Resultados estratégicos y medibles de bienestar, desarrollo productivo, resiliencia e institucionalidad
E37: ▼
E38: orientan la asignación
R41: <
C43: MARCO MACROFISCAL Y SOSTENIBILIDAD FISCAL | G43: Presupuesto General del Estado (PGE) 2027
C45: Ingresos, regla fiscal, financiamiento, rigideces y disponibilidad de recursos | E45: determina el espacio fiscal | G45: Expresión financiera anual de las prioridades públicas y asignación de recursos
E47: ➤
G48: Capital humano | J48: Capital físico | M48: Productividad | P48: Institucionalidad
J51: ▼
F52: se operacionaliza mediante
D55: PPoR, programas prioritarios, proyectos de inversión y productos institucionales
D57: Traducción operativa de los recursos públicos en bienes, servicios y resultados para la población
C61: Nota: las relaciones representan vínculos funcionales entre los instrumentos, no una jerarquía normativa estricta; el marco macrofiscal condiciona el espacio disponible para la asignación, y la retroalimentación refiere al ciclo de monitoreo y evaluación de resultados.
C63: Fuente: elaboración propia, DIGEPRES – Ministerio de Hacienda y Economía.

Sheet Tabla 33
B2: MINISTERIO DE HACIENDA Y ECONOMÍA
B3: DIRECCIÓN GENERAL DE PRESUPUESTO
B4: DIRECCIÓN DE ESTUDIOS ECONÓMICOS Y SEGUIMIENTO FINANCIERO
B7: Tabla 33. Objetivos centrales de Meta RD 2036: metas de mediano y largo plazo
B9: Objetivos | C9: Meta 2028 | D9: Meta 2036
B10: PIB per cápita | C10: US$13.8 mil | D10: US$22.9 mil
B11: Esperanza de vida al nacer | C11: 77 años | D11: 81 años
B12: Años efectivos de aprendizaje | C12: 7.5 | D12: 9 o más
B13: Pobreza multidimensional rural | C13: 0.15 | D13: Menos de 10%
B14: Población en clase media | C14: 0.5 | D14: 0.6
B15: Déficit habitacional | C15: 0.14 | D15: 0.08
B16: Formalidad del empleo | C16: 0.5 | D16: 0.6
B17: Tasa de homicidios | C17: 9 por cada 100,000 habitantes* | D17: Menos de 7 por cada 100,000 habitantes*
B18: Muertes por accidentes de tránsito | C18: Menos de 20 por cada 100,000 habitantes | D18: 10 por cada 100,000 habitantes
B19: Hogares con alta vulnerabilidad climática | C19: 0.15 | D19: Menos de 10%
B20: Índice de efectividad del Gobierno | C20: 61 | D20: Más de 70
B21: Fuente: Meta RD 2036, “Hacia una República Dominicana plenamente desarrollada”.

Sheet Tabla 34
A2: MINISTERIO DE HACIENDA Y ECONOMÍA
A3: DIRECCIÓN GENERAL DE PRESUPUESTO
A4: DIRECCIÓN DE ESTUDIOS ECONÓMICOS Y SEGUIMIENTO FINANCIERO
B7: Tabla 34. Agregación causal de las diez metas priorizadas y sus principales canales presupuestarios
B9: Dimensión estratégica | C9: Metas priorizadas | D9: Principales canales presupuestarios
B10: Plataforma básica de bienestar y habitabilidad | C10: 1. Esperanza de vida; | D10: Salud, prevención, seguridad, justicia, vivienda, agua, saneamiento, energía y movilidad.
C11: 2. Seguridad y libertad;
C12: 3. Vivienda y servicios básicos
B13: Movilidad social y transformación productiva | C13: 4. Clase media; | D13: Protección social, inversión, productividad, MIPYMES, empleo, formación y desarrollo productivo.
C14: 5. PIB per cápita;
C15: 6. Empleo formal
B16: Capacidades y cohesión territorial | C16: 7. Aprendizaje efectivo; | D16: Educación, formación técnica, agricultura, riego, conectividad, servicios básicos y políticas territoriales.
C17: 8. Pobreza multidimensional rural
B18: Resiliencia y capacidad estatal | C18: 9. Vulnerabilidad climática; | D18: Adaptación, gestión de riesgos, ambiente, ordenamiento territorial, digitalización, coordinación, seguimiento y transparencia.
C19: 10. Efectividad del Gobierno
B20: Fuente: Meta RD 2036, “Hacia una República Dominicana plenamente desarrollada” y DIGEPRES.

Sheet Tabla 35
A2: MINISTERIO DE HACIENDA Y ECONOMÍA
A3: DIRECCIÓN GENERAL DE PRESUPUESTO
A4: DIRECCIÓN DE ESTUDIOS ECONÓMICOS Y SEGUIMIENTO FINANCIERO
A8: Tabla 35. Vinculación agregada de las diez metas priorizadas con la clasificación funcional del gasto, PGE 2027
B10: Meta priorizada | C10: Referencia funcional predominante | D10: Monto 2027 (RD$ MM)
B11: 1. Salud y mayor esperanza de vida | C11: 4 - SERVICIOS SOCIALES | 4.2 - Salud | D11: 162477.5
B12: 2. Seguridad y libertad de movilidad | C12: 1 - SERVICIOS GENERALES | 1.4 - Justicia, orden público y seguridad; 1.3 - Defensa nacional | D12: 100,685.2 + 56,831.9
B13: 3. Vivienda digna y servicios básicos | C13: 4 - SERVICIOS SOCIALES | 4.1 - Vivienda y servicios comunitarios | D13: 38258.6
B14: 4. Clase media robusta | C14: Vinculación multidimensional: 4.5 - Protección social; 2.1 - Asuntos económicos, comerciales y laborales; 4.4 - Educación; 4.1 - Vivienda y servicios comunitarios; y 2 - Servicios Económicos | D14: No aplica una sola función
B15: 5. Crecimiento económico y productividad | C15: 2 - SERVICIOS ECONÓMICOS | D15: 327083.9
B16: 6. Formalidad laboral | C16: 2 - SERVICIOS ECONÓMICOS | 2.1 - Asuntos económicos, comerciales y laborales | D16: 42726.6
B17: 7. Educación de calidad | C17: 4 - SERVICIOS SOCIALES | 4.4 - Educación | D17: 364399.5
B18: 8. Bienestar multidimensional rural | C18: 2 - SERVICIOS ECONÓMICOS | 2.2 - Agropecuaria, caza, pesca y silvicultura; 2.3 - Riego | D18: 21,280.5 + 7,881.5
B19: 9. Resiliencia climática | C19: 3 - PROTECCIÓN DEL MEDIO AMBIENTE (complementada por 2.3 - Riego y otras funciones con incidencia en resiliencia) | D19: 20922.8
B20: 10. Gobierno efectivo | C20: 1 - SERVICIOS GENERALES | D20: 293732.2
B21: Nota: La vinculación es indicativa y corresponde a la finalidad o función presupuestaria de referencia predominante. Algunas funciones contribuyen simultáneamente a más de una meta y determinadas metas, por su carácter multidimensional, no admiten una imputación funcional exclusiva. Fuente: Sistema Integrado de Gestión Financiera (SIGEF) y Ministerio de la Presidencia.

Sheet Ilustración 2
A2: MINISTERIO DE HACIENDA Y ECONOMÍA
A3: DIRECCIÓN GENERAL DE PRESUPUESTO
A4: DIRECCIÓN DE ESTUDIOS ECONÓMICOS Y SEGUIMIENTO FINANCIERO
G5: Ilustración 2. Vinculación agregada del Proyecto de PGE 2027 con la END 2030

Sheet Ilustración 3
A2: MINISTERIO DE HACIENDA Y ECONOMÍA
A3: DIRECCIÓN GENERAL DE PRESUPUESTO
A4: DIRECCIÓN DE ESTUDIOS ECONÓMICOS Y SEGUIMIENTO FINANCIERO
B7: Ilustración 3. Vinculación específica del Proyecto de Ley de PGE 2027 con los objetivos generales de la END 2030
B25: Fuente: Sistema de Información de la Gestión Financiera (SIGEF)

Sheet Tabla 36
B2: MINISTERIO DE HACIENDA Y ECONOMÍA
B3: DIRECCIÓN GENERAL DE PRESUPUESTO
B4: DIRECCIÓN DE ESTUDIOS ECONÓMICOS Y SEGUIMIENTO FINANCIERO
B6: Tabla 36. Programas prioritarios con financiamiento protegido 2027
B7: Valores en millones RD$
B8: No. | C8: Programa protegido / Prioritario | D8: Presupuesto 2026 | E8: Presupuesto 2027 | F8: Variación | G8: Estructura Protegida 2027
B9: 1 | C9: Atención Primaria | D9: 12152397949 | E9: 12094055286 | F9: =+E9-D9 -> -58342663 | G9: Sin cambios
B10: 2 | C10: Desarrollo Rural Sostenible | D10: 64665495 | E10: 215620660 | F10: =+E10-D10 -> 150955165 | G10: Con modificaciones
B11: 3 | C11: Reducción integral de violencia de género e intrafamiliar | D11: 448985800 | E11: 437676283 | F11: =+E11-D11 -> -11309517 | G11: Con modificaciones
D12: 782739385 | E12: 658509608 | F12: =+E12-D12 -> -124229777
B13: 4 | C13: Formación para empleabilidad | D13: 2719788785 | E13: 4550008752 | F13: =+E13-D13 -> 1830219967 | G13: Sin cambios
D14: 13076523268 | E14: 14709938860 | F14: =+E14-D14 -> 1633415592
D15: 5800001363 | E15: 6420271422 | F15: =+E15-D15 -> 620270059
B16: 5 | C16: Planificación Orientada a Resultados | D16: 34100000 | E16: 212500833 | F16: =+E16-D16 -> 178400833 | G16: Sin cambios
D17: 37458560 | E17: 36709972 | F17: =+E17-D17 -> -748588
B18: 6 | C18: Programa oportunidad 14-24 | D18: 830917381 | E18: 830589205 | F18: =+E18-D18 -> -328176 | G18: Sin cambios
B19: 7 | C19: Política de cuidados | D19: 112471764 | E19: 112471764 | F19: =E19-D19 -> 0 | G19: Con modificaciones
E20: 30000000 | F20: =E20-D20 -> 30000000
B21: 8 | C21: Sostenibilidad ambiental | D21: 943118492 | E21: 682436527 | F21: =+E21-D21 -> -260681965 | G21: Sin cambios
B22: Total Prioritarios | D22: =SUM(D9:D21) -> 37003168242 | E22: =SUM(E9:E21) -> 40990789172 | F22: =SUM(F9:F21) -> 3987620930
B23: Notas: En Política de Cuidados se reducen RD$200.0 millones del monto de CONAPE. Esto a fines de evitar solapamiento de las cifras, dado que este Capítulo o institución ya está considerada de forma integral en los PoR.
B24: Fuente: Elaborado por la Dirección de Desarrollo y Planificación Sectorial, basada en el presupuesto inicial de los programas prioritarios para el 2026 y las Proyecciones presupuestarias remitidas por las UEs.

Sheet Tabla 37
B3: MINISTERIO DE HACIENDA Y ECONOMÍA
B4: DIRECCIÓN GENERAL DE PRESUPUESTO
B5: DIRECCIÓN DE ESTUDIOS ECONÓMICOS Y SEGUIMIENTO FINANCIERO
B7: Tabla 37. Programas prioritarios desagregados por productos 2027
B8: Valores en millones RD$
B11: Programa | C11: Estructura programática | D11: Producto | E11: Presupuesto 2027 (RD$)
B12: Atención Primaria | C12: 5180.01.0001.11 | D12: Acceso a servicios de salud en establecimientos de primer nivel por región | E12: 12094055286
B13: Formación para la empleabilidad | C13: 0206.01.0001.14.04 | D13: Adolescentes reciben servicio educativo en el segundo ciclo de educación secundaria - Modalidad Técnica Profesional | E13: 14085033127
B14: Formación para la empleabilidad | C14: 0206.01.0001.14.05 | D14: Adolescentes reciben servicio educativo en el segundo ciclo de educación secundaria - Modalidad Artes | E14: 592552367
B15: Formación para la empleabilidad | C15: 0206.01.0001.14.06 | D15: Estudiantes de sexto grado de ETP reciben formación en módulos de centros de trabajo y las pasantías | E15: 19041366
B16: Formación para la empleabilidad | C16: 0206.01.0001.14.07 | D16: Estudiantes de sexto grado de la modalidad Artes reciben práctica de pasantías en espacios laborales vinculados a su área artística | E16: 13312000
B17: Formación para la empleabilidad | C17: 0219.01.0001.11.03 | D17: Ciudadanos acceden a programas de becas Internacionales de postgrado. | E17: 1236328114
B18: Formación para la empleabilidad | C18: 0219.01.0001.11.05 | D18: Ciudadanos acceden a programas de becas nacionales técnico superior de grado y postgrado | E18: 2730124983
B19: Formación para la empleabilidad | C19: 0219.01.0001.11.06 | D19: Ciudadanos acceden a Programas de Lenguas Extranjeras | E19: 583555655
B20: Formación para la empleabilidad | C20: 5155.01.0001.11.02 | D20: Asesoría y asistencia técnica a las empresas para la mejora de la productividad | E20: 726500000
B21: Formación para la empleabilidad | C21: 5155.01.0001.11.03 | D21: Capacitación a población joven y adulta para el trabajo productivo | E21: 5693771422
B22: Reducción de violencia de género | C22: 0215.0001.13.01 | D22: Acciones Comunes P13 | E22: 32877111
B23: Reducción de violencia de género | C23: 0215.0001.13.07 | D23: Mujeres en situación de violencia de género e intrafamiliar acceden a atención integral a través del Sistema de Protección a los Derechos de las Mujeres. | E23: 404799172
... B40: Política de Cuidados | C40: 5176.01.0001.11.09 | D40: Personas con discapacidad en situación de dependencia reciben asistencia de apoyo y cuidados | E40: 30000000
B41: Notas: En Política de Cuidados se reducen RD$200.0 millones del monto de CONAPE. Esto a fines de evitar solapamiento de las cifras, dado que este Capítulo o institución ya está considerada de forma integral en los PoR.
B42: Fuente: Elaborado por la Dirección de Desarrollo y Planificación Sectorial, con datos de SIGEF.

Sheet Tabla 38
D3: MINISTERIO DE HACIENDA Y ECONOMÍA
D4: DIRECCIÓN GENERAL DE PRESUPUESTO
D5: DIRECCIÓN DE ESTUDIOS ECONÓMICOS Y SEGUIMIENTO FINANCIERO
D10: Tabla 38. Programas presupuestarios orientados a resultados 2027
D11: Valores en millones RD$
D13: No. | E13: DETALLE | F13: CAPÍTULO EJECUTOR | G13: MONTO
D14: 1 | E14: Detección temprana del déficit auditivo en niños menores de 5 años | F14: 5180 - DIRECCIÓN CENTRAL DEL SERVICIO NACIONAL DE SALUD | G14: 100000000
D15: 2 | E15: Desarrollo integral y protección al adulto mayor | F15: 0201 - PRESIDENCIA DE LA REPÚBLICA | G15: 2189003027
D16: 3 | E16: Prevención y control de enfermedades bovinas | F16: 0210 - MINISTERIO DE AGRICULTURA | G16: 48859279
D17: 4 | E17: Fomento y desarrollo de la productividad de los sistemas de producción de leche bovina | F17: 0210 - MINISTERIO DE AGRICULTURA | G17: 22966417
D18: 5 | E18: Aumento del empleo | F18: 0209 - MINISTERIO DE TRABAJO | G18: 1043972450
D19: 6 | E19: Desarrollo infantil para niños y niñas de 0 a 5 años | F19: 5188 - INSTITUTO NACIONAL DE ATENCIÓN INTEGRAL A LA PRIMERA INFANCIA (INAIPI) | G19: 14069241994
D20: 7 | E20: Salud materno neonatal | F20: 5180 - DIRECCIÓN CENTRAL DEL SERVICIO NACIONAL DE SALUD | G20: 3104875355
D21: 8 | E21: Prevención y Atención de la Tuberculosis | F21: 0201 - PRESIDENCIA DE LA REPÚBLICA | G21: 536409693
F22: 0207 - MINISTERIO DE SALUD PÚBLICA Y ASISTENCIA SOCIAL
F23: 5180 - DIRECCIÓN CENTRAL DEL SERVICIO NACIONAL DE SALUD
D24: 9 | E24: Prevención, Diagnóstico y Tratamiento VIH/SIDA | F24: 5180 - DIRECCIÓN CENTRAL DEL SERVICIO NACIONAL DE SALUD | G24: 2064456204
F25: 0207 - MINISTERIO DE SALUD PÚBLICA Y ASISTENCIA SOCIAL
D26: 10 | E26: Detección Oportuna y Atención al Cáncer | F26: 0207 - MINISTERIO DE SALUD PÚBLICA Y ASISTENCIA SOCIAL | G26: 427203339
F27: 5180 - DIRECCIÓN CENTRAL DEL SERVICIO NACIONAL DE SALUD
D28: 11 | E28: Prevención y atención del embarazo adolescente y las uniones tempranas | F28: 0207 - MINISTERIO DE SALUD PÚBLICA Y ASISTENCIA SOCIAL | G28: 358820000
F29: 0201 - PRESIDENCIA DE LA REPÚBLICA
F30: 0215 - MINISTERIO DE LA MUJER
F31: 5180 - DIRECCION CENTRAL DEL SERVICIO NACIONAL DE SALUD
F32: 5151 - CONSEJO NACIONAL PARA LA NIÑEZ Y LA ADOLESCENCIA
D33: 12 | E33: Alfabetización de estudiantes del primer ciclo del nivel primario | F33: 0206 - MINISTERIO DE EDUCACIÓN | G33: 1920707616
D34: 13 | E34: Salud escolar | F34: 0207 - MINISTERIO DE SALUD PÚBLICA Y ASISTENCIA SOCIAL | G34: 855305535
F35: 0206 - MINISTERIO DE EDUCACIÓN
F36: 5180 - DIRECCIÓN CENTRAL DEL SERVICIO NACIONAL DE SALUD
D37: 14 | E37: Reducción de Crímenes y Delitos que afectan a la Seguridad Ciudadana | F37: 0202 - MINISTERIO DE INTERIOR Y POLICÍA | G37: 1708000000
D38: Total General | G38: =SUM(G14:G37) -> 28449820909
D42: Notas: 1.Se modificaron las instituciones que componen los programas, por esto no son comparables internanualmente.
D43: 2. De los Programas Prioritarios, en Política de Cuidados se reducen RD$200.0 millones del monto de CONAPE. Esto a fines de evitar solapamiento de las cifras, dado que este Capítulo o institución ya está considerada de forma integral en los PoR.
D44: Fuentes:
D45: 1.Plan Nacional Plurianual del Sector Público (PNPSP) 2025-2028
D46: 2. Sistema de Gestión Financiera (SIGEF)

Sheet Tabla 39
D2: MINISTERIO DE HACIENDA Y ECONOMÍA
D3: DIRECCIÓN GENERAL DE PRESUPUESTO
D4: DIRECCIÓN DE ESTUDIOS ECONÓMICOS Y SEGUIMIENTO FINANCIERO
D6: Tabla 39. Gastos del Gobierno Central por Clasificación Económica 2025-2027 Valores en millones RD$ y %
M7: PIB Nominal de formulación 2026 | N7: 8659730000000
D8: DETALLE | E8: EJECUCIÓN 2025 | F8: PRESUPUESTO APROBADO 2026 (Ley núm. 99-25 ) | G8: PROYECTO DE LEY PGE 2027 | H8: VARIACIÓN 2027/2026 | J8: Gasto como % del PIB | M8: PIB Nominal de formulación 2027 | N8: 9.5946042e+12
H10: ABS. | I10: REL. | J10: 2026 | K10: 2027
E11: 1 | F11: 2 | G11: 3 | H11: 4 = 3-2 | I11: 5 = 4/2 | J11: 6 = 2/PIB | K11: 7 = 3/PIB | N11: 1000000
D12: 2.1 - Gastos corrientes | E12: =+E13+E19+E20+E21+E22+E27 -> 1.3138273e+12 | F12: =+F13+F19+F20+F21+F22+F27 -> 1407548685832 | G12: =+G13+G19+G20+G21+G22+G27 -> 1580092250634 | H12: =G12-F12 -> 172543564802 | I12: =IFERROR(G12/F12-1,"0.0%") -> 0.12258444 | J12: =F12/$N$7 -> 0.16253956 | K12: =G12/$N$8 -> 0.16468551 | N12: =N11*1000000 -> 1000000000000
D13: 2.1.2 - Gastos de consumo | E13: =+E14+E15+E16+E17+E18 -> 5.145083e+11 | F13: =+F14+F15+F16+F17+F18 -> 542875526448 | G13: =+G14+G15+G16+G17+G18 -> 591016293388 | H13: =G13-F13 -> 48140766940 | I13: =IFERROR(G13/F13-1,"0.0%") -> 0.088677357 | J13: =F13/$N$7 -> 0.06268966 | K13: =G13/$N$8 -> 0.06159882
D14: 2.1.2.1 - Remuneraciones | E14: 3.6096129e+11 | F14: 376964195659 | G14: 408318101850 | H14: =G14-F14 -> 31353906191 | I14: =IFERROR(G14/F14-1,"0.0%") -> 0.083174759 | J14: =F14/$N$7 -> 0.04353071 | K14: =G14/$N$8 -> 0.042557055 | N14: 7411233.8
D15: 2.1.2.2 - Bienes y servicios | E15: 1.5315676e+11 | F15: 161794237426 | G15: 178532535399 | H15: =G15-F15 -> 16738297973 | I15: =IFERROR(G15/F15-1,"0.0%") -> 0.10345423 | J15: =F15/$N$7 -> 0.01868352 | K15: =G15/$N$8 -> 0.018607598 | N15: =N14*1000000 -> 7411233800000
D16: 2.1.2.4 - Impuestos sobre los productos, la producción y las importaciones de las empresas | E16: 3.9025387e+08 | F16: 315596345 | G16: 369159121 | H16: =G16-F16 -> 53562776 | I16: =IFERROR(G16/F16-1,"0.0%") -> 0.16971925 | J16: =F16/$N$7 -> 3.6444132e-05 | K16: =G16/$N$8 -> 3.8475701e-05
D17: 2.1.2.7 - 5 % que se asigna durante el ejercicio para gasto corriente | E17: 0 | F17: 3385145672 | G17: 3380145672 | H17: =G17-F17 -> -5000000 | I17: =IFERROR(G17/F17-1,"0.0%") -> -0.0014770413 | J17: =F17/$N$7 -> 0.00039090661 | K17: =G17/$N$8 -> 0.00035229652
D18: 2.1.2.8 - 1 % que se asigna durante el ejercicio para gasto corriente por calamidad publica | E18: 0 | F18: 416351346 | G18: 416351346 | H18: =G18-F18 -> 0 | I18: =IFERROR(G18/F18-1,"0.0%") -> 0 | J18: =F18/$N$7 -> 4.8079022e-05 | K18: =G18/$N$8 -> 4.3394322e-05
D19: 2.1.3 - Prestaciones de la seguridad social | E19: 8.7383514e+10 | F19: 101897864549 | G19: 114252589452 | H19: =G19-F19 -> 12354724903 | I19: =IFERROR(G19/F19-1,"0.0%") -> 0.12124616 | J19: =F19/$N$7 -> 0.011766864 | K19: =G19/$N$8 -> 0.011908004
D20: 2.1.4 - Intereses de la deuda | E20: 2.7558993e+11 | F20: 324257115564 | G20: 351327056267 | H20: =G20-F20 -> 27069940703 | I20: =IFERROR(G20/F20-1,"0.0%") -> 0.08348295 | J20: =F20/$N$7 -> 0.037444252 | K20: =G20/$N$8 -> 0.03661715
D21: 2.1.5 - Subvenciones otorgadas a empresas | E21: 1.4865666e+10 | F21: 13786016885 | G21: 33153259240 | H21: =G21-F21 -> 19367242355 | I21: =IFERROR(G21/F21-1,"0.0%") -> 1.4048468 | J21: =F21/$N$7 -> 0.0015919684 | K21: =G21/$N$8 -> 0.0034554067
D22: 2.1.6 - Transferencias corrientes | E22: =+E23+E24+E25+E26 -> 4.1891623e+11 | F22: =+F23+F24+F25+F26 -> 424672198458 | G22: =+G23+G24+G25+G26 -> 490126573894 | H22: =G22-F22 -> 65454375436 | I22: =IFERROR(G22/F22-1,"0.0%") -> 0.15412917 | J22: =F22/$N$7 -> 0.049039889 | K22: =G22/$N$8 -> 0.051083564
